Workbook
Name Average: 'Data for Rough Cost'!$D$111:$D$122
Name Average1: 'Data for Rough Cost'!$DK$2:$DK$5
Name Average10: 'Data for Rough Cost'!$DT$2:$DT$5
Name Average11: 'Data for Rough Cost'!$DU$2:$DU$3
Name Average12: 'Data for Rough Cost'!$DV$2:$DV$3
Name Average2: 'Data for Rough Cost'!$DL$2:$DL$5
Name Average3: 'Data for Rough Cost'!$DM$2:$DM$5
Name Average4: 'Data for Rough Cost'!$DN$2:$DN$5
Name Average5: 'Data for Rough Cost'!$DO$2:$DO$5
Name Average6: 'Data for Rough Cost'!$DP$2:$DP$5
Name Average7: 'Data for Rough Cost'!$DQ$2:$DQ$5
Name Average8: 'Data for Rough Cost'!$DR$2:$DR$5
Name Average9: 'Data for Rough Cost'!$DS$2:$DS$5
Name Categories: 'Data for Rough Cost'!$A$2:$A$3
Name Commercial: 'Data for Rough Cost'!$B$2
Name Custom: 'Data for Rough Cost'!$D$123:$D$132
Name Custom1: 'Data for Rough Cost'!$DW$2:$DW$5
Name Custom10: 'Data for Rough Cost'!$EF$2:$EF$5
Name Custom2: 'Data for Rough Cost'!$DX$2:$DX$5
Name Custom3: 'Data for Rough Cost'!$DY$2:$DY$5
Name Custom4: 'Data for Rough Cost'!$DZ$2:$DZ$5
Name Custom5: 'Data for Rough Cost'!$EA$2:$EA$5
Name Custom6: 'Data for Rough Cost'!$EB$2:$EB$5
Name Custom7: 'Data for Rough Cost'!$EC$2:$EC$5
Name Custom8: 'Data for Rough Cost'!$ED$2:$ED$5
Name Custom9: 'Data for Rough Cost'!$EE$2:$EE$5
Name Default: 'Data for Rough Cost'!$D$2:$D$102
Name Default1: 'Data for Rough Cost'!$F$2:$F$7
Name Default10: 'Data for Rough Cost'!$O$2:$O$7
Name Default100: 'Data for Rough Cost'!$DA$2:$DA$7
Name Default101: 'Data for Rough Cost'!$DB$2:$DB$7
Name Default11: 'Data for Rough Cost'!$P$2:$P$7
Name Default12: 'Data for Rough Cost'!$Q$2:$Q$7
Name Default13: 'Data for Rough Cost'!$R$2:$R$7
Name Default14: 'Data for Rough Cost'!$S$2:$S$7
Name Default15: 'Data for Rough Cost'!$T$2:$T$7
Name Default16: 'Data for Rough Cost'!$U$2:$U$7
Name Default17: 'Data for Rough Cost'!$V$2:$V$7
Name Default18: 'Data for Rough Cost'!$W$2:$W$7
Name Default19: 'Data for Rough Cost'!$X$2:$X$7
Name Default2: 'Data for Rough Cost'!$G$2:$G$7
Name Default20: 'Data for Rough Cost'!$Y$2:$Y$7
Name Default21: 'Data for Rough Cost'!$Z$2:$Z$7
Name Default22: 'Data for Rough Cost'!$AA$2:$AA$7
Name Default23: 'Data for Rough Cost'!$AB$2:$AB$7
Name Default24: 'Data for Rough Cost'!$AC$2:$AC$7
Name Default25: 'Data for Rough Cost'!$AD$2:$AD$7
Name Default26: 'Data for Rough Cost'!$AE$2:$AE$7
Name Default27: 'Data for Rough Cost'!$AF$2:$AF$7
Name Default28: 'Data for Rough Cost'!$AG$2:$AG$7
Name Default29: 'Data for Rough Cost'!$AH$2:$AH$7
Name Default3: 'Data for Rough Cost'!$H$2:$H$7
Name Default30: 'Data for Rough Cost'!$AI$2:$AI$7
Name Default31: 'Data for Rough Cost'!$AJ$2:$AJ$7
Name Default32: 'Data for Rough Cost'!$AK$2:$AK$7
Name Default33: 'Data for Rough Cost'!$AL$2:$AL$7
Name Default34: 'Data for Rough Cost'!$AM$2:$AM$7
Name Default35: 'Data for Rough Cost'!$AN$2:$AN$7
Name Default36: 'Data for Rough Cost'!$AO$2:$AO$7
Name Default37: 'Data for Rough Cost'!$AP$2:$AP$7

Sheet Dashboard
A1: Project Dashboard
A37: Contentration of Sub-Contractor Cost

Sheet Data for Dashboard
A3: Pie Chart:
B4: Type | C4: Amount
B5: Material | C5: ='COST SUMMARY'!#REF! -> #REF! | D5: =C5/$C$11 -> #REF!
B6: Labor | C6: ='COST SUMMARY'!#REF! -> #REF! | D6: =C6/$C$11 -> #REF! | E6: Type | F6: Percentage
B7: Material Tax | C7: ='COST SUMMARY'!#REF! -> #REF! | D7: =C7/$C$11 -> #REF! | E7: Material Tax | F7: =C7/C5 -> #REF!
B8: Overhead & Profit (Material) | C8: ='COST SUMMARY'!#REF! -> #REF! | D8: =C8/$C$11 -> #REF! | E8: Overhead & Profit (Material) | F8: =C8/C5 -> #REF!
B9: Overhead & Profit (Labor) | C9: ='COST SUMMARY'!#REF! -> #REF! | D9: =C9/$C$11 -> #REF! | E9: Overhead & Profit (Labor) | F9: =C9/C6 -> #REF!
B10: Bond Fee | C10: ='COST SUMMARY'!#REF! -> #REF! | D10: =C10/$C$11 -> #REF! | E10: Bond Fee | F10: =C10/SUM(C4:C9) -> #REF!
C11: =SUM(C5:C10) -> #REF! | E11: OH & P on subnotes | F11: ='COST SUMMARY'!L23 -> 0

Sheet COST SUMMARY
A1: COST SUMMARY
C4: Date: | D4: ='Norman Bridge Rd '!K4 -> 45985 | K4: Project Type: | L4: ='Norman Bridge Rd '!K7 -> Private (Non-Prevailing wage)
C5: Project: | D5: ='Norman Bridge Rd '!K5 -> Greater Floyd Campus Master Plan | K5: Scope of Work: | L5: Preliminary Cost Estimate
C6: Project Location: | D6: ='Norman Bridge Rd '!K6 -> Montgomery, AL | K6: Total Base Bid: | L6: =SUM(D10:D22) -> 59860409
B9: BASE BID /ALTERNATES/ALLOWANCES | D9: TOTAL COSTS
B10: Norman Bridge Road | D10: ='Norman Bridge Rd '!E9 -> 747370.83
B11: Augusta Avenue | D11: ='Augusta Ave '!E9 -> 283495.88
B12: Floyd Elementary School | D12: ='Floyd Elementry School'!E9 -> 2164890.1
B13: Educational Building #1 | D13: ='Building #1-Educational'!E9 -> 1751572.9
B14: Educational Building #2 | D14: ='Building #2-Educational'!E9 -> 1248248.1
B15: Floyd Community Center | D15: ='Floyd Community Center '!E9 -> 5570401.9
B16: Mixed Use Development | D16: ='Mixed Use Development '!E9 -> 12010490
B17: Multifamily Apartments | D17: ='Multi-Family Apartment'!E9 -> 14460512
B18: Open Pavillion | D18: ='Open Pavilion '!E9 -> 407631.64
B19: Large Pavillion | D19: ='Large Pavilion'!E9 -> 1689960.5
B20: Restroom Block | D20: ='Restroom Block '!E9 -> 59654.67
B21: Concessions Stand Press Box | D21: ='Concessions Stand Press Box'!E9 -> 222415.53
B22: Site Development | D22: =Sitework!E9 -> 19243765
B23: Hourly Rates Tab

Sheet Norman Bridge Rd 
A1: ITEM # | B1: REF. SHEET | C1: DETAIL | D1: CSI SECT | E1: Sub Contractor | F1: DESCRIPTION | G1: QTY. | H1: WASTAGE | I1: QTY WITH WASTAGE | J1: UNIT | K1: UNIT LABOR HOURS | L1: TOTAL LABOR HOURS | M1: PER HOUR LABOR RATE | N1: TOTAL LABOR COST | O1: UNIT MATERIAL COST | P1: TOTAL MATERIAL COST | Q1: ITEM COST | R1: TRADE COST | S1: UNIT ITEM COST WITH MARKUPS | T1: TOTAL ITEM COST WITH MARKUPS
A2: Estimate of Materials Quantities and Cost of Construction
B3: CLICK HERE TO GO BACK TO COST SUMMARY
D4: Sub-Total | E4: =Q78 -> 589060.75 | J4: Date: | K4: 45985
C5: Material Sales Tax | D5: 0.09146 | E5: =P78*D5 -> 0 | F5: (Adjust the percentage for Material tax as required) | J5: Project: | K5: Greater Floyd Campus Master Plan
C6: Overhead & Profit / Inflation (Material) | D6: 0.3 | E6: =P78*D6 -> 0 | F6: (Adjust the percentage for Overhead & Profit as required) | J6: Project Location: | K6: Montgomery, AL
C7: Overhead & Profit (Labor) | D7: 0.25 | E7: =N78*D7 -> 147265.19 | F7: (Adjust the percentage for Overhead & Profit as required) | J7: Project and Wage Type: | K7: Private (Non-Prevailing wage)
C8: Bond Fee | D8: 0.015 | E8: =(E4+E5+E6+E7)*D8 -> 11044.889 | F8: (Adjust the percentage for Bond Fee as required) | K8: Norman Bridge Road
D9: Total Bid | E9: =E4+E5+E6+E7+E8 -> 747370.83 | J9: Gross Internal Area of Structure (SF)
J10: Covered Area of Structure (SF) | K10: 34880
C11: Material Wastage 1 | D11: 0 | E11: ( for Quantities in Each & LS) | J11: No. of Units
C12: Material Wastage 2 | D12: 0.05 | E12: ( for Quantities in LF, SF, SY, CY, LBS, TONS) | J12: No. of Floors and Overall Height
B13: (Changing the wastage percentage here will update the wastage for whole tab) | J13: Hardscaping Area (SF) | K13: 0
J14: Soft scaping Area (SF) | K14: 0
B15: To change hourly rates for any trade please go to "Hourly Rates" Tab
A17: ITEM # | B17: REF. SHEET | C17: DETAIL | D17: CSI SECT | E17: Sub Contractor | F17: DESCRIPTION | G17: QTY. | H17: WASTAGE | I17: QTY WITH WASTAGE | J17: UNIT | K17: UNIT LABOR HOURS | L17: TOTAL LABOR HOURS | M17: PER HOUR LABOR RATE | N17: TOTAL LABOR COST | O17: UNIT MATERIAL COST | P17: TOTAL MATERIAL COST | Q17: ITEM COST | R17: TRADE COST | S17: UNIT COST WITH MARKUPS | T17: TOTAL COST WITH MARKUPS
D18: DIV-01 | F18: General | R18: =SUM(Q19:Q65) -> 50343.159 | U18: =SUM(Q68:Q77) -> 538717.59
F20: Plan Design And Permitting
A21: =IF(J21<>"",1+MAX($A$18:A20),"") -> 1 | D21: DIV-01 | E21: General Requirements | F21: Architecture (Assumed By Owner) | G21: 1 | H21: =IF(VLOOKUP(J21,'HOURLY RATES'!B$116:C$124,2,0)=0,$J$3,VLOOKUP(J21,'HOURLY RATES'!B$116:C$124,2,0)) -> 0 | I21: =(G21*(1+H21)) -> 1 | J21: LS | L21: =K21*I21 -> 0 | M21: =IF(VLOOKUP(E21,'HOURLY RATES'!C$6:D$105,2,0)=0,$E$3,VLOOKUP(E21,'HOURLY RATES'!C$6:D$105,2,0)) -> 55.06 | N21: =M21*L21 -> 0 | Q21: =P21+N21 -> 0 | S21: =((((N21*(1+$D$7))+(P21*(1+$D$5+$D$6)))*(1+$D$8)))/I21 -> 0 | T21: =S21*I21 -> 0
A22: =IF(J22<>"",1+MAX($A$18:A21),"") -> 2 | D22: DIV-01 | E22: General Requirements | F22: Engineering (Assumed By Owner) | G22: 1 | H22: =IF(VLOOKUP(J22,'HOURLY RATES'!B$116:C$124,2,0)=0,$J$3,VLOOKUP(J22,'HOURLY RATES'!B$116:C$124,2,0)) -> 0 | I22: =(G22*(1+H22)) -> 1 | J22: LS | L22: =K22*I22 -> 0 | M22: =IF(VLOOKUP(E22,'HOURLY RATES'!C$6:D$105,2,0)=0,$E$3,VLOOKUP(E22,'HOURLY RATES'!C$6:D$105,2,0)) -> 55.06 | N22: =M22*L22 -> 0 | Q22: =P22+N22 -> 0 | S22: =((((N22*(1+$D$7))+(P22*(1+$D$5+$D$6)))*(1+$D$8)))/I22 -> 0 | T22: =S22*I22 -> 0
A23: =IF(J23<>"",1+MAX($A$18:A22),"") -> 3 | D23: DIV-01 | E23: General Requirements | F23: Surveying | G23: 1 | H23: =IF(VLOOKUP(J23,'HOURLY RATES'!B$116:C$124,2,0)=0,$J$3,VLOOKUP(J23,'HOURLY RATES'!B$116:C$124,2,0)) -> 0 | I23: =(G23*(1+H23)) -> 1 | J23: LS | L23: =K23*I23 -> 0 | M23: =IF(VLOOKUP(E23,'HOURLY RATES'!C$6:D$105,2,0)=0,$E$3,VLOOKUP(E23,'HOURLY RATES'!C$6:D$105,2,0)) -> 55.06 | N23: =M23*L23 -> 0 | Q23: =P23+N23 -> 0 | S23: =((((N23*(1+$D$7))+(P23*(1+$D$5+$D$6)))*(1+$D$8)))/I23 -> 0 | T23: =S23*I23 -> 0
A24: =IF(J24<>"",1+MAX($A$18:A23),"") -> 4 | D24: DIV-01 | E24: General Requirements | F24: Soils Report (Assumed By Owner) | G24: 1 | H24: =IF(VLOOKUP(J24,'HOURLY RATES'!B$116:C$124,2,0)=0,$J$3,VLOOKUP(J24,'HOURLY RATES'!B$116:C$124,2,0)) -> 0 | I24: =(G24*(1+H24)) -> 1 | J24: LS | L24: =K24*I24 -> 0 | M24: =IF(VLOOKUP(E24,'HOURLY RATES'!C$6:D$105,2,0)=0,$E$3,VLOOKUP(E24,'HOURLY RATES'!C$6:D$105,2,0)) -> 55.06 | N24: =M24*L24 -> 0 | Q24: =P24+N24 -> 0 | S24: =((((N24*(1+$D$7))+(P24*(1+$D$5+$D$6)))*(1+$D$8)))/I24 -> 0 | T24: =S24*I24 -> 0
A25: =IF(J25<>"",1+MAX($A$18:A24),"") -> 5 | D25: DIV-01 | E25: General Requirements | F25: Geological Report (Assumed By Owner) | G25: 1 | H25: =IF(VLOOKUP(J25,'HOURLY RATES'!B$116:C$124,2,0)=0,$J$3,VLOOKUP(J25,'HOURLY RATES'!B$116:C$124,2,0)) -> 0 | I25: =(G25*(1+H25)) -> 1 | J25: LS | L25: =K25*I25 -> 0 | M25: =IF(VLOOKUP(E25,'HOURLY RATES'!C$6:D$105,2,0)=0,$E$3,VLOOKUP(E25,'HOURLY RATES'!C$6:D$105,2,0)) -> 55.06 | N25: =M25*L25 -> 0 | Q25: =P25+N25 -> 0 | S25: =((((N25*(1+$D$7))+(P25*(1+$D$5+$D$6)))*(1+$D$8)))/I25 -> 0 | T25: =S25*I25 -> 0
A26: =IF(J26<>"",1+MAX($A$18:A25),"") -> 6 | D26: DIV-01 | E26: General Requirements | F26: Concrete Testing | G26: 1 | H26: =IF(VLOOKUP(J26,'HOURLY RATES'!B$116:C$124,2,0)=0,$J$3,VLOOKUP(J26,'HOURLY RATES'!B$116:C$124,2,0)) -> 0 | I26: =(G26*(1+H26)) -> 1 | J26: LS | L26: =K26*I26 -> 0 | M26: =IF(VLOOKUP(E26,'HOURLY RATES'!C$6:D$105,2,0)=0,$E$3,VLOOKUP(E26,'HOURLY RATES'!C$6:D$105,2,0)) -> 55.06 | N26: =M26*L26 -> 0 | Q26: =P26+N26 -> 0 | S26: =((((N26*(1+$D$7))+(P26*(1+$D$5+$D$6)))*(1+$D$8)))/I26 -> 0 | T26: =S26*I26 -> 0
A27: =IF(J27<>"",1+MAX($A$18:A26),"") -> 7 | D27: DIV-01 | E27: General Requirements | F27: Permit Fee | G27: 1 | H27: =IF(VLOOKUP(J27,'HOURLY RATES'!B$116:C$124,2,0)=0,$J$3,VLOOKUP(J27,'HOURLY RATES'!B$116:C$124,2,0)) -> 0 | I27: =(G27*(1+H27)) -> 1 | J27: LS | K27: =1%*($U$18)/M27 -> 97.841916 | L27: =K27*I27 -> 97.841916 | M27: =IF(VLOOKUP(E27,'HOURLY RATES'!C$6:D$105,2,0)=0,$E$3,VLOOKUP(E27,'HOURLY RATES'!C$6:D$105,2,0)) -> 55.06 | N27: =M27*L27 -> 5387.1759 | Q27: =P27+N27 -> 5387.1759 | S27: =((((N27*(1+$D$7))+(P27*(1+$D$5+$D$6)))*(1+$D$8)))/I27 -> 6834.9795 | T27: =S27*I27 -> 6834.9795
A28: =IF(J28<>"",1+MAX($A$18:A27),"") -> 8 | D28: DIV-01 | E28: General Requirements | F28: Permits (Based On Interior Finish Area) | G28: 1 | H28: =IF(VLOOKUP(J28,'HOURLY RATES'!B$116:C$124,2,0)=0,$J$3,VLOOKUP(J28,'HOURLY RATES'!B$116:C$124,2,0)) -> 0 | I28: =(G28*(1+H28)) -> 1 | J28: LS | L28: =K28*I28 -> 0 | M28: =IF(VLOOKUP(E28,'HOURLY RATES'!C$6:D$105,2,0)=0,$E$3,VLOOKUP(E28,'HOURLY RATES'!C$6:D$105,2,0)) -> 55.06 | N28: =M28*L28 -> 0 | Q28: =P28+N28 -> 0 | S28: =((((N28*(1+$D$7))+(P28*(1+$D$5+$D$6)))*(1+$D$8)))/I28 -> 0 | T28: =S28*I28 -> 0
A29: =IF(J29<>"",1+MAX($A$18:A28),"") -> 9 | D29: DIV-01 | E29: General Requirements | F29: Plan Coordination | G29: 1 | H29: =IF(VLOOKUP(J29,'HOURLY RATES'!B$116:C$124,2,0)=0,$J$3,VLOOKUP(J29,'HOURLY RATES'!B$116:C$124,2,0)) -> 0 | I29: =(G29*(1+H29)) -> 1 | J29: LS | L29: =K29*I29 -> 0 | M29: =IF(VLOOKUP(E29,'HOURLY RATES'!C$6:D$105,2,0)=0,$E$3,VLOOKUP(E29,'HOURLY RATES'!C$6:D$105,2,0)) -> 55.06 | N29: =M29*L29 -> 0 | Q29: =P29+N29 -> 0 | S29: =((((N29*(1+$D$7))+(P29*(1+$D$5+$D$6)))*(1+$D$8)))/I29 -> 0 | T29: =S29*I29 -> 0
A30: =IF(J30<>"",1+MAX($A$18:A29),"") -> 10 | D30: DIV-01 | E30: General Requirements | F30: Roof Inspection | G30: 1 | H30: =IF(VLOOKUP(J30,'HOURLY RATES'!B$116:C$124,2,0)=0,$J$3,VLOOKUP(J30,'HOURLY RATES'!B$116:C$124,2,0)) -> 0 | I30: =(G30*(1+H30)) -> 1 | J30: LS | L30: =K30*I30 -> 0 | M30: =IF(VLOOKUP(E30,'HOURLY RATES'!C$6:D$105,2,0)=0,$E$3,VLOOKUP(E30,'HOURLY RATES'!C$6:D$105,2,0)) -> 55.06 | N30: =M30*L30 -> 0 | Q30: =P30+N30 -> 0 | S30: =((((N30*(1+$D$7))+(P30*(1+$D$5+$D$6)))*(1+$D$8)))/I30 -> 0 | T30: =S30*I30 -> 0
A31: =IF(J31<>"",1+MAX($A$18:A30),"") -> 11 | D31: DIV-01 | E31: General Requirements | F31: Blueprints (?? Pages) | G31: 1 | H31: =IF(VLOOKUP(J31,'HOURLY RATES'!B$116:C$124,2,0)=0,$J$3,VLOOKUP(J31,'HOURLY RATES'!B$116:C$124,2,0)) -> 0 | I31: =(G31*(1+H31)) -> 1 | J31: LS | L31: =K31*I31 -> 0 | M31: =IF(VLOOKUP(E31,'HOURLY RATES'!C$6:D$105,2,0)=0,$E$3,VLOOKUP(E31,'HOURLY RATES'!C$6:D$105,2,0)) -> 55.06 | N31: =M31*L31 -> 0 | Q31: =P31+N31 -> 0 | S31: =((((N31*(1+$D$7))+(P31*(1+$D$5+$D$6)))*(1+$D$8)))/I31 -> 0 | T31: =S31*I31 -> 0
A32: =IF(J32<>"",1+MAX($A$18:A31),"")
A33: =IF(J33<>"",1+MAX($A$18:A32),"") | F33: Utilities
A34: =IF(J34<>"",1+MAX($A$18:A33),"") -> 12 | D34: DIV-01 | E34: General Requirements | F34: Utilities During Construction (Based On Interior Finish Area) | G34: 1 | H34: =IF(VLOOKUP(J34,'HOURLY RATES'!B$116:C$124,2,0)=0,$J$3,VLOOKUP(J34,'HOURLY RATES'!B$116:C$124,2,0)) -> 0 | I34: =(G34*(1+H34)) -> 1 | J34: LS | K34: =0.288%*(U18)/M34 -> 28.178472 | L34: =K34*I34 -> 28.178472 | M34: =IF(VLOOKUP(E34,'HOURLY RATES'!C$6:D$105,2,0)=0,$E$3,VLOOKUP(E34,'HOURLY RATES'!C$6:D$105,2,0)) -> 55.06 | N34: =M34*L34 -> 1551.5067 | Q34: =P34+N34 -> 1551.5067 | S34: =((((N34*(1+$D$7))+(P34*(1+$D$5+$D$6)))*(1+$D$8)))/I34 -> 1968.4741 | T34: =S34*I34 -> 1968.4741
A35: =IF(J35<>"",1+MAX($A$18:A34),"") -> 13 | D35: DIV-01 | E35: General Requirements | F35: Port-O-Potty (Based On Interior Finish Area) | G35: 1 | H35: =IF(VLOOKUP(J35,'HOURLY RATES'!B$116:C$124,2,0)=0,$J$3,VLOOKUP(J35,'HOURLY RATES'!B$116:C$124,2,0)) -> 0 | I35: =(G35*(1+H35)) -> 1 | J35: LS | K35: =0.257%*(U18)/M35 -> 25.145373 | L35: =K35*I35 -> 25.145373 | M35: =IF(VLOOKUP(E35,'HOURLY RATES'!C$6:D$105,2,0)=0,$E$3,VLOOKUP(E35,'HOURLY RATES'!C$6:D$105,2,0)) -> 55.06 | N35: =M35*L35 -> 1384.5042 | Q35: =P35+N35 -> 1384.5042 | S35: =((((N35*(1+$D$7))+(P35*(1+$D$5+$D$6)))*(1+$D$8)))/I35 -> 1756.5897 | T35: =S35*I35 -> 1756.5897
A36: =IF(J36<>"",1+MAX($A$18:A35),"") -> 14 | D36: DIV-01 | E36: General Requirements | F36: Temporary Power (Based On Interior Finish Area) | G36: 1 | H36: =IF(VLOOKUP(J36,'HOURLY RATES'!B$116:C$124,2,0)=0,$J$3,VLOOKUP(J36,'HOURLY RATES'!B$116:C$124,2,0)) -> 0 | I36: =(G36*(1+H36)) -> 1 | J36: LS | K36: =0.65%*(U18)/M36 -> 63.597246 | L36: =K36*I36 -> 63.597246 | M36: =IF(VLOOKUP(E36,'HOURLY RATES'!C$6:D$105,2,0)=0,$E$3,VLOOKUP(E36,'HOURLY RATES'!C$6:D$105,2,0)) -> 55.06 | N36: =M36*L36 -> 3501.6643 | Q36: =P36+N36 -> 3501.6643 | S36: =((((N36*(1+$D$7))+(P36*(1+$D$5+$D$6)))*(1+$D$8)))/I36 -> 4442.7366 | T36: =S36*I36 -> 4442.7366
A37: =IF(J37<>"",1+MAX($A$18:A36),"")
A38: =IF(J38<>"",1+MAX($A$18:A37),"") | F38: Equipment And Tools
A39: =IF(J39<>"",1+MAX($A$18:A38),"") -> 15 | D39: DIV-01 | E39: General Requirements | F39: Tool Rentals | G39: 1 | H39: =IF(VLOOKUP(J39,'HOURLY RATES'!B$116:C$124,2,0)=0,$J$3,VLOOKUP(J39,'HOURLY RATES'!B$116:C$124,2,0)) -> 0 | I39: =(G39*(1+H39)) -> 1 | J39: LS | L39: =K39*I39 -> 0 | M39: =IF(VLOOKUP(E39,'HOURLY RATES'!C$6:D$105,2,0)=0,$E$3,VLOOKUP(E39,'HOURLY RATES'!C$6:D$105,2,0)) -> 55.06 | N39: =M39*L39 -> 0 | Q39: =P39+N39 -> 0 | S39: =((((N39*(1+$D$7))+(P39*(1+$D$5+$D$6)))*(1+$D$8)))/I39 -> 0 | T39: =S39*I39 -> 0
A40: =IF(J40<>"",1+MAX($A$18:A39),"") -> 16 | D40: DIV-01 | E40: General Requirements | F40: Tool Shed | G40: 1 | H40: =IF(VLOOKUP(J40,'HOURLY RATES'!B$116:C$124,2,0)=0,$J$3,VLOOKUP(J40,'HOURLY RATES'!B$116:C$124,2,0)) -> 0 | I40: =(G40*(1+H40)) -> 1 | J40: LS | L40: =K40*I40 -> 0 | M40: =IF(VLOOKUP(E40,'HOURLY RATES'!C$6:D$105,2,0)=0,$E$3,VLOOKUP(E40,'HOURLY RATES'!C$6:D$105,2,0)) -> 55.06 | N40: =M40*L40 -> 0 | Q40: =P40+N40 -> 0 | S40: =((((N40*(1+$D$7))+(P40*(1+$D$5+$D$6)))*(1+$D$8)))/I40 -> 0 | T40: =S40*I40 -> 0
A41: =IF(J41<>"",1+MAX($A$18:A40),"") -> 17 | D41: DIV-01 | E41: General Requirements | F41: Dust Control | G41: 1 | H41: =IF(VLOOKUP(J41,'HOURLY RATES'!B$116:C$124,2,0)=0,$J$3,VLOOKUP(J41,'HOURLY RATES'!B$116:C$124,2,0)) -> 0 | I41: =(G41*(1+H41)) -> 1 | J41: LS | L41: =K41*I41 -> 0 | M41: =IF(VLOOKUP(E41,'HOURLY RATES'!C$6:D$105,2,0)=0,$E$3,VLOOKUP(E41,'HOURLY RATES'!C$6:D$105,2,0)) -> 55.06 | N41: =M41*L41 -> 0 | Q41: =P41+N41 -> 0 | S41: =((((N41*(1+$D$7))+(P41*(1+$D$5+$D$6)))*(1+$D$8)))/I41 -> 0 | T41: =S41*I41 -> 0
A42: =IF(J42<>"",1+MAX($A$18:A41),"") -> 18 | D42: DIV-01 | E42: General Requirements | F42: Ice, Water, Beverages | G42: 1 | H42: =IF(VLOOKUP(J42,'HOURLY RATES'!B$116:C$124,2,0)=0,$J$3,VLOOKUP(J42,'HOURLY RATES'!B$116:C$124,2,0)) -> 0 | I42: =(G42*(1+H42)) -> 1 | J42: LS | L42: =K42*I42 -> 0 | M42: =IF(VLOOKUP(E42,'HOURLY RATES'!C$6:D$105,2,0)=0,$E$3,VLOOKUP(E42,'HOURLY RATES'!C$6:D$105,2,0)) -> 55.06 | N42: =M42*L42 -> 0 | Q42: =P42+N42 -> 0 | S42: =((((N42*(1+$D$7))+(P42*(1+$D$5+$D$6)))*(1+$D$8)))/I42 -> 0 | T42: =S42*I42 -> 0
A43: =IF(J43<>"",1+MAX($A$18:A42),"") -> 19 | D43: DIV-01 | E43: General Requirements | F43: Garbage Dumpster / Trash Containers | G43: 1 | H43: =IF(VLOOKUP(J43,'HOURLY RATES'!B$116:C$124,2,0)=0,$J$3,VLOOKUP(J43,'HOURLY RATES'!B$116:C$124,2,0)) -> 0 | I43: =(G43*(1+H43)) -> 1 | J43: LS | L43: =K43*I43 -> 0 | M43: =IF(VLOOKUP(E43,'HOURLY RATES'!C$6:D$105,2,0)=0,$E$3,VLOOKUP(E43,'HOURLY RATES'!C$6:D$105,2,0)) -> 55.06 | N43: =M43*L43 -> 0 | Q43: =P43+N43 -> 0 | S43: =((((N43*(1+$D$7))+(P43*(1+$D$5+$D$6)))*(1+$D$8)))/I43 -> 0 | T43: =S43*I43 -> 0
A44: =IF(J44<>"",1+MAX($A$18:A43),"") -> 20 | D44: DIV-01 | E44: General Requirements | F44: Mobilization/Demobilization (Temporary Control & Facilities) | G44: 1 | H44: =IF(VLOOKUP(J44,'HOURLY RATES'!B$116:C$124,2,0)=0,$J$3,VLOOKUP(J44,'HOURLY RATES'!B$116:C$124,2,0)) -> 0 | I44: =(G44*(1+H44)) -> 1 | J44: LS | K44: =2.5%*($U$18)/M44 -> 244.60479 | L44: =K44*I44 -> 244.60479 | M44: =IF(VLOOKUP(E44,'HOURLY RATES'!C$6:D$105,2,0)=0,$E$3,VLOOKUP(E44,'HOURLY RATES'!C$6:D$105,2,0)) -> 55.06 | N44: =M44*L44 -> 13467.94 | Q44: =P44+N44 -> 13467.94 | S44: =((((N44*(1+$D$7))+(P44*(1+$D$5+$D$6)))*(1+$D$8)))/I44 -> 17087.449 | T44: =S44*I44 -> 17087.449
A45: =IF(J45<>"",1+MAX($A$18:A44),"")
A46: =IF(J46<>"",1+MAX($A$18:A45),"") | F46: Signage And Promotion
A47: =IF(J47<>"",1+MAX($A$18:A46),"") -> 21 | D47: DIV-01 | E47: General Requirements | F47: Job Signs | G47: 1 | H47: =IF(VLOOKUP(J47,'HOURLY RATES'!B$116:C$124,2,0)=0,$J$3,VLOOKUP(J47,'HOURLY RATES'!B$116:C$124,2,0)) -> 0 | I47: =(G47*(1+H47)) -> 1 | J47: LS | L47: =K47*I47 -> 0 | M47: =IF(VLOOKUP(E47,'HOURLY RATES'!C$6:D$105,2,0)=0,$E$3,VLOOKUP(E47,'HOURLY RATES'!C$6:D$105,2,0)) -> 55.06 | N47: =M47*L47 -> 0 | Q47: =P47+N47 -> 0 | S47: =((((N47*(1+$D$7))+(P47*(1+$D$5+$D$6)))*(1+$D$8)))/I47 -> 0 | T47: =S47*I47 -> 0
A48: =IF(J48<>"",1+MAX($A$18:A47),"") -> 22 | D48: DIV-01 | E48: General Requirements | F48: Job Photos | G48: 1 | H48: =IF(VLOOKUP(J48,'HOURLY RATES'!B$116:C$124,2,0)=0,$J$3,VLOOKUP(J48,'HOURLY RATES'!B$116:C$124,2,0)) -> 0 | I48: =(G48*(1+H48)) -> 1 | J48: LS | L48: =K48*I48 -> 0 | M48: =IF(VLOOKUP(E48,'HOURLY RATES'!C$6:D$105,2,0)=0,$E$3,VLOOKUP(E48,'HOURLY RATES'!C$6:D$105,2,0)) -> 55.06 | N48: =M48*L48 -> 0 | Q48: =P48+N48 -> 0 | S48: =((((N48*(1+$D$7))+(P48*(1+$D$5+$D$6)))*(1+$D$8)))/I48 -> 0 | T48: =S48*I48 -> 0
A49: =IF(J49<>"",1+MAX($A$18:A48),"") -> 23 | D49: DIV-01 | E49: General Requirements | F49: Signage | G49: 1 | H49: =IF(VLOOKUP(J49,'HOURLY RATES'!B$116:C$124,2,0)=0,$J$3,VLOOKUP(J49,'HOURLY RATES'!B$116:C$124,2,0)) -> 0 | I49: =(G49*(1+H49)) -> 1 | J49: LS | L49: =K49*I49 -> 0 | M49: =IF(VLOOKUP(E49,'HOURLY RATES'!C$6:D$105,2,0)=0,$E$3,VLOOKUP(E49,'HOURLY RATES'!C$6:D$105,2,0)) -> 55.06 | N49: =M49*L49 -> 0 | Q49: =P49+N49 -> 0 | S49: =((((N49*(1+$D$7))+(P49*(1+$D$5+$D$6)))*(1+$D$8)))/I49 -> 0 | T49: =S49*I49 -> 0
A50: =IF(J50<>"",1+MAX($A$18:A49),"") -> 24 | D50: DIV-01 | E50: General Requirements | F50: Promotion/Entertainment | G50: 1 | H50: =IF(VLOOKUP(J50,'HOURLY RATES'!B$116:C$124,2,0)=0,$J$3,VLOOKUP(J50,'HOURLY RATES'!B$116:C$124,2,0)) -> 0 | I50: =(G50*(1+H50)) -> 1 | J50: LS | L50: =K50*I50 -> 0 | M50: =IF(VLOOKUP(E50,'HOURLY RATES'!C$6:D$105,2,0)=0,$E$3,VLOOKUP(E50,'HOURLY RATES'!C$6:D$105,2,0)) -> 55.06 | N50: =M50*L50 -> 0 | Q50: =P50+N50 -> 0 | S50: =((((N50*(1+$D$7))+(P50*(1+$D$5+$D$6)))*(1+$D$8)))/I50 -> 0 | T50: =S50*I50 -> 0
A51: =IF(J51<>"",1+MAX($A$18:A50),"") -> 25 | D51: DIV-01 | E51: General Requirements | F51: Misc. | G51: 1 | H51: =IF(VLOOKUP(J51,'HOURLY RATES'!B$116:C$124,2,0)=0,$J$3,VLOOKUP(J51,'HOURLY RATES'!B$116:C$124,2,0)) -> 0 | I51: =(G51*(1+H51)) -> 1 | J51: LS | L51: =K51*I51 -> 0 | M51: =IF(VLOOKUP(E51,'HOURLY RATES'!C$6:D$105,2,0)=0,$E$3,VLOOKUP(E51,'HOURLY RATES'!C$6:D$105,2,0)) -> 55.06 | N51: =M51*L51 -> 0 | Q51: =P51+N51 -> 0 | S51: =((((N51*(1+$D$7))+(P51*(1+$D$5+$D$6)))*(1+$D$8)))/I51 -> 0 | T51: =S51*I51 -> 0
A52: =IF(J52<>"",1+MAX($A$18:A51),"")
A53: =IF(J53<>"",1+MAX($A$18:A52),"") | F53: Cleaning And Final
A54: =IF(J54<>"",1+MAX($A$18:A53),"") -> 26 | D54: DIV-01 | E54: General Requirements | F54: Trash | G54: 1 | H54: =IF(VLOOKUP(J54,'HOURLY RATES'!B$116:C$124,2,0)=0,$J$3,VLOOKUP(J54,'HOURLY RATES'!B$116:C$124,2,0)) -> 0 | I54: =(G54*(1+H54)) -> 1 | J54: LS | L54: =K54*I54 -> 0 | M54: =IF(VLOOKUP(E54,'HOURLY RATES'!C$6:D$105,2,0)=0,$E$3,VLOOKUP(E54,'HOURLY RATES'!C$6:D$105,2,0)) -> 55.06 | N54: =M54*L54 -> 0 | Q54: =P54+N54 -> 0 | S54: =((((N54*(1+$D$7))+(P54*(1+$D$5+$D$6)))*(1+$D$8)))/I54 -> 0 | T54: =S54*I54 -> 0
A55: =IF(J55<>"",1+MAX($A$18:A54),"") -> 27 | D55: DIV-01 | E55: General Requirements | F55: Final Cleaning | G55: 1 | H55: =IF(VLOOKUP(J55,'HOURLY RATES'!B$116:C$124,2,0)=0,$J$3,VLOOKUP(J55,'HOURLY RATES'!B$116:C$124,2,0)) -> 0 | I55: =(G55*(1+H55)) -> 1 | J55: LS | K55: =0.65%*(U18)/M55 -> 63.597246 | L55: =K55*I55 -> 63.597246 | M55: =IF(VLOOKUP(E55,'HOURLY RATES'!C$6:D$105,2,0)=0,$E$3,VLOOKUP(E55,'HOURLY RATES'!C$6:D$105,2,0)) -> 55.06 | N55: =M55*L55 -> 3501.6643 | Q55: =P55+N55 -> 3501.6643 | S55: =((((N55*(1+$D$7))+(P55*(1+$D$5+$D$6)))*(1+$D$8)))/I55 -> 4442.7366 | T55: =S55*I55 -> 4442.7366
A56: =IF(J56<>"",1+MAX($A$18:A55),"") -> 28 | D56: DIV-01 | E56: General Requirements | F56: Window Washing (Rough # Of Windows ) | G56: 1 | H56: =IF(VLOOKUP(J56,'HOURLY RATES'!B$116:C$124,2,0)=0,$J$3,VLOOKUP(J56,'HOURLY RATES'!B$116:C$124,2,0)) -> 0 | I56: =(G56*(1+H56)) -> 1 | J56: LS | L56: =K56*I56 -> 0 | M56: =IF(VLOOKUP(E56,'HOURLY RATES'!C$6:D$105,2,0)=0,$E$3,VLOOKUP(E56,'HOURLY RATES'!C$6:D$105,2,0)) -> 55.06 | N56: =M56*L56 -> 0 | Q56: =P56+N56 -> 0 | S56: =((((N56*(1+$D$7))+(P56*(1+$D$5+$D$6)))*(1+$D$8)))/I56 -> 0 | T56: =S56*I56 -> 0
A57: =IF(J57<>"",1+MAX($A$18:A56),"") -> 29 | D57: DIV-01 | E57: General Requirements | F57: Punch List Items | G57: 1 | H57: =IF(VLOOKUP(J57,'HOURLY RATES'!B$116:C$124,2,0)=0,$J$3,VLOOKUP(J57,'HOURLY RATES'!B$116:C$124,2,0)) -> 0 | I57: =(G57*(1+H57)) -> 1 | J57: LS | L57: =K57*I57 -> 0 | M57: =IF(VLOOKUP(E57,'HOURLY RATES'!C$6:D$105,2,0)=0,$E$3,VLOOKUP(E57,'HOURLY RATES'!C$6:D$105,2,0)) -> 55.06 | N57: =M57*L57 -> 0 | Q57: =P57+N57 -> 0 | S57: =((((N57*(1+$D$7))+(P57*(1+$D$5+$D$6)))*(1+$D$8)))/I57 -> 0 | T57: =S57*I57 -> 0
A58: =IF(J58<>"",1+MAX($A$18:A57),"")
A59: =IF(J59<>"",1+MAX($A$18:A58),"") | F59: Bonds, Insurance, Legal
A60: =IF(J60<>"",1+MAX($A$18:A59),"") -> 30 | D60: DIV-01 | E60: General Requirements | F60: Casualty Insurance | G60: 1 | H60: =IF(VLOOKUP(J60,'HOURLY RATES'!B$116:C$124,2,0)=0,$J$3,VLOOKUP(J60,'HOURLY RATES'!B$116:C$124,2,0)) -> 0 | I60: =(G60*(1+H60)) -> 1 | J60: LS | L60: =K60*I60 -> 0 | M60: =IF(VLOOKUP(E60,'HOURLY RATES'!C$6:D$105,2,0)=0,$E$3,VLOOKUP(E60,'HOURLY RATES'!C$6:D$105,2,0)) -> 55.06 | N60: =M60*L60 -> 0 | Q60: =P60+N60 -> 0 | S60: =((((N60*(1+$D$7))+(P60*(1+$D$5+$D$6)))*(1+$D$8)))/I60 -> 0 | T60: =S60*I60 -> 0
A61: =IF(J61<>"",1+MAX($A$18:A60),"") -> 31 | D61: DIV-01 | E61: General Requirements | F61: Medical Insurance | G61: 1 | H61: =IF(VLOOKUP(J61,'HOURLY RATES'!B$116:C$124,2,0)=0,$J$3,VLOOKUP(J61,'HOURLY RATES'!B$116:C$124,2,0)) -> 0 | I61: =(G61*(1+H61)) -> 1 | J61: LS | L61: =K61*I61 -> 0 | M61: =IF(VLOOKUP(E61,'HOURLY RATES'!C$6:D$105,2,0)=0,$E$3,VLOOKUP(E61,'HOURLY RATES'!C$6:D$105,2,0)) -> 55.06 | N61: =M61*L61 -> 0 | Q61: =P61+N61 -> 0 | S61: =((((N61*(1+$D$7))+(P61*(1+$D$5+$D$6)))*(1+$D$8)))/I61 -> 0 | T61: =S61*I61 -> 0
A62: =IF(J62<>"",1+MAX($A$18:A61),"") -> 32 | D62: DIV-01 | E62: General Requirements | F62: General Liability Insurance | G62: 1 | H62: =IF(VLOOKUP(J62,'HOURLY RATES'!B$116:C$124,2,0)=0,$J$3,VLOOKUP(J62,'HOURLY RATES'!B$116:C$124,2,0)) -> 0 | I62: =(G62*(1+H62)) -> 1 | J62: LS | L62: =K62*I62 -> 0 | M62: =IF(VLOOKUP(E62,'HOURLY RATES'!C$6:D$105,2,0)=0,$E$3,VLOOKUP(E62,'HOURLY RATES'!C$6:D$105,2,0)) -> 55.06 | N62: =M62*L62 -> 0 | Q62: =P62+N62 -> 0 | S62: =((((N62*(1+$D$7))+(P62*(1+$D$5+$D$6)))*(1+$D$8)))/I62 -> 0 | T62: =S62*I62 -> 0
A63: =IF(J63<>"",1+MAX($A$18:A62),"")
A64: =IF(J64<>"",1+MAX($A$18:A63),"") | F64: Project Management & Supervision
A65: =IF(J65<>"",1+MAX($A$18:A64),"") -> 33 | D65: DIV-01 | E65: General Requirements | F65: Project Management & Supervision | G65: 1 | H65: =IF(VLOOKUP(J65,'HOURLY RATES'!B$116:C$124,2,0)=0,$J$3,VLOOKUP(J65,'HOURLY RATES'!B$116:C$124,2,0)) -> 0 | I65: =(G65*(1+H65)) -> 1 | J65: LS | K65: =4%*($U$18)/M65 -> 391.36767 | L65: =K65*I65 -> 391.36767 | M65: =IF(VLOOKUP(E65,'HOURLY RATES'!C$6:D$105,2,0)=0,$E$3,VLOOKUP(E65,'HOURLY RATES'!C$6:D$105,2,0)) -> 55.06 | N65: =M65*L65 -> 21548.704 | Q65: =P65+N65 -> 21548.704 | S65: =((((N65*(1+$D$7))+(P65*(1+$D$5+$D$6)))*(1+$D$8)))/I65 -> 27339.918 | T65: =S65*I65 -> 27339.918
A66: =IF(J66<>"",1+MAX($A$18:A65),"")
A67: =IF(J67<>"",1+MAX($A$18:A66),"") | F67: Demolition & Remodeling | R67: =SUM(Q68:Q76) -> 538717.59
A68: =IF(J68<>"",1+MAX($A$18:A67),"")
A69: =IF(J69<>"",1+MAX($A$18:A68),"") | F69: Demolition
A70: =IF(J70<>"",1+MAX($A$18:A69),"") | F70: 3465 Norman Bridge Rd (2‑Story Commercial, 34,880 Sf)
A71: =IF(J71<>"",1+MAX($A$18:A70),"") -> 34 | B71: Master Plan | E71: Demo - Building | F71: Hazardous Materials Abatement (34880 Sf) Includes Testing, Containment Setup, Certified Removal Of Asbestos/Lead, Packaging, Transportation, And Disposal. | G71: 1 | H71: =IF(VLOOKUP(J71,'HOURLY RATES'!B$116:C$124,2,0)=0,$J$3,VLOOKUP(J71,'HOURLY RATES'!B$116:C$124,2,0)) -> 0 | I71: =(G71*(1+H71)) -> 1 | J71: LS | K71: 837.12 | L71: =K71*I71 -> 837.12 | M71: =IF(VLOOKUP(E71,'HOURLY RATES'!C$6:D$105,2,0)=0,$E$3,VLOOKUP(E71,'HOURLY RATES'!C$6:D$105,2,0)) -> 37.29 | N71: =M71*L71 -> 31216.205 | P71: =O71*I71 -> 0 | Q71: =P71+N71 -> 31216.205 | S71: =((((N71*(1+$D$7))+(P71*(1+$D$5+$D$6)))*(1+$D$8)))/I71 -> 39605.56 | T71: =S71*I71 -> 39605.56
A72: =IF(J72<>"",1+MAX($A$18:A71),"") -> 35 | B72: Master Plan | E72: Demo - Building | F72: Interior Strip-Out: (34880 Sf) Includes Removal Of Doors, Windows, Flooring, Ceilings, Trims, Non-Load Partitions, Fixtures, And Interior Finishes. | G72: 1 | H72: =IF(VLOOKUP(J72,'HOURLY RATES'!B$116:C$124,2,0)=0,$J$3,VLOOKUP(J72,'HOURLY RATES'!B$116:C$124,2,0)) -> 0 | I72: =(G72*(1+H72)) -> 1 | J72: LS | K72: 732.48 | L72: =K72*I72 -> 732.48 | M72: =IF(VLOOKUP(E72,'HOURLY RATES'!C$6:D$105,2,0)=0,$E$3,VLOOKUP(E72,'HOURLY RATES'!C$6:D$105,2,0)) -> 37.29 | N72: =M72*L72 -> 27314.179 | P72: =O72*I72 -> 0 | Q72: =P72+N72 -> 27314.179 | S72: =((((N72*(1+$D$7))+(P72*(1+$D$5+$D$6)))*(1+$D$8)))/I72 -> 34654.865 | T72: =S72*I72 -> 34654.865
A73: =IF(J73<>"",1+MAX($A$18:A72),"") -> 36 | B73: Master Plan | E73: Demo - Building | F73: Roof Removal: (34880 Sf) Includes Removal Of Existing Roofing Membrane, Shingles, Underlayment, Flashing, Fascia, Vents, And Damaged Sheathing. | G73: 1 | H73: =IF(VLOOKUP(J73,'HOURLY RATES'!B$116:C$124,2,0)=0,$J$3,VLOOKUP(J73,'HOURLY RATES'!B$116:C$124,2,0)) -> 0 | I73: =(G73*(1+H73)) -> 1 | J73: LS | K73: 2676 | L73: =K73*I73 -> 2676 | M73: =IF(VLOOKUP(E73,'HOURLY RATES'!C$6:D$105,2,0)=0,$E$3,VLOOKUP(E73,'HOURLY RATES'!C$6:D$105,2,0)) -> 37.29 | N73: =M73*L73 -> 99788.04 | P73: =O73*I73 -> 0 | Q73: =P73+N73 -> 99788.04 | S73: =((((N73*(1+$D$7))+(P73*(1+$D$5+$D$6)))*(1+$D$8)))/I73 -> 126606.08 | T73: =S73*I73 -> 126606.08
A74: =IF(J74<>"",1+MAX($A$18:A73),"") -> 37 | B74: Master Plan | E74: Demo - Building | F74: Structural Demolition: (34880 Sf) Includes Demolition Of Steel Framing, Brick Veneer Walls, Screen Walls, Cutting Of Elements, Shoring, And Safe Dismantling. | G74: 1 | H74: =IF(VLOOKUP(J74,'HOURLY RATES'!B$116:C$124,2,0)=0,$J$3,VLOOKUP(J74,'HOURLY RATES'!B$116:C$124,2,0)) -> 0 | I74: =(G74*(1+H74)) -> 1 | J74: LS | K74: 8778 | L74: =K74*I74 -> 8778 | M74: =IF(VLOOKUP(E74,'HOURLY RATES'!C$6:D$105,2,0)=0,$E$3,VLOOKUP(E74,'HOURLY RATES'!C$6:D$105,2,0)) -> 37.29 | N74: =M74*L74 -> 327331.62 | P74: =O74*I74 -> 0 | Q74: =P74+N74 -> 327331.62 | S74: =((((N74*(1+$D$7))+(P74*(1+$D$5+$D$6)))*(1+$D$8)))/I74 -> 415301.99 | T74: =S74*I74 -> 415301.99
A75: =IF(J75<>"",1+MAX($A$18:A74),"") -> 38 | B75: Master Plan | E75: Demo - Building | F75: Hauling & Disposal: (34880 Sf) Includes Loading Debris, Transportation To Approved Facility, Landfill Fees, Equipment, Fuel, And Documentation. | G75: 1 | H75: =IF(VLOOKUP(J75,'HOURLY RATES'!B$116:C$124,2,0)=0,$J$3,VLOOKUP(J75,'HOURLY RATES'!B$116:C$124,2,0)) -> 0 | I75: =(G75*(1+H75)) -> 1 | J75: LS | K75: 418.56 | L75: =K75*I75 -> 418.56 | M75: =IF(VLOOKUP(E75,'HOURLY RATES'!C$6:D$105,2,0)=0,$E$3,VLOOKUP(E75,'HOURLY RATES'!C$6:D$105,2,0)) -> 37.29 | N75: =M75*L75 -> 15608.102 | P75: =O75*I75 -> 0 | Q75: =P75+N75 -> 15608.102 | S75: =((((N75*(1+$D$7))+(P75*(1+$D$5+$D$6)))*(1+$D$8)))/I75 -> 19802.78 | T75: =S75*I75 -> 19802.78
A76: =IF(J76<>"",1+MAX($A$18:A75),"") -> 39 | B76: Master Plan | E76: Demo - Building | F76: Site Grading & Restoration: (34880 Sf) Includes Infilling Voids, Leveling Ground, Compaction, Topsoil Placement, And Surface Restoration For Next Construction Phase. | G76: 1 | H76: =IF(VLOOKUP(J76,'HOURLY RATES'!B$116:C$124,2,0)=0,$J$3,VLOOKUP(J76,'HOURLY RATES'!B$116:C$124,2,0)) -> 0 | I76: =(G76*(1+H76)) -> 1 | J76: LS | K76: 1004.544 | L76: =K76*I76 -> 1004.544 | M76: =IF(VLOOKUP(E76,'HOURLY RATES'!C$6:D$105,2,0)=0,$E$3,VLOOKUP(E76,'HOURLY RATES'!C$6:D$105,2,0)) -> 37.29 | N76: =M76*L76 -> 37459.446 | P76: =O76*I76 -> 0 | Q76: =P76+N76 -> 37459.446 | S76: =((((N76*(1+$D$7))+(P76*(1+$D$5+$D$6)))*(1+$D$8)))/I76 -> 47526.672 | T76: =S76*I76 -> 47526.672
A77: =IF(J77<>"",1+MAX($A$18:A76),"")
A78: SUB TOTAL | K78: Total Lab. Hours = | L78: =SUM(L18:L77) -> 15361.037 | M78: Total Lab. Cost = | N78: =SUM(N18:N77) -> 589060.75 | O78: Total Mat. Cost = | P78: =SUM(P18:P77) -> 0 | Q78: =SUM(Q18:Q77) -> 589060.75 | R78: =SUM(R18:R77) -> 589060.75 | T78: =SUM(T18:T77) -> 747370.83
A79: MATERIAL TAX | M79: =D5 -> 0.09146 | P79: =P78*M79 -> 0 | Q79: =P79+N79 -> 0 | R79: =Q79 -> 0
A80: OVERHEAD & PROFIT / INFLATION (Material) | M80: =D6 -> 0.3 | P80: =P78*M80 -> 0 | Q80: =P80+N80 -> 0 | R80: =Q80 -> 0
A81: OVERHEAD & PROFIT (Labor) | M81: =D7 -> 0.25 | N81: =N78*M81 -> 147265.19 | Q81: =P81+N81 -> 147265.19 | R81: =Q81 -> 147265.19
A82: BOND FEE | M82: =D8 -> 0.015 | N82: =(N78+N79+N80+N81)*M82 -> 11044.889 | P82: =(P78+P79+P80+P81)*M82 -> 0 | Q82: =P82+N82 -> 11044.889 | R82: =Q82 -> 11044.889
A83: TOTAL BASE BID | N83: =SUM(N78:N82) -> 747370.83 | P83: =SUM(P78:P82) -> 0 | Q83: =SUM(Q78:Q82) -> 747370.83 | R83: =SUM(R78:R82) -> 747370.83 | T83: =T78 -> 747370.83

Sheet Augusta Ave 
A1: ITEM # | B1: REF. SHEET | C1: DETAIL | D1: CSI SECT | E1: Sub Contractor | F1: DESCRIPTION | G1: QTY. | H1: WASTAGE | I1: QTY WITH WASTAGE | J1: UNIT | K1: UNIT LABOR HOURS | L1: TOTAL LABOR HOURS | M1: PER HOUR LABOR RATE | N1: TOTAL LABOR COST | O1: UNIT MATERIAL COST | P1: TOTAL MATERIAL COST | Q1: ITEM COST | R1: TRADE COST | S1: UNIT ITEM COST WITH MARKUPS | T1: TOTAL ITEM COST WITH MARKUPS
A2: Estimate of Materials Quantities and Cost of Construction
B3: CLICK HERE TO GO BACK TO COST SUMMARY
D4: Sub-Total | E4: =Q78 -> 223445.03 | J4: Date: | K4: 45985
C5: Material Sales Tax | D5: 0.09146 | E5: =P78*D5 -> 0 | F5: (Adjust the percentage for Material tax as required) | J5: Project: | K5: Greater Floyd Campus Master Plan
C6: Overhead & Profit / Inflation (Material) | D6: 0.3 | E6: =P78*D6 -> 0 | F6: (Adjust the percentage for Overhead & Profit as required) | J6: Project Location: | K6: Montgomery, AL
C7: Overhead & Profit (Labor) | D7: 0.25 | E7: =N78*D7 -> 55861.257 | F7: (Adjust the percentage for Overhead & Profit as required) | J7: Project and Wage Type: | K7: Private (Non-Prevailing wage)
C8: Bond Fee | D8: 0.015 | E8: =(E4+E5+E6+E7)*D8 -> 4189.5943 | F8: (Adjust the percentage for Bond Fee as required) | K8: Augusta Avenue
D9: Total Bid | E9: =E4+E5+E6+E7+E8 -> 283495.88 | J9: Gross Internal Area of Structure (SF)
J10: Covered Area of Structure (SF) | K10: 13440
C11: Material Wastage 1 | D11: 0 | E11: ( for Quantities in Each & LS) | J11: No. of Units | M11: =E9/K10 -> 21.093443
C12: Material Wastage 2 | D12: 0.05 | E12: ( for Quantities in LF, SF, SY, CY, LBS, TONS) | J12: No. of Floors and Overall Height
B13: (Changing the wastage percentage here will update the wastage for whole tab) | J13: Hardscaping Area (SF) | K13: 0
J14: Soft scaping Area (SF) | K14: 0
B15: To change hourly rates for any trade please go to "Hourly Rates" Tab
A17: ITEM # | B17: REF. SHEET | C17: DETAIL | D17: CSI SECT | E17: Sub Contractor | F17: DESCRIPTION | G17: QTY. | H17: WASTAGE | I17: QTY WITH WASTAGE | J17: UNIT | K17: UNIT LABOR HOURS | L17: TOTAL LABOR HOURS | M17: PER HOUR LABOR RATE | N17: TOTAL LABOR COST | O17: UNIT MATERIAL COST | P17: TOTAL MATERIAL COST | Q17: ITEM COST | R17: TRADE COST | S17: UNIT COST WITH MARKUPS | T17: TOTAL COST WITH MARKUPS
D18: DIV-01 | F18: General | R18: =SUM(Q19:Q65) -> 19096.381 | U18: =SUM(Q68:Q77) -> 204348.65
F20: Plan Design And Permitting
A21: =IF(J21<>"",1+MAX($A$18:A20),"") -> 1 | D21: DIV-01 | E21: General Requirements | F21: Architecture (Assumed By Owner) | G21: 1 | H21: =IF(VLOOKUP(J21,'HOURLY RATES'!B$116:C$124,2,0)=0,$J$3,VLOOKUP(J21,'HOURLY RATES'!B$116:C$124,2,0)) -> 0 | I21: =(G21*(1+H21)) -> 1 | J21: LS | L21: =K21*I21 -> 0 | M21: =IF(VLOOKUP(E21,'HOURLY RATES'!C$6:D$105,2,0)=0,$E$3,VLOOKUP(E21,'HOURLY RATES'!C$6:D$105,2,0)) -> 55.06 | N21: =M21*L21 -> 0 | Q21: =P21+N21 -> 0 | S21: =((((N21*(1+$D$7))+(P21*(1+$D$5+$D$6)))*(1+$D$8)))/I21 -> 0 | T21: =S21*I21 -> 0
A22: =IF(J22<>"",1+MAX($A$18:A21),"") -> 2 | D22: DIV-01 | E22: General Requirements | F22: Engineering (Assumed By Owner) | G22: 1 | H22: =IF(VLOOKUP(J22,'HOURLY RATES'!B$116:C$124,2,0)=0,$J$3,VLOOKUP(J22,'HOURLY RATES'!B$116:C$124,2,0)) -> 0 | I22: =(G22*(1+H22)) -> 1 | J22: LS | L22: =K22*I22 -> 0 | M22: =IF(VLOOKUP(E22,'HOURLY RATES'!C$6:D$105,2,0)=0,$E$3,VLOOKUP(E22,'HOURLY RATES'!C$6:D$105,2,0)) -> 55.06 | N22: =M22*L22 -> 0 | Q22: =P22+N22 -> 0 | S22: =((((N22*(1+$D$7))+(P22*(1+$D$5+$D$6)))*(1+$D$8)))/I22 -> 0 | T22: =S22*I22 -> 0
A23: =IF(J23<>"",1+MAX($A$18:A22),"") -> 3 | D23: DIV-01 | E23: General Requirements | F23: Surveying | G23: 1 | H23: =IF(VLOOKUP(J23,'HOURLY RATES'!B$116:C$124,2,0)=0,$J$3,VLOOKUP(J23,'HOURLY RATES'!B$116:C$124,2,0)) -> 0 | I23: =(G23*(1+H23)) -> 1 | J23: LS | L23: =K23*I23 -> 0 | M23: =IF(VLOOKUP(E23,'HOURLY RATES'!C$6:D$105,2,0)=0,$E$3,VLOOKUP(E23,'HOURLY RATES'!C$6:D$105,2,0)) -> 55.06 | N23: =M23*L23 -> 0 | Q23: =P23+N23 -> 0 | S23: =((((N23*(1+$D$7))+(P23*(1+$D$5+$D$6)))*(1+$D$8)))/I23 -> 0 | T23: =S23*I23 -> 0
A24: =IF(J24<>"",1+MAX($A$18:A23),"") -> 4 | D24: DIV-01 | E24: General Requirements | F24: Soils Report (Assumed By Owner) | G24: 1 | H24: =IF(VLOOKUP(J24,'HOURLY RATES'!B$116:C$124,2,0)=0,$J$3,VLOOKUP(J24,'HOURLY RATES'!B$116:C$124,2,0)) -> 0 | I24: =(G24*(1+H24)) -> 1 | J24: LS | L24: =K24*I24 -> 0 | M24: =IF(VLOOKUP(E24,'HOURLY RATES'!C$6:D$105,2,0)=0,$E$3,VLOOKUP(E24,'HOURLY RATES'!C$6:D$105,2,0)) -> 55.06 | N24: =M24*L24 -> 0 | Q24: =P24+N24 -> 0 | S24: =((((N24*(1+$D$7))+(P24*(1+$D$5+$D$6)))*(1+$D$8)))/I24 -> 0 | T24: =S24*I24 -> 0
A25: =IF(J25<>"",1+MAX($A$18:A24),"") -> 5 | D25: DIV-01 | E25: General Requirements | F25: Geological Report (Assumed By Owner) | G25: 1 | H25: =IF(VLOOKUP(J25,'HOURLY RATES'!B$116:C$124,2,0)=0,$J$3,VLOOKUP(J25,'HOURLY RATES'!B$116:C$124,2,0)) -> 0 | I25: =(G25*(1+H25)) -> 1 | J25: LS | L25: =K25*I25 -> 0 | M25: =IF(VLOOKUP(E25,'HOURLY RATES'!C$6:D$105,2,0)=0,$E$3,VLOOKUP(E25,'HOURLY RATES'!C$6:D$105,2,0)) -> 55.06 | N25: =M25*L25 -> 0 | Q25: =P25+N25 -> 0 | S25: =((((N25*(1+$D$7))+(P25*(1+$D$5+$D$6)))*(1+$D$8)))/I25 -> 0 | T25: =S25*I25 -> 0
A26: =IF(J26<>"",1+MAX($A$18:A25),"") -> 6 | D26: DIV-01 | E26: General Requirements | F26: Concrete Testing | G26: 1 | H26: =IF(VLOOKUP(J26,'HOURLY RATES'!B$116:C$124,2,0)=0,$J$3,VLOOKUP(J26,'HOURLY RATES'!B$116:C$124,2,0)) -> 0 | I26: =(G26*(1+H26)) -> 1 | J26: LS | L26: =K26*I26 -> 0 | M26: =IF(VLOOKUP(E26,'HOURLY RATES'!C$6:D$105,2,0)=0,$E$3,VLOOKUP(E26,'HOURLY RATES'!C$6:D$105,2,0)) -> 55.06 | N26: =M26*L26 -> 0 | Q26: =P26+N26 -> 0 | S26: =((((N26*(1+$D$7))+(P26*(1+$D$5+$D$6)))*(1+$D$8)))/I26 -> 0 | T26: =S26*I26 -> 0
A27: =IF(J27<>"",1+MAX($A$18:A26),"") -> 7 | D27: DIV-01 | E27: General Requirements | F27: Permit Fee | G27: 1 | H27: =IF(VLOOKUP(J27,'HOURLY RATES'!B$116:C$124,2,0)=0,$J$3,VLOOKUP(J27,'HOURLY RATES'!B$116:C$124,2,0)) -> 0 | I27: =(G27*(1+H27)) -> 1 | J27: LS | K27: =1%*($U$18)/M27 -> 37.113812 | L27: =K27*I27 -> 37.113812 | M27: =IF(VLOOKUP(E27,'HOURLY RATES'!C$6:D$105,2,0)=0,$E$3,VLOOKUP(E27,'HOURLY RATES'!C$6:D$105,2,0)) -> 55.06 | N27: =M27*L27 -> 2043.4865 | Q27: =P27+N27 -> 2043.4865 | S27: =((((N27*(1+$D$7))+(P27*(1+$D$5+$D$6)))*(1+$D$8)))/I27 -> 2592.6735 | T27: =S27*I27 -> 2592.6735
A28: =IF(J28<>"",1+MAX($A$18:A27),"") -> 8 | D28: DIV-01 | E28: General Requirements | F28: Permits (Based On Interior Finish Area) | G28: 1 | H28: =IF(VLOOKUP(J28,'HOURLY RATES'!B$116:C$124,2,0)=0,$J$3,VLOOKUP(J28,'HOURLY RATES'!B$116:C$124,2,0)) -> 0 | I28: =(G28*(1+H28)) -> 1 | J28: LS | L28: =K28*I28 -> 0 | M28: =IF(VLOOKUP(E28,'HOURLY RATES'!C$6:D$105,2,0)=0,$E$3,VLOOKUP(E28,'HOURLY RATES'!C$6:D$105,2,0)) -> 55.06 | N28: =M28*L28 -> 0 | Q28: =P28+N28 -> 0 | S28: =((((N28*(1+$D$7))+(P28*(1+$D$5+$D$6)))*(1+$D$8)))/I28 -> 0 | T28: =S28*I28 -> 0
A29: =IF(J29<>"",1+MAX($A$18:A28),"") -> 9 | D29: DIV-01 | E29: General Requirements | F29: Plan Coordination | G29: 1 | H29: =IF(VLOOKUP(J29,'HOURLY RATES'!B$116:C$124,2,0)=0,$J$3,VLOOKUP(J29,'HOURLY RATES'!B$116:C$124,2,0)) -> 0 | I29: =(G29*(1+H29)) -> 1 | J29: LS | L29: =K29*I29 -> 0 | M29: =IF(VLOOKUP(E29,'HOURLY RATES'!C$6:D$105,2,0)=0,$E$3,VLOOKUP(E29,'HOURLY RATES'!C$6:D$105,2,0)) -> 55.06 | N29: =M29*L29 -> 0 | Q29: =P29+N29 -> 0 | S29: =((((N29*(1+$D$7))+(P29*(1+$D$5+$D$6)))*(1+$D$8)))/I29 -> 0 | T29: =S29*I29 -> 0
A30: =IF(J30<>"",1+MAX($A$18:A29),"") -> 10 | D30: DIV-01 | E30: General Requirements | F30: Roof Inspection | G30: 1 | H30: =IF(VLOOKUP(J30,'HOURLY RATES'!B$116:C$124,2,0)=0,$J$3,VLOOKUP(J30,'HOURLY RATES'!B$116:C$124,2,0)) -> 0 | I30: =(G30*(1+H30)) -> 1 | J30: LS | L30: =K30*I30 -> 0 | M30: =IF(VLOOKUP(E30,'HOURLY RATES'!C$6:D$105,2,0)=0,$E$3,VLOOKUP(E30,'HOURLY RATES'!C$6:D$105,2,0)) -> 55.06 | N30: =M30*L30 -> 0 | Q30: =P30+N30 -> 0 | S30: =((((N30*(1+$D$7))+(P30*(1+$D$5+$D$6)))*(1+$D$8)))/I30 -> 0 | T30: =S30*I30 -> 0
A31: =IF(J31<>"",1+MAX($A$18:A30),"") -> 11 | D31: DIV-01 | E31: General Requirements | F31: Blueprints (?? Pages) | G31: 1 | H31: =IF(VLOOKUP(J31,'HOURLY RATES'!B$116:C$124,2,0)=0,$J$3,VLOOKUP(J31,'HOURLY RATES'!B$116:C$124,2,0)) -> 0 | I31: =(G31*(1+H31)) -> 1 | J31: LS | L31: =K31*I31 -> 0 | M31: =IF(VLOOKUP(E31,'HOURLY RATES'!C$6:D$105,2,0)=0,$E$3,VLOOKUP(E31,'HOURLY RATES'!C$6:D$105,2,0)) -> 55.06 | N31: =M31*L31 -> 0 | Q31: =P31+N31 -> 0 | S31: =((((N31*(1+$D$7))+(P31*(1+$D$5+$D$6)))*(1+$D$8)))/I31 -> 0 | T31: =S31*I31 -> 0
A32: =IF(J32<>"",1+MAX($A$18:A31),"")
A33: =IF(J33<>"",1+MAX($A$18:A32),"") | F33: Utilities
A34: =IF(J34<>"",1+MAX($A$18:A33),"") -> 12 | D34: DIV-01 | E34: General Requirements | F34: Utilities During Construction (Based On Interior Finish Area) | G34: 1 | H34: =IF(VLOOKUP(J34,'HOURLY RATES'!B$116:C$124,2,0)=0,$J$3,VLOOKUP(J34,'HOURLY RATES'!B$116:C$124,2,0)) -> 0 | I34: =(G34*(1+H34)) -> 1 | J34: LS | K34: =0.288%*(U18)/M34 -> 10.688778 | L34: =K34*I34 -> 10.688778 | M34: =IF(VLOOKUP(E34,'HOURLY RATES'!C$6:D$105,2,0)=0,$E$3,VLOOKUP(E34,'HOURLY RATES'!C$6:D$105,2,0)) -> 55.06 | N34: =M34*L34 -> 588.5241 | Q34: =P34+N34 -> 588.5241 | S34: =((((N34*(1+$D$7))+(P34*(1+$D$5+$D$6)))*(1+$D$8)))/I34 -> 746.68996 | T34: =S34*I34 -> 746.68996
A35: =IF(J35<>"",1+MAX($A$18:A34),"") -> 13 | D35: DIV-01 | E35: General Requirements | F35: Port-O-Potty (Based On Interior Finish Area) | G35: 1 | H35: =IF(VLOOKUP(J35,'HOURLY RATES'!B$116:C$124,2,0)=0,$J$3,VLOOKUP(J35,'HOURLY RATES'!B$116:C$124,2,0)) -> 0 | I35: =(G35*(1+H35)) -> 1 | J35: LS | K35: =0.257%*(U18)/M35 -> 9.5382496 | L35: =K35*I35 -> 9.5382496 | M35: =IF(VLOOKUP(E35,'HOURLY RATES'!C$6:D$105,2,0)=0,$E$3,VLOOKUP(E35,'HOURLY RATES'!C$6:D$105,2,0)) -> 55.06 | N35: =M35*L35 -> 525.17602 | Q35: =P35+N35 -> 525.17602 | S35: =((((N35*(1+$D$7))+(P35*(1+$D$5+$D$6)))*(1+$D$8)))/I35 -> 666.31708 | T35: =S35*I35 -> 666.31708
A36: =IF(J36<>"",1+MAX($A$18:A35),"") -> 14 | D36: DIV-01 | E36: General Requirements | F36: Temporary Power (Based On Interior Finish Area) | G36: 1 | H36: =IF(VLOOKUP(J36,'HOURLY RATES'!B$116:C$124,2,0)=0,$J$3,VLOOKUP(J36,'HOURLY RATES'!B$116:C$124,2,0)) -> 0 | I36: =(G36*(1+H36)) -> 1 | J36: LS | K36: =0.65%*(U18)/M36 -> 24.123978 | L36: =K36*I36 -> 24.123978 | M36: =IF(VLOOKUP(E36,'HOURLY RATES'!C$6:D$105,2,0)=0,$E$3,VLOOKUP(E36,'HOURLY RATES'!C$6:D$105,2,0)) -> 55.06 | N36: =M36*L36 -> 1328.2662 | Q36: =P36+N36 -> 1328.2662 | S36: =((((N36*(1+$D$7))+(P36*(1+$D$5+$D$6)))*(1+$D$8)))/I36 -> 1685.2378 | T36: =S36*I36 -> 1685.2378
A37: =IF(J37<>"",1+MAX($A$18:A36),"")
A38: =IF(J38<>"",1+MAX($A$18:A37),"") | F38: Equipment And Tools
A39: =IF(J39<>"",1+MAX($A$18:A38),"") -> 15 | D39: DIV-01 | E39: General Requirements | F39: Tool Rentals | G39: 1 | H39: =IF(VLOOKUP(J39,'HOURLY RATES'!B$116:C$124,2,0)=0,$J$3,VLOOKUP(J39,'HOURLY RATES'!B$116:C$124,2,0)) -> 0 | I39: =(G39*(1+H39)) -> 1 | J39: LS | L39: =K39*I39 -> 0 | M39: =IF(VLOOKUP(E39,'HOURLY RATES'!C$6:D$105,2,0)=0,$E$3,VLOOKUP(E39,'HOURLY RATES'!C$6:D$105,2,0)) -> 55.06 | N39: =M39*L39 -> 0 | Q39: =P39+N39 -> 0 | S39: =((((N39*(1+$D$7))+(P39*(1+$D$5+$D$6)))*(1+$D$8)))/I39 -> 0 | T39: =S39*I39 -> 0
A40: =IF(J40<>"",1+MAX($A$18:A39),"") -> 16 | D40: DIV-01 | E40: General Requirements | F40: Tool Shed | G40: 1 | H40: =IF(VLOOKUP(J40,'HOURLY RATES'!B$116:C$124,2,0)=0,$J$3,VLOOKUP(J40,'HOURLY RATES'!B$116:C$124,2,0)) -> 0 | I40: =(G40*(1+H40)) -> 1 | J40: LS | L40: =K40*I40 -> 0 | M40: =IF(VLOOKUP(E40,'HOURLY RATES'!C$6:D$105,2,0)=0,$E$3,VLOOKUP(E40,'HOURLY RATES'!C$6:D$105,2,0)) -> 55.06 | N40: =M40*L40 -> 0 | Q40: =P40+N40 -> 0 | S40: =((((N40*(1+$D$7))+(P40*(1+$D$5+$D$6)))*(1+$D$8)))/I40 -> 0 | T40: =S40*I40 -> 0
A41: =IF(J41<>"",1+MAX($A$18:A40),"") -> 17 | D41: DIV-01 | E41: General Requirements | F41: Dust Control | G41: 1 | H41: =IF(VLOOKUP(J41,'HOURLY RATES'!B$116:C$124,2,0)=0,$J$3,VLOOKUP(J41,'HOURLY RATES'!B$116:C$124,2,0)) -> 0 | I41: =(G41*(1+H41)) -> 1 | J41: LS | L41: =K41*I41 -> 0 | M41: =IF(VLOOKUP(E41,'HOURLY RATES'!C$6:D$105,2,0)=0,$E$3,VLOOKUP(E41,'HOURLY RATES'!C$6:D$105,2,0)) -> 55.06 | N41: =M41*L41 -> 0 | Q41: =P41+N41 -> 0 | S41: =((((N41*(1+$D$7))+(P41*(1+$D$5+$D$6)))*(1+$D$8)))/I41 -> 0 | T41: =S41*I41 -> 0
A42: =IF(J42<>"",1+MAX($A$18:A41),"") -> 18 | D42: DIV-01 | E42: General Requirements | F42: Ice, Water, Beverages | G42: 1 | H42: =IF(VLOOKUP(J42,'HOURLY RATES'!B$116:C$124,2,0)=0,$J$3,VLOOKUP(J42,'HOURLY RATES'!B$116:C$124,2,0)) -> 0 | I42: =(G42*(1+H42)) -> 1 | J42: LS | L42: =K42*I42 -> 0 | M42: =IF(VLOOKUP(E42,'HOURLY RATES'!C$6:D$105,2,0)=0,$E$3,VLOOKUP(E42,'HOURLY RATES'!C$6:D$105,2,0)) -> 55.06 | N42: =M42*L42 -> 0 | Q42: =P42+N42 -> 0 | S42: =((((N42*(1+$D$7))+(P42*(1+$D$5+$D$6)))*(1+$D$8)))/I42 -> 0 | T42: =S42*I42 -> 0
A43: =IF(J43<>"",1+MAX($A$18:A42),"") -> 19 | D43: DIV-01 | E43: General Requirements | F43: Garbage Dumpster / Trash Containers | G43: 1 | H43: =IF(VLOOKUP(J43,'HOURLY RATES'!B$116:C$124,2,0)=0,$J$3,VLOOKUP(J43,'HOURLY RATES'!B$116:C$124,2,0)) -> 0 | I43: =(G43*(1+H43)) -> 1 | J43: LS | L43: =K43*I43 -> 0 | M43: =IF(VLOOKUP(E43,'HOURLY RATES'!C$6:D$105,2,0)=0,$E$3,VLOOKUP(E43,'HOURLY RATES'!C$6:D$105,2,0)) -> 55.06 | N43: =M43*L43 -> 0 | Q43: =P43+N43 -> 0 | S43: =((((N43*(1+$D$7))+(P43*(1+$D$5+$D$6)))*(1+$D$8)))/I43 -> 0 | T43: =S43*I43 -> 0
A44: =IF(J44<>"",1+MAX($A$18:A43),"") -> 20 | D44: DIV-01 | E44: General Requirements | F44: Mobilization/Demobilization (Temporary Control & Facilities) | G44: 1 | H44: =IF(VLOOKUP(J44,'HOURLY RATES'!B$116:C$124,2,0)=0,$J$3,VLOOKUP(J44,'HOURLY RATES'!B$116:C$124,2,0)) -> 0 | I44: =(G44*(1+H44)) -> 1 | J44: LS | K44: =2.5%*($U$18)/M44 -> 92.784529 | L44: =K44*I44 -> 92.784529 | M44: =IF(VLOOKUP(E44,'HOURLY RATES'!C$6:D$105,2,0)=0,$E$3,VLOOKUP(E44,'HOURLY RATES'!C$6:D$105,2,0)) -> 55.06 | N44: =M44*L44 -> 5108.7162 | Q44: =P44+N44 -> 5108.7162 | S44: =((((N44*(1+$D$7))+(P44*(1+$D$5+$D$6)))*(1+$D$8)))/I44 -> 6481.6837 | T44: =S44*I44 -> 6481.6837
A45: =IF(J45<>"",1+MAX($A$18:A44),"")
A46: =IF(J46<>"",1+MAX($A$18:A45),"") | F46: Signage And Promotion
A47: =IF(J47<>"",1+MAX($A$18:A46),"") -> 21 | D47: DIV-01 | E47: General Requirements | F47: Job Signs | G47: 1 | H47: =IF(VLOOKUP(J47,'HOURLY RATES'!B$116:C$124,2,0)=0,$J$3,VLOOKUP(J47,'HOURLY RATES'!B$116:C$124,2,0)) -> 0 | I47: =(G47*(1+H47)) -> 1 | J47: LS | L47: =K47*I47 -> 0 | M47: =IF(VLOOKUP(E47,'HOURLY RATES'!C$6:D$105,2,0)=0,$E$3,VLOOKUP(E47,'HOURLY RATES'!C$6:D$105,2,0)) -> 55.06 | N47: =M47*L47 -> 0 | Q47: =P47+N47 -> 0 | S47: =((((N47*(1+$D$7))+(P47*(1+$D$5+$D$6)))*(1+$D$8)))/I47 -> 0 | T47: =S47*I47 -> 0
A48: =IF(J48<>"",1+MAX($A$18:A47),"") -> 22 | D48: DIV-01 | E48: General Requirements | F48: Job Photos | G48: 1 | H48: =IF(VLOOKUP(J48,'HOURLY RATES'!B$116:C$124,2,0)=0,$J$3,VLOOKUP(J48,'HOURLY RATES'!B$116:C$124,2,0)) -> 0 | I48: =(G48*(1+H48)) -> 1 | J48: LS | L48: =K48*I48 -> 0 | M48: =IF(VLOOKUP(E48,'HOURLY RATES'!C$6:D$105,2,0)=0,$E$3,VLOOKUP(E48,'HOURLY RATES'!C$6:D$105,2,0)) -> 55.06 | N48: =M48*L48 -> 0 | Q48: =P48+N48 -> 0 | S48: =((((N48*(1+$D$7))+(P48*(1+$D$5+$D$6)))*(1+$D$8)))/I48 -> 0 | T48: =S48*I48 -> 0
A49: =IF(J49<>"",1+MAX($A$18:A48),"") -> 23 | D49: DIV-01 | E49: General Requirements | F49: Signage | G49: 1 | H49: =IF(VLOOKUP(J49,'HOURLY RATES'!B$116:C$124,2,0)=0,$J$3,VLOOKUP(J49,'HOURLY RATES'!B$116:C$124,2,0)) -> 0 | I49: =(G49*(1+H49)) -> 1 | J49: LS | L49: =K49*I49 -> 0 | M49: =IF(VLOOKUP(E49,'HOURLY RATES'!C$6:D$105,2,0)=0,$E$3,VLOOKUP(E49,'HOURLY RATES'!C$6:D$105,2,0)) -> 55.06 | N49: =M49*L49 -> 0 | Q49: =P49+N49 -> 0 | S49: =((((N49*(1+$D$7))+(P49*(1+$D$5+$D$6)))*(1+$D$8)))/I49 -> 0 | T49: =S49*I49 -> 0
A50: =IF(J50<>"",1+MAX($A$18:A49),"") -> 24 | D50: DIV-01 | E50: General Requirements | F50: Promotion/Entertainment | G50: 1 | H50: =IF(VLOOKUP(J50,'HOURLY RATES'!B$116:C$124,2,0)=0,$J$3,VLOOKUP(J50,'HOURLY RATES'!B$116:C$124,2,0)) -> 0 | I50: =(G50*(1+H50)) -> 1 | J50: LS | L50: =K50*I50 -> 0 | M50: =IF(VLOOKUP(E50,'HOURLY RATES'!C$6:D$105,2,0)=0,$E$3,VLOOKUP(E50,'HOURLY RATES'!C$6:D$105,2,0)) -> 55.06 | N50: =M50*L50 -> 0 | Q50: =P50+N50 -> 0 | S50: =((((N50*(1+$D$7))+(P50*(1+$D$5+$D$6)))*(1+$D$8)))/I50 -> 0 | T50: =S50*I50 -> 0
A51: =IF(J51<>"",1+MAX($A$18:A50),"") -> 25 | D51: DIV-01 | E51: General Requirements | F51: Misc. | G51: 1 | H51: =IF(VLOOKUP(J51,'HOURLY RATES'!B$116:C$124,2,0)=0,$J$3,VLOOKUP(J51,'HOURLY RATES'!B$116:C$124,2,0)) -> 0 | I51: =(G51*(1+H51)) -> 1 | J51: LS | L51: =K51*I51 -> 0 | M51: =IF(VLOOKUP(E51,'HOURLY RATES'!C$6:D$105,2,0)=0,$E$3,VLOOKUP(E51,'HOURLY RATES'!C$6:D$105,2,0)) -> 55.06 | N51: =M51*L51 -> 0 | Q51: =P51+N51 -> 0 | S51: =((((N51*(1+$D$7))+(P51*(1+$D$5+$D$6)))*(1+$D$8)))/I51 -> 0 | T51: =S51*I51 -> 0
A52: =IF(J52<>"",1+MAX($A$18:A51),"")
A53: =IF(J53<>"",1+MAX($A$18:A52),"") | F53: Cleaning And Final
A54: =IF(J54<>"",1+MAX($A$18:A53),"") -> 26 | D54: DIV-01 | E54: General Requirements | F54: Trash | G54: 1 | H54: =IF(VLOOKUP(J54,'HOURLY RATES'!B$116:C$124,2,0)=0,$J$3,VLOOKUP(J54,'HOURLY RATES'!B$116:C$124,2,0)) -> 0 | I54: =(G54*(1+H54)) -> 1 | J54: LS | L54: =K54*I54 -> 0 | M54: =IF(VLOOKUP(E54,'HOURLY RATES'!C$6:D$105,2,0)=0,$E$3,VLOOKUP(E54,'HOURLY RATES'!C$6:D$105,2,0)) -> 55.06 | N54: =M54*L54 -> 0 | Q54: =P54+N54 -> 0 | S54: =((((N54*(1+$D$7))+(P54*(1+$D$5+$D$6)))*(1+$D$8)))/I54 -> 0 | T54: =S54*I54 -> 0
A55: =IF(J55<>"",1+MAX($A$18:A54),"") -> 27 | D55: DIV-01 | E55: General Requirements | F55: Final Cleaning | G55: 1 | H55: =IF(VLOOKUP(J55,'HOURLY RATES'!B$116:C$124,2,0)=0,$J$3,VLOOKUP(J55,'HOURLY RATES'!B$116:C$124,2,0)) -> 0 | I55: =(G55*(1+H55)) -> 1 | J55: LS | K55: =0.65%*(U18)/M55 -> 24.123978 | L55: =K55*I55 -> 24.123978 | M55: =IF(VLOOKUP(E55,'HOURLY RATES'!C$6:D$105,2,0)=0,$E$3,VLOOKUP(E55,'HOURLY RATES'!C$6:D$105,2,0)) -> 55.06 | N55: =M55*L55 -> 1328.2662 | Q55: =P55+N55 -> 1328.2662 | S55: =((((N55*(1+$D$7))+(P55*(1+$D$5+$D$6)))*(1+$D$8)))/I55 -> 1685.2378 | T55: =S55*I55 -> 1685.2378
A56: =IF(J56<>"",1+MAX($A$18:A55),"") -> 28 | D56: DIV-01 | E56: General Requirements | F56: Window Washing (Rough # Of Windows ) | G56: 1 | H56: =IF(VLOOKUP(J56,'HOURLY RATES'!B$116:C$124,2,0)=0,$J$3,VLOOKUP(J56,'HOURLY RATES'!B$116:C$124,2,0)) -> 0 | I56: =(G56*(1+H56)) -> 1 | J56: LS | L56: =K56*I56 -> 0 | M56: =IF(VLOOKUP(E56,'HOURLY RATES'!C$6:D$105,2,0)=0,$E$3,VLOOKUP(E56,'HOURLY RATES'!C$6:D$105,2,0)) -> 55.06 | N56: =M56*L56 -> 0 | Q56: =P56+N56 -> 0 | S56: =((((N56*(1+$D$7))+(P56*(1+$D$5+$D$6)))*(1+$D$8)))/I56 -> 0 | T56: =S56*I56 -> 0
A57: =IF(J57<>"",1+MAX($A$18:A56),"") -> 29 | D57: DIV-01 | E57: General Requirements | F57: Punch List Items | G57: 1 | H57: =IF(VLOOKUP(J57,'HOURLY RATES'!B$116:C$124,2,0)=0,$J$3,VLOOKUP(J57,'HOURLY RATES'!B$116:C$124,2,0)) -> 0 | I57: =(G57*(1+H57)) -> 1 | J57: LS | L57: =K57*I57 -> 0 | M57: =IF(VLOOKUP(E57,'HOURLY RATES'!C$6:D$105,2,0)=0,$E$3,VLOOKUP(E57,'HOURLY RATES'!C$6:D$105,2,0)) -> 55.06 | N57: =M57*L57 -> 0 | Q57: =P57+N57 -> 0 | S57: =((((N57*(1+$D$7))+(P57*(1+$D$5+$D$6)))*(1+$D$8)))/I57 -> 0 | T57: =S57*I57 -> 0
A58: =IF(J58<>"",1+MAX($A$18:A57),"")
A59: =IF(J59<>"",1+MAX($A$18:A58),"") | F59: Bonds, Insurance, Legal
A60: =IF(J60<>"",1+MAX($A$18:A59),"") -> 30 | D60: DIV-01 | E60: General Requirements | F60: Casualty Insurance | G60: 1 | H60: =IF(VLOOKUP(J60,'HOURLY RATES'!B$116:C$124,2,0)=0,$J$3,VLOOKUP(J60,'HOURLY RATES'!B$116:C$124,2,0)) -> 0 | I60: =(G60*(1+H60)) -> 1 | J60: LS | L60: =K60*I60 -> 0 | M60: =IF(VLOOKUP(E60,'HOURLY RATES'!C$6:D$105,2,0)=0,$E$3,VLOOKUP(E60,'HOURLY RATES'!C$6:D$105,2,0)) -> 55.06 | N60: =M60*L60 -> 0 | Q60: =P60+N60 -> 0 | S60: =((((N60*(1+$D$7))+(P60*(1+$D$5+$D$6)))*(1+$D$8)))/I60 -> 0 | T60: =S60*I60 -> 0
A61: =IF(J61<>"",1+MAX($A$18:A60),"") -> 31 | D61: DIV-01 | E61: General Requirements | F61: Medical Insurance | G61: 1 | H61: =IF(VLOOKUP(J61,'HOURLY RATES'!B$116:C$124,2,0)=0,$J$3,VLOOKUP(J61,'HOURLY RATES'!B$116:C$124,2,0)) -> 0 | I61: =(G61*(1+H61)) -> 1 | J61: LS | L61: =K61*I61 -> 0 | M61: =IF(VLOOKUP(E61,'HOURLY RATES'!C$6:D$105,2,0)=0,$E$3,VLOOKUP(E61,'HOURLY RATES'!C$6:D$105,2,0)) -> 55.06 | N61: =M61*L61 -> 0 | Q61: =P61+N61 -> 0 | S61: =((((N61*(1+$D$7))+(P61*(1+$D$5+$D$6)))*(1+$D$8)))/I61 -> 0 | T61: =S61*I61 -> 0
A62: =IF(J62<>"",1+MAX($A$18:A61),"") -> 32 | D62: DIV-01 | E62: General Requirements | F62: General Liability Insurance | G62: 1 | H62: =IF(VLOOKUP(J62,'HOURLY RATES'!B$116:C$124,2,0)=0,$J$3,VLOOKUP(J62,'HOURLY RATES'!B$116:C$124,2,0)) -> 0 | I62: =(G62*(1+H62)) -> 1 | J62: LS | L62: =K62*I62 -> 0 | M62: =IF(VLOOKUP(E62,'HOURLY RATES'!C$6:D$105,2,0)=0,$E$3,VLOOKUP(E62,'HOURLY RATES'!C$6:D$105,2,0)) -> 55.06 | N62: =M62*L62 -> 0 | Q62: =P62+N62 -> 0 | S62: =((((N62*(1+$D$7))+(P62*(1+$D$5+$D$6)))*(1+$D$8)))/I62 -> 0 | T62: =S62*I62 -> 0
A63: =IF(J63<>"",1+MAX($A$18:A62),"")
A64: =IF(J64<>"",1+MAX($A$18:A63),"") | F64: Project Management & Supervision
A65: =IF(J65<>"",1+MAX($A$18:A64),"") -> 33 | D65: DIV-01 | E65: General Requirements | F65: Project Management & Supervision | G65: 1 | H65: =IF(VLOOKUP(J65,'HOURLY RATES'!B$116:C$124,2,0)=0,$J$3,VLOOKUP(J65,'HOURLY RATES'!B$116:C$124,2,0)) -> 0 | I65: =(G65*(1+H65)) -> 1 | J65: LS | K65: =4%*($U$18)/M65 -> 148.45525 | L65: =K65*I65 -> 148.45525 | M65: =IF(VLOOKUP(E65,'HOURLY RATES'!C$6:D$105,2,0)=0,$E$3,VLOOKUP(E65,'HOURLY RATES'!C$6:D$105,2,0)) -> 55.06 | N65: =M65*L65 -> 8173.9459 | Q65: =P65+N65 -> 8173.9459 | S65: =((((N65*(1+$D$7))+(P65*(1+$D$5+$D$6)))*(1+$D$8)))/I65 -> 10370.694 | T65: =S65*I65 -> 10370.694
A66: =IF(J66<>"",1+MAX($A$18:A65),"")
A67: =IF(J67<>"",1+MAX($A$18:A66),"") | F67: Demolition & Remodeling | R67: =SUM(Q68:Q76) -> 204348.65
A68: =IF(J68<>"",1+MAX($A$18:A67),"")
A69: =IF(J69<>"",1+MAX($A$18:A68),"") | F69: Demolition
A70: =IF(J70<>"",1+MAX($A$18:A69),"") | F70: 525 Augusta Ave (3-Story Commercial, 13,440 Sf)
A71: =IF(J71<>"",1+MAX($A$18:A70),"") -> 34 | B71: Master Plan | E71: Demo - Building | F71: Hazardous Materials Abatement: (13440 Sf) Removal Of Asbestos/Lead Materials, Containment Setup, And Certified Disposal. | G71: 1 | H71: =IF(VLOOKUP(J71,'HOURLY RATES'!B$116:C$124,2,0)=0,$J$3,VLOOKUP(J71,'HOURLY RATES'!B$116:C$124,2,0)) -> 0 | I71: =(G71*(1+H71)) -> 1 | J71: LS | K71: 278.17184 | L71: =K71*I71 -> 278.17184 | M71: =IF(VLOOKUP(E71,'HOURLY RATES'!C$6:D$105,2,0)=0,$E$3,VLOOKUP(E71,'HOURLY RATES'!C$6:D$105,2,0)) -> 37.29 | N71: =M71*L71 -> 10373.028 | P71: =O71*I71 -> 0 | Q71: =P71+N71 -> 10373.028 | S71: =((((N71*(1+$D$7))+(P71*(1+$D$5+$D$6)))*(1+$D$8)))/I71 -> 13160.779 | T71: =S71*I71 -> 13160.779
A72: =IF(J72<>"",1+MAX($A$18:A71),"") -> 35 | B72: Master Plan | E72: Demo - Building | F72: Interior Strip-Out: (13440 Sf) Removal Of Damaged Hvac Units, Windows, Interior Finishes, Fixtures, And Non-Load Partitions. | G72: 1 | H72: =IF(VLOOKUP(J72,'HOURLY RATES'!B$116:C$124,2,0)=0,$J$3,VLOOKUP(J72,'HOURLY RATES'!B$116:C$124,2,0)) -> 0 | I72: =(G72*(1+H72)) -> 1 | J72: LS | K72: 243.40036 | L72: =K72*I72 -> 243.40036 | M72: =IF(VLOOKUP(E72,'HOURLY RATES'!C$6:D$105,2,0)=0,$E$3,VLOOKUP(E72,'HOURLY RATES'!C$6:D$105,2,0)) -> 37.29 | N72: =M72*L72 -> 9076.3993 | P72: =O72*I72 -> 0 | Q72: =P72+N72 -> 9076.3993 | S72: =((((N72*(1+$D$7))+(P72*(1+$D$5+$D$6)))*(1+$D$8)))/I72 -> 11515.682 | T72: =S72*I72 -> 11515.682
A73: =IF(J73<>"",1+MAX($A$18:A72),"") -> 36 | B73: Master Plan | E73: Demo - Building | F73: Roof Removal: (13440 Sf) Removal Of Existing Roofing Membrane, Underlayment, Flashing, Sheet Metal, And Damaged Roof Components. | G73: 1 | H73: =IF(VLOOKUP(J73,'HOURLY RATES'!B$116:C$124,2,0)=0,$J$3,VLOOKUP(J73,'HOURLY RATES'!B$116:C$124,2,0)) -> 0 | I73: =(G73*(1+H73)) -> 1 | J73: LS | K73: 1008.3729 | L73: =K73*I73 -> 1008.3729 | M73: =IF(VLOOKUP(E73,'HOURLY RATES'!C$6:D$105,2,0)=0,$E$3,VLOOKUP(E73,'HOURLY RATES'!C$6:D$105,2,0)) -> 37.29 | N73: =M73*L73 -> 37602.226 | P73: =O73*I73 -> 0 | Q73: =P73+N73 -> 37602.226 | S73: =((((N73*(1+$D$7))+(P73*(1+$D$5+$D$6)))*(1+$D$8)))/I73 -> 47707.824 | T73: =S73*I73 -> 47707.824
A74: =IF(J74<>"",1+MAX($A$18:A73),"") -> 37 | B74: Master Plan | E74: Demo - Building | F74: Structural Demolition: (13440 Sf) Demolition And Removal Of Steel Structural Frame And Precast Panels, Including Safe Dismantling And Handling. | G74: 1 | H74: =IF(VLOOKUP(J74,'HOURLY RATES'!B$116:C$124,2,0)=0,$J$3,VLOOKUP(J74,'HOURLY RATES'!B$116:C$124,2,0)) -> 0 | I74: =(G74*(1+H74)) -> 1 | J74: LS | K74: 3477.148 | L74: =K74*I74 -> 3477.148 | M74: =IF(VLOOKUP(E74,'HOURLY RATES'!C$6:D$105,2,0)=0,$E$3,VLOOKUP(E74,'HOURLY RATES'!C$6:D$105,2,0)) -> 37.29 | N74: =M74*L74 -> 129662.85 | P74: =O74*I74 -> 0 | Q74: =P74+N74 -> 129662.85 | S74: =((((N74*(1+$D$7))+(P74*(1+$D$5+$D$6)))*(1+$D$8)))/I74 -> 164509.74 | T74: =S74*I74 -> 164509.74
A75: =IF(J75<>"",1+MAX($A$18:A74),"") -> 38 | B75: Master Plan | E75: Demo - Building | F75: Hauling & Disposal: (13440 Sf) Loading Debris, Transporting To Approved Facility, Landfill Fees, And Equipment Allowances. | G75: 1 | H75: =IF(VLOOKUP(J75,'HOURLY RATES'!B$116:C$124,2,0)=0,$J$3,VLOOKUP(J75,'HOURLY RATES'!B$116:C$124,2,0)) -> 0 | I75: =(G75*(1+H75)) -> 1 | J75: LS | K75: 139.08592 | L75: =K75*I75 -> 139.08592 | M75: =IF(VLOOKUP(E75,'HOURLY RATES'!C$6:D$105,2,0)=0,$E$3,VLOOKUP(E75,'HOURLY RATES'!C$6:D$105,2,0)) -> 37.29 | N75: =M75*L75 -> 5186.5139 | P75: =O75*I75 -> 0 | Q75: =P75+N75 -> 5186.5139 | S75: =((((N75*(1+$D$7))+(P75*(1+$D$5+$D$6)))*(1+$D$8)))/I75 -> 6580.3895 | T75: =S75*I75 -> 6580.3895
A76: =IF(J76<>"",1+MAX($A$18:A75),"") -> 39 | B76: Master Plan | E76: Demo - Building | F76: Site Grading & Restoration: (13440 Sf) Backfilling, Leveling, Compaction, And Restoring Site To Stable Condition For Future Work. | G76: 1 | H76: =IF(VLOOKUP(J76,'HOURLY RATES'!B$116:C$124,2,0)=0,$J$3,VLOOKUP(J76,'HOURLY RATES'!B$116:C$124,2,0)) -> 0 | I76: =(G76*(1+H76)) -> 1 | J76: LS | K76: 333.8062 | L76: =K76*I76 -> 333.8062 | M76: =IF(VLOOKUP(E76,'HOURLY RATES'!C$6:D$105,2,0)=0,$E$3,VLOOKUP(E76,'HOURLY RATES'!C$6:D$105,2,0)) -> 37.29 | N76: =M76*L76 -> 12447.633 | P76: =O76*I76 -> 0 | Q76: =P76+N76 -> 12447.633 | S76: =((((N76*(1+$D$7))+(P76*(1+$D$5+$D$6)))*(1+$D$8)))/I76 -> 15792.935 | T76: =S76*I76 -> 15792.935
A77: =IF(J77<>"",1+MAX($A$18:A76),"")
A78: SUB TOTAL | K78: Total Lab. Hours = | L78: =SUM(L18:L77) -> 5826.8138 | M78: Total Lab. Cost = | N78: =SUM(N18:N77) -> 223445.03 | O78: Total Mat. Cost = | P78: =SUM(P18:P77) -> 0 | Q78: =SUM(Q18:Q77) -> 223445.03 | R78: =SUM(R18:R77) -> 223445.03 | T78: =SUM(T18:T77) -> 283495.88
A79: MATERIAL TAX | M79: =D5 -> 0.09146 | P79: =P78*M79 -> 0 | Q79: =P79+N79 -> 0 | R79: =Q79 -> 0
A80: OVERHEAD & PROFIT / INFLATION (Material) | M80: =D6 -> 0.3 | P80: =P78*M80 -> 0 | Q80: =P80+N80 -> 0 | R80: =Q80 -> 0
A81: OVERHEAD & PROFIT (Labor) | M81: =D7 -> 0.25 | N81: =N78*M81 -> 55861.257 | Q81: =P81+N81 -> 55861.257 | R81: =Q81 -> 55861.257
A82: BOND FEE | M82: =D8 -> 0.015 | N82: =(N78+N79+N80+N81)*M82 -> 4189.5943 | P82: =(P78+P79+P80+P81)*M82 -> 0 | Q82: =P82+N82 -> 4189.5943 | R82: =Q82 -> 4189.5943
A83: TOTAL BASE BID | N83: =SUM(N78:N82) -> 283495.88 | P83: =SUM(P78:P82) -> 0 | Q83: =SUM(Q78:Q82) -> 283495.88 | R83: =SUM(R78:R82) -> 283495.88 | T83: =T78 -> 283495.88

Sheet Floyd Elementry School
A1: ITEM # | B1: REF. SHEET | C1: DETAIL | D1: CSI SECT | E1: Sub Contractor | F1: DESCRIPTION | G1: QTY. | H1: WASTAGE | I1: QTY WITH WASTAGE | J1: UNIT | K1: UNIT LABOR HOURS | L1: TOTAL LABOR HOURS | M1: PER HOUR LABOR RATE | N1: TOTAL LABOR COST | O1: UNIT MATERIAL COST | P1: TOTAL MATERIAL COST | Q1: ITEM COST | R1: TRADE COST | S1: UNIT ITEM COST WITH MARKUPS | T1: TOTAL ITEM COST WITH MARKUPS
A2: Estimate of Materials Quantities and Cost of Construction
B3: CLICK HERE TO GO BACK TO COST SUMMARY
D4: Sub-Total | E4: =Q78 -> 1706317.3 | J4: Date: | K4: 45985
C5: Material Sales Tax | D5: 0.09146 | E5: =P78*D5 -> 0 | F5: (Adjust the percentage for Material tax as required) | J5: Project: | K5: Greater Floyd Campus Master Plan
C6: Overhead & Profit / Inflation (Material) | D6: 0.3 | E6: =P78*D6 -> 0 | F6: (Adjust the percentage for Overhead & Profit as required) | J6: Project Location: | K6: Montgomery, AL
C7: Overhead & Profit (Labor) | D7: 0.25 | E7: =N78*D7 -> 426579.32 | F7: (Adjust the percentage for Overhead & Profit as required) | J7: Project and Wage Type: | K7: Private (Non-Prevailing wage)
C8: Bond Fee | D8: 0.015 | E8: =(E4+E5+E6+E7)*D8 -> 31993.449 | F8: (Adjust the percentage for Bond Fee as required) | K8: Floyd Elementary School & Floyd Middle School
D9: Total Bid | E9: =E4+E5+E6+E7+E8 -> 2164890.1 | J9: Gross Internal Area of Structure (SF)
J10: Covered Area of Structure (SF) | K10: 93030
C11: Material Wastage 1 | D11: 0 | E11: ( for Quantities in Each & LS) | J11: No. of Units
C12: Material Wastage 2 | D12: 0.05 | E12: ( for Quantities in LF, SF, SY, CY, LBS, TONS) | J12: No. of Floors and Overall Height
B13: (Changing the wastage percentage here will update the wastage for whole tab) | J13: Hardscaping Area (SF) | K13: 0 | N13: =E9/K10 -> 23.270881
J14: Soft scaping Area (SF) | K14: 0
B15: To change hourly rates for any trade please go to "Hourly Rates" Tab
A17: ITEM # | B17: REF. SHEET | C17: DETAIL | D17: CSI SECT | E17: Sub Contractor | F17: DESCRIPTION | G17: QTY. | H17: WASTAGE | I17: QTY WITH WASTAGE | J17: UNIT | K17: UNIT LABOR HOURS | L17: TOTAL LABOR HOURS | M17: PER HOUR LABOR RATE | N17: TOTAL LABOR COST | O17: UNIT MATERIAL COST | P17: TOTAL MATERIAL COST | Q17: ITEM COST | R17: TRADE COST | S17: UNIT COST WITH MARKUPS | T17: TOTAL COST WITH MARKUPS
D18: DIV-01 | F18: General | R18: =SUM(Q19:Q65) -> 145827.75 | U18: =SUM(Q68:Q77) -> 1560489.5
F20: Plan Design And Permitting
A21: =IF(J21<>"",1+MAX($A$18:A20),"") -> 1 | D21: DIV-01 | E21: General Requirements | F21: Architecture (Assumed By Owner) | G21: 1 | H21: =IF(VLOOKUP(J21,'HOURLY RATES'!B$116:C$124,2,0)=0,$J$3,VLOOKUP(J21,'HOURLY RATES'!B$116:C$124,2,0)) -> 0 | I21: =(G21*(1+H21)) -> 1 | J21: LS | L21: =K21*I21 -> 0 | M21: =IF(VLOOKUP(E21,'HOURLY RATES'!C$6:D$105,2,0)=0,$E$3,VLOOKUP(E21,'HOURLY RATES'!C$6:D$105,2,0)) -> 55.06 | N21: =M21*L21 -> 0 | Q21: =P21+N21 -> 0 | S21: =((((N21*(1+$D$7))+(P21*(1+$D$5+$D$6)))*(1+$D$8)))/I21 -> 0 | T21: =S21*I21 -> 0
A22: =IF(J22<>"",1+MAX($A$18:A21),"") -> 2 | D22: DIV-01 | E22: General Requirements | F22: Engineering (Assumed By Owner) | G22: 1 | H22: =IF(VLOOKUP(J22,'HOURLY RATES'!B$116:C$124,2,0)=0,$J$3,VLOOKUP(J22,'HOURLY RATES'!B$116:C$124,2,0)) -> 0 | I22: =(G22*(1+H22)) -> 1 | J22: LS | L22: =K22*I22 -> 0 | M22: =IF(VLOOKUP(E22,'HOURLY RATES'!C$6:D$105,2,0)=0,$E$3,VLOOKUP(E22,'HOURLY RATES'!C$6:D$105,2,0)) -> 55.06 | N22: =M22*L22 -> 0 | Q22: =P22+N22 -> 0 | S22: =((((N22*(1+$D$7))+(P22*(1+$D$5+$D$6)))*(1+$D$8)))/I22 -> 0 | T22: =S22*I22 -> 0
A23: =IF(J23<>"",1+MAX($A$18:A22),"") -> 3 | D23: DIV-01 | E23: General Requirements | F23: Surveying | G23: 1 | H23: =IF(VLOOKUP(J23,'HOURLY RATES'!B$116:C$124,2,0)=0,$J$3,VLOOKUP(J23,'HOURLY RATES'!B$116:C$124,2,0)) -> 0 | I23: =(G23*(1+H23)) -> 1 | J23: LS | L23: =K23*I23 -> 0 | M23: =IF(VLOOKUP(E23,'HOURLY RATES'!C$6:D$105,2,0)=0,$E$3,VLOOKUP(E23,'HOURLY RATES'!C$6:D$105,2,0)) -> 55.06 | N23: =M23*L23 -> 0 | Q23: =P23+N23 -> 0 | S23: =((((N23*(1+$D$7))+(P23*(1+$D$5+$D$6)))*(1+$D$8)))/I23 -> 0 | T23: =S23*I23 -> 0
A24: =IF(J24<>"",1+MAX($A$18:A23),"") -> 4 | D24: DIV-01 | E24: General Requirements | F24: Soils Report (Assumed By Owner) | G24: 1 | H24: =IF(VLOOKUP(J24,'HOURLY RATES'!B$116:C$124,2,0)=0,$J$3,VLOOKUP(J24,'HOURLY RATES'!B$116:C$124,2,0)) -> 0 | I24: =(G24*(1+H24)) -> 1 | J24: LS | L24: =K24*I24 -> 0 | M24: =IF(VLOOKUP(E24,'HOURLY RATES'!C$6:D$105,2,0)=0,$E$3,VLOOKUP(E24,'HOURLY RATES'!C$6:D$105,2,0)) -> 55.06 | N24: =M24*L24 -> 0 | Q24: =P24+N24 -> 0 | S24: =((((N24*(1+$D$7))+(P24*(1+$D$5+$D$6)))*(1+$D$8)))/I24 -> 0 | T24: =S24*I24 -> 0
A25: =IF(J25<>"",1+MAX($A$18:A24),"") -> 5 | D25: DIV-01 | E25: General Requirements | F25: Geological Report (Assumed By Owner) | G25: 1 | H25: =IF(VLOOKUP(J25,'HOURLY RATES'!B$116:C$124,2,0)=0,$J$3,VLOOKUP(J25,'HOURLY RATES'!B$116:C$124,2,0)) -> 0 | I25: =(G25*(1+H25)) -> 1 | J25: LS | L25: =K25*I25 -> 0 | M25: =IF(VLOOKUP(E25,'HOURLY RATES'!C$6:D$105,2,0)=0,$E$3,VLOOKUP(E25,'HOURLY RATES'!C$6:D$105,2,0)) -> 55.06 | N25: =M25*L25 -> 0 | Q25: =P25+N25 -> 0 | S25: =((((N25*(1+$D$7))+(P25*(1+$D$5+$D$6)))*(1+$D$8)))/I25 -> 0 | T25: =S25*I25 -> 0
A26: =IF(J26<>"",1+MAX($A$18:A25),"") -> 6 | D26: DIV-01 | E26: General Requirements | F26: Concrete Testing | G26: 1 | H26: =IF(VLOOKUP(J26,'HOURLY RATES'!B$116:C$124,2,0)=0,$J$3,VLOOKUP(J26,'HOURLY RATES'!B$116:C$124,2,0)) -> 0 | I26: =(G26*(1+H26)) -> 1 | J26: LS | L26: =K26*I26 -> 0 | M26: =IF(VLOOKUP(E26,'HOURLY RATES'!C$6:D$105,2,0)=0,$E$3,VLOOKUP(E26,'HOURLY RATES'!C$6:D$105,2,0)) -> 55.06 | N26: =M26*L26 -> 0 | Q26: =P26+N26 -> 0 | S26: =((((N26*(1+$D$7))+(P26*(1+$D$5+$D$6)))*(1+$D$8)))/I26 -> 0 | T26: =S26*I26 -> 0
A27: =IF(J27<>"",1+MAX($A$18:A26),"") -> 7 | D27: DIV-01 | E27: General Requirements | F27: Permit Fee | G27: 1 | H27: =IF(VLOOKUP(J27,'HOURLY RATES'!B$116:C$124,2,0)=0,$J$3,VLOOKUP(J27,'HOURLY RATES'!B$116:C$124,2,0)) -> 0 | I27: =(G27*(1+H27)) -> 1 | J27: LS | K27: =1%*($U$18)/M27 -> 283.41619 | L27: =K27*I27 -> 283.41619 | M27: =IF(VLOOKUP(E27,'HOURLY RATES'!C$6:D$105,2,0)=0,$E$3,VLOOKUP(E27,'HOURLY RATES'!C$6:D$105,2,0)) -> 55.06 | N27: =M27*L27 -> 15604.895 | Q27: =P27+N27 -> 15604.895 | S27: =((((N27*(1+$D$7))+(P27*(1+$D$5+$D$6)))*(1+$D$8)))/I27 -> 19798.711 | T27: =S27*I27 -> 19798.711
A28: =IF(J28<>"",1+MAX($A$18:A27),"") -> 8 | D28: DIV-01 | E28: General Requirements | F28: Permits (Based On Interior Finish Area) | G28: 1 | H28: =IF(VLOOKUP(J28,'HOURLY RATES'!B$116:C$124,2,0)=0,$J$3,VLOOKUP(J28,'HOURLY RATES'!B$116:C$124,2,0)) -> 0 | I28: =(G28*(1+H28)) -> 1 | J28: LS | L28: =K28*I28 -> 0 | M28: =IF(VLOOKUP(E28,'HOURLY RATES'!C$6:D$105,2,0)=0,$E$3,VLOOKUP(E28,'HOURLY RATES'!C$6:D$105,2,0)) -> 55.06 | N28: =M28*L28 -> 0 | Q28: =P28+N28 -> 0 | S28: =((((N28*(1+$D$7))+(P28*(1+$D$5+$D$6)))*(1+$D$8)))/I28 -> 0 | T28: =S28*I28 -> 0
A29: =IF(J29<>"",1+MAX($A$18:A28),"") -> 9 | D29: DIV-01 | E29: General Requirements | F29: Plan Coordination | G29: 1 | H29: =IF(VLOOKUP(J29,'HOURLY RATES'!B$116:C$124,2,0)=0,$J$3,VLOOKUP(J29,'HOURLY RATES'!B$116:C$124,2,0)) -> 0 | I29: =(G29*(1+H29)) -> 1 | J29: LS | L29: =K29*I29 -> 0 | M29: =IF(VLOOKUP(E29,'HOURLY RATES'!C$6:D$105,2,0)=0,$E$3,VLOOKUP(E29,'HOURLY RATES'!C$6:D$105,2,0)) -> 55.06 | N29: =M29*L29 -> 0 | Q29: =P29+N29 -> 0 | S29: =((((N29*(1+$D$7))+(P29*(1+$D$5+$D$6)))*(1+$D$8)))/I29 -> 0 | T29: =S29*I29 -> 0
A30: =IF(J30<>"",1+MAX($A$18:A29),"") -> 10 | D30: DIV-01 | E30: General Requirements | F30: Roof Inspection | G30: 1 | H30: =IF(VLOOKUP(J30,'HOURLY RATES'!B$116:C$124,2,0)=0,$J$3,VLOOKUP(J30,'HOURLY RATES'!B$116:C$124,2,0)) -> 0 | I30: =(G30*(1+H30)) -> 1 | J30: LS | L30: =K30*I30 -> 0 | M30: =IF(VLOOKUP(E30,'HOURLY RATES'!C$6:D$105,2,0)=0,$E$3,VLOOKUP(E30,'HOURLY RATES'!C$6:D$105,2,0)) -> 55.06 | N30: =M30*L30 -> 0 | Q30: =P30+N30 -> 0 | S30: =((((N30*(1+$D$7))+(P30*(1+$D$5+$D$6)))*(1+$D$8)))/I30 -> 0 | T30: =S30*I30 -> 0
A31: =IF(J31<>"",1+MAX($A$18:A30),"") -> 11 | D31: DIV-01 | E31: General Requirements | F31: Blueprints (?? Pages) | G31: 1 | H31: =IF(VLOOKUP(J31,'HOURLY RATES'!B$116:C$124,2,0)=0,$J$3,VLOOKUP(J31,'HOURLY RATES'!B$116:C$124,2,0)) -> 0 | I31: =(G31*(1+H31)) -> 1 | J31: LS | L31: =K31*I31 -> 0 | M31: =IF(VLOOKUP(E31,'HOURLY RATES'!C$6:D$105,2,0)=0,$E$3,VLOOKUP(E31,'HOURLY RATES'!C$6:D$105,2,0)) -> 55.06 | N31: =M31*L31 -> 0 | Q31: =P31+N31 -> 0 | S31: =((((N31*(1+$D$7))+(P31*(1+$D$5+$D$6)))*(1+$D$8)))/I31 -> 0 | T31: =S31*I31 -> 0
A32: =IF(J32<>"",1+MAX($A$18:A31),"")
A33: =IF(J33<>"",1+MAX($A$18:A32),"") | F33: Utilities
A34: =IF(J34<>"",1+MAX($A$18:A33),"") -> 12 | D34: DIV-01 | E34: General Requirements | F34: Utilities During Construction (Based On Interior Finish Area) | G34: 1 | H34: =IF(VLOOKUP(J34,'HOURLY RATES'!B$116:C$124,2,0)=0,$J$3,VLOOKUP(J34,'HOURLY RATES'!B$116:C$124,2,0)) -> 0 | I34: =(G34*(1+H34)) -> 1 | J34: LS | K34: =0.288%*(U18)/M34 -> 81.623863 | L34: =K34*I34 -> 81.623863 | M34: =IF(VLOOKUP(E34,'HOURLY RATES'!C$6:D$105,2,0)=0,$E$3,VLOOKUP(E34,'HOURLY RATES'!C$6:D$105,2,0)) -> 55.06 | N34: =M34*L34 -> 4494.2099 | Q34: =P34+N34 -> 4494.2099 | S34: =((((N34*(1+$D$7))+(P34*(1+$D$5+$D$6)))*(1+$D$8)))/I34 -> 5702.0288 | T34: =S34*I34 -> 5702.0288
A35: =IF(J35<>"",1+MAX($A$18:A34),"") -> 13 | D35: DIV-01 | E35: General Requirements | F35: Port-O-Potty (Based On Interior Finish Area) | G35: 1 | H35: =IF(VLOOKUP(J35,'HOURLY RATES'!B$116:C$124,2,0)=0,$J$3,VLOOKUP(J35,'HOURLY RATES'!B$116:C$124,2,0)) -> 0 | I35: =(G35*(1+H35)) -> 1 | J35: LS | K35: =0.257%*(U18)/M35 -> 72.837961 | L35: =K35*I35 -> 72.837961 | M35: =IF(VLOOKUP(E35,'HOURLY RATES'!C$6:D$105,2,0)=0,$E$3,VLOOKUP(E35,'HOURLY RATES'!C$6:D$105,2,0)) -> 55.06 | N35: =M35*L35 -> 4010.4581 | Q35: =P35+N35 -> 4010.4581 | S35: =((((N35*(1+$D$7))+(P35*(1+$D$5+$D$6)))*(1+$D$8)))/I35 -> 5088.2688 | T35: =S35*I35 -> 5088.2688
A36: =IF(J36<>"",1+MAX($A$18:A35),"") -> 14 | D36: DIV-01 | E36: General Requirements | F36: Temporary Power (Based On Interior Finish Area) | G36: 1 | H36: =IF(VLOOKUP(J36,'HOURLY RATES'!B$116:C$124,2,0)=0,$J$3,VLOOKUP(J36,'HOURLY RATES'!B$116:C$124,2,0)) -> 0 | I36: =(G36*(1+H36)) -> 1 | J36: LS | K36: =0.65%*(U18)/M36 -> 184.22052 | L36: =K36*I36 -> 184.22052 | M36: =IF(VLOOKUP(E36,'HOURLY RATES'!C$6:D$105,2,0)=0,$E$3,VLOOKUP(E36,'HOURLY RATES'!C$6:D$105,2,0)) -> 55.06 | N36: =M36*L36 -> 10143.182 | Q36: =P36+N36 -> 10143.182 | S36: =((((N36*(1+$D$7))+(P36*(1+$D$5+$D$6)))*(1+$D$8)))/I36 -> 12869.162 | T36: =S36*I36 -> 12869.162
A37: =IF(J37<>"",1+MAX($A$18:A36),"")
A38: =IF(J38<>"",1+MAX($A$18:A37),"") | F38: Equipment And Tools
A39: =IF(J39<>"",1+MAX($A$18:A38),"") -> 15 | D39: DIV-01 | E39: General Requirements | F39: Tool Rentals | G39: 1 | H39: =IF(VLOOKUP(J39,'HOURLY RATES'!B$116:C$124,2,0)=0,$J$3,VLOOKUP(J39,'HOURLY RATES'!B$116:C$124,2,0)) -> 0 | I39: =(G39*(1+H39)) -> 1 | J39: LS | L39: =K39*I39 -> 0 | M39: =IF(VLOOKUP(E39,'HOURLY RATES'!C$6:D$105,2,0)=0,$E$3,VLOOKUP(E39,'HOURLY RATES'!C$6:D$105,2,0)) -> 55.06 | N39: =M39*L39 -> 0 | Q39: =P39+N39 -> 0 | S39: =((((N39*(1+$D$7))+(P39*(1+$D$5+$D$6)))*(1+$D$8)))/I39 -> 0 | T39: =S39*I39 -> 0
A40: =IF(J40<>"",1+MAX($A$18:A39),"") -> 16 | D40: DIV-01 | E40: General Requirements | F40: Tool Shed | G40: 1 | H40: =IF(VLOOKUP(J40,'HOURLY RATES'!B$116:C$124,2,0)=0,$J$3,VLOOKUP(J40,'HOURLY RATES'!B$116:C$124,2,0)) -> 0 | I40: =(G40*(1+H40)) -> 1 | J40: LS | L40: =K40*I40 -> 0 | M40: =IF(VLOOKUP(E40,'HOURLY RATES'!C$6:D$105,2,0)=0,$E$3,VLOOKUP(E40,'HOURLY RATES'!C$6:D$105,2,0)) -> 55.06 | N40: =M40*L40 -> 0 | Q40: =P40+N40 -> 0 | S40: =((((N40*(1+$D$7))+(P40*(1+$D$5+$D$6)))*(1+$D$8)))/I40 -> 0 | T40: =S40*I40 -> 0
A41: =IF(J41<>"",1+MAX($A$18:A40),"") -> 17 | D41: DIV-01 | E41: General Requirements | F41: Dust Control | G41: 1 | H41: =IF(VLOOKUP(J41,'HOURLY RATES'!B$116:C$124,2,0)=0,$J$3,VLOOKUP(J41,'HOURLY RATES'!B$116:C$124,2,0)) -> 0 | I41: =(G41*(1+H41)) -> 1 | J41: LS | L41: =K41*I41 -> 0 | M41: =IF(VLOOKUP(E41,'HOURLY RATES'!C$6:D$105,2,0)=0,$E$3,VLOOKUP(E41,'HOURLY RATES'!C$6:D$105,2,0)) -> 55.06 | N41: =M41*L41 -> 0 | Q41: =P41+N41 -> 0 | S41: =((((N41*(1+$D$7))+(P41*(1+$D$5+$D$6)))*(1+$D$8)))/I41 -> 0 | T41: =S41*I41 -> 0
A42: =IF(J42<>"",1+MAX($A$18:A41),"") -> 18 | D42: DIV-01 | E42: General Requirements | F42: Ice, Water, Beverages | G42: 1 | H42: =IF(VLOOKUP(J42,'HOURLY RATES'!B$116:C$124,2,0)=0,$J$3,VLOOKUP(J42,'HOURLY RATES'!B$116:C$124,2,0)) -> 0 | I42: =(G42*(1+H42)) -> 1 | J42: LS | L42: =K42*I42 -> 0 | M42: =IF(VLOOKUP(E42,'HOURLY RATES'!C$6:D$105,2,0)=0,$E$3,VLOOKUP(E42,'HOURLY RATES'!C$6:D$105,2,0)) -> 55.06 | N42: =M42*L42 -> 0 | Q42: =P42+N42 -> 0 | S42: =((((N42*(1+$D$7))+(P42*(1+$D$5+$D$6)))*(1+$D$8)))/I42 -> 0 | T42: =S42*I42 -> 0
A43: =IF(J43<>"",1+MAX($A$18:A42),"") -> 19 | D43: DIV-01 | E43: General Requirements | F43: Garbage Dumpster / Trash Containers | G43: 1 | H43: =IF(VLOOKUP(J43,'HOURLY RATES'!B$116:C$124,2,0)=0,$J$3,VLOOKUP(J43,'HOURLY RATES'!B$116:C$124,2,0)) -> 0 | I43: =(G43*(1+H43)) -> 1 | J43: LS | L43: =K43*I43 -> 0 | M43: =IF(VLOOKUP(E43,'HOURLY RATES'!C$6:D$105,2,0)=0,$E$3,VLOOKUP(E43,'HOURLY RATES'!C$6:D$105,2,0)) -> 55.06 | N43: =M43*L43 -> 0 | Q43: =P43+N43 -> 0 | S43: =((((N43*(1+$D$7))+(P43*(1+$D$5+$D$6)))*(1+$D$8)))/I43 -> 0 | T43: =S43*I43 -> 0
A44: =IF(J44<>"",1+MAX($A$18:A43),"") -> 20 | D44: DIV-01 | E44: General Requirements | F44: Mobilization/Demobilization (Temporary Control & Facilities) | G44: 1 | H44: =IF(VLOOKUP(J44,'HOURLY RATES'!B$116:C$124,2,0)=0,$J$3,VLOOKUP(J44,'HOURLY RATES'!B$116:C$124,2,0)) -> 0 | I44: =(G44*(1+H44)) -> 1 | J44: LS | K44: =2.5%*($U$18)/M44 -> 708.54048 | L44: =K44*I44 -> 708.54048 | M44: =IF(VLOOKUP(E44,'HOURLY RATES'!C$6:D$105,2,0)=0,$E$3,VLOOKUP(E44,'HOURLY RATES'!C$6:D$105,2,0)) -> 55.06 | N44: =M44*L44 -> 39012.239 | Q44: =P44+N44 -> 39012.239 | S44: =((((N44*(1+$D$7))+(P44*(1+$D$5+$D$6)))*(1+$D$8)))/I44 -> 49496.778 | T44: =S44*I44 -> 49496.778
A45: =IF(J45<>"",1+MAX($A$18:A44),"")
A46: =IF(J46<>"",1+MAX($A$18:A45),"") | F46: Signage And Promotion
A47: =IF(J47<>"",1+MAX($A$18:A46),"") -> 21 | D47: DIV-01 | E47: General Requirements | F47: Job Signs | G47: 1 | H47: =IF(VLOOKUP(J47,'HOURLY RATES'!B$116:C$124,2,0)=0,$J$3,VLOOKUP(J47,'HOURLY RATES'!B$116:C$124,2,0)) -> 0 | I47: =(G47*(1+H47)) -> 1 | J47: LS | L47: =K47*I47 -> 0 | M47: =IF(VLOOKUP(E47,'HOURLY RATES'!C$6:D$105,2,0)=0,$E$3,VLOOKUP(E47,'HOURLY RATES'!C$6:D$105,2,0)) -> 55.06 | N47: =M47*L47 -> 0 | Q47: =P47+N47 -> 0 | S47: =((((N47*(1+$D$7))+(P47*(1+$D$5+$D$6)))*(1+$D$8)))/I47 -> 0 | T47: =S47*I47 -> 0
A48: =IF(J48<>"",1+MAX($A$18:A47),"") -> 22 | D48: DIV-01 | E48: General Requirements | F48: Job Photos | G48: 1 | H48: =IF(VLOOKUP(J48,'HOURLY RATES'!B$116:C$124,2,0)=0,$J$3,VLOOKUP(J48,'HOURLY RATES'!B$116:C$124,2,0)) -> 0 | I48: =(G48*(1+H48)) -> 1 | J48: LS | L48: =K48*I48 -> 0 | M48: =IF(VLOOKUP(E48,'HOURLY RATES'!C$6:D$105,2,0)=0,$E$3,VLOOKUP(E48,'HOURLY RATES'!C$6:D$105,2,0)) -> 55.06 | N48: =M48*L48 -> 0 | Q48: =P48+N48 -> 0 | S48: =((((N48*(1+$D$7))+(P48*(1+$D$5+$D$6)))*(1+$D$8)))/I48 -> 0 | T48: =S48*I48 -> 0
A49: =IF(J49<>"",1+MAX($A$18:A48),"") -> 23 | D49: DIV-01 | E49: General Requirements | F49: Signage | G49: 1 | H49: =IF(VLOOKUP(J49,'HOURLY RATES'!B$116:C$124,2,0)=0,$J$3,VLOOKUP(J49,'HOURLY RATES'!B$116:C$124,2,0)) -> 0 | I49: =(G49*(1+H49)) -> 1 | J49: LS | L49: =K49*I49 -> 0 | M49: =IF(VLOOKUP(E49,'HOURLY RATES'!C$6:D$105,2,0)=0,$E$3,VLOOKUP(E49,'HOURLY RATES'!C$6:D$105,2,0)) -> 55.06 | N49: =M49*L49 -> 0 | Q49: =P49+N49 -> 0 | S49: =((((N49*(1+$D$7))+(P49*(1+$D$5+$D$6)))*(1+$D$8)))/I49 -> 0 | T49: =S49*I49 -> 0
A50: =IF(J50<>"",1+MAX($A$18:A49),"") -> 24 | D50: DIV-01 | E50: General Requirements | F50: Promotion/Entertainment | G50: 1 | H50: =IF(VLOOKUP(J50,'HOURLY RATES'!B$116:C$124,2,0)=0,$J$3,VLOOKUP(J50,'HOURLY RATES'!B$116:C$124,2,0)) -> 0 | I50: =(G50*(1+H50)) -> 1 | J50: LS | L50: =K50*I50 -> 0 | M50: =IF(VLOOKUP(E50,'HOURLY RATES'!C$6:D$105,2,0)=0,$E$3,VLOOKUP(E50,'HOURLY RATES'!C$6:D$105,2,0)) -> 55.06 | N50: =M50*L50 -> 0 | Q50: =P50+N50 -> 0 | S50: =((((N50*(1+$D$7))+(P50*(1+$D$5+$D$6)))*(1+$D$8)))/I50 -> 0 | T50: =S50*I50 -> 0
A51: =IF(J51<>"",1+MAX($A$18:A50),"") -> 25 | D51: DIV-01 | E51: General Requirements | F51: Misc. | G51: 1 | H51: =IF(VLOOKUP(J51,'HOURLY RATES'!B$116:C$124,2,0)=0,$J$3,VLOOKUP(J51,'HOURLY RATES'!B$116:C$124,2,0)) -> 0 | I51: =(G51*(1+H51)) -> 1 | J51: LS | L51: =K51*I51 -> 0 | M51: =IF(VLOOKUP(E51,'HOURLY RATES'!C$6:D$105,2,0)=0,$E$3,VLOOKUP(E51,'HOURLY RATES'!C$6:D$105,2,0)) -> 55.06 | N51: =M51*L51 -> 0 | Q51: =P51+N51 -> 0 | S51: =((((N51*(1+$D$7))+(P51*(1+$D$5+$D$6)))*(1+$D$8)))/I51 -> 0 | T51: =S51*I51 -> 0
A52: =IF(J52<>"",1+MAX($A$18:A51),"")
A53: =IF(J53<>"",1+MAX($A$18:A52),"") | F53: Cleaning And Final
A54: =IF(J54<>"",1+MAX($A$18:A53),"") -> 26 | D54: DIV-01 | E54: General Requirements | F54: Trash | G54: 1 | H54: =IF(VLOOKUP(J54,'HOURLY RATES'!B$116:C$124,2,0)=0,$J$3,VLOOKUP(J54,'HOURLY RATES'!B$116:C$124,2,0)) -> 0 | I54: =(G54*(1+H54)) -> 1 | J54: LS | L54: =K54*I54 -> 0 | M54: =IF(VLOOKUP(E54,'HOURLY RATES'!C$6:D$105,2,0)=0,$E$3,VLOOKUP(E54,'HOURLY RATES'!C$6:D$105,2,0)) -> 55.06 | N54: =M54*L54 -> 0 | Q54: =P54+N54 -> 0 | S54: =((((N54*(1+$D$7))+(P54*(1+$D$5+$D$6)))*(1+$D$8)))/I54 -> 0 | T54: =S54*I54 -> 0
A55: =IF(J55<>"",1+MAX($A$18:A54),"") -> 27 | D55: DIV-01 | E55: General Requirements | F55: Final Cleaning | G55: 1 | H55: =IF(VLOOKUP(J55,'HOURLY RATES'!B$116:C$124,2,0)=0,$J$3,VLOOKUP(J55,'HOURLY RATES'!B$116:C$124,2,0)) -> 0 | I55: =(G55*(1+H55)) -> 1 | J55: LS | K55: =0.65%*(U18)/M55 -> 184.22052 | L55: =K55*I55 -> 184.22052 | M55: =IF(VLOOKUP(E55,'HOURLY RATES'!C$6:D$105,2,0)=0,$E$3,VLOOKUP(E55,'HOURLY RATES'!C$6:D$105,2,0)) -> 55.06 | N55: =M55*L55 -> 10143.182 | Q55: =P55+N55 -> 10143.182 | S55: =((((N55*(1+$D$7))+(P55*(1+$D$5+$D$6)))*(1+$D$8)))/I55 -> 12869.162 | T55: =S55*I55 -> 12869.162
A56: =IF(J56<>"",1+MAX($A$18:A55),"") -> 28 | D56: DIV-01 | E56: General Requirements | F56: Window Washing (Rough # Of Windows ) | G56: 1 | H56: =IF(VLOOKUP(J56,'HOURLY RATES'!B$116:C$124,2,0)=0,$J$3,VLOOKUP(J56,'HOURLY RATES'!B$116:C$124,2,0)) -> 0 | I56: =(G56*(1+H56)) -> 1 | J56: LS | L56: =K56*I56 -> 0 | M56: =IF(VLOOKUP(E56,'HOURLY RATES'!C$6:D$105,2,0)=0,$E$3,VLOOKUP(E56,'HOURLY RATES'!C$6:D$105,2,0)) -> 55.06 | N56: =M56*L56 -> 0 | Q56: =P56+N56 -> 0 | S56: =((((N56*(1+$D$7))+(P56*(1+$D$5+$D$6)))*(1+$D$8)))/I56 -> 0 | T56: =S56*I56 -> 0
A57: =IF(J57<>"",1+MAX($A$18:A56),"") -> 29 | D57: DIV-01 | E57: General Requirements | F57: Punch List Items | G57: 1 | H57: =IF(VLOOKUP(J57,'HOURLY RATES'!B$116:C$124,2,0)=0,$J$3,VLOOKUP(J57,'HOURLY RATES'!B$116:C$124,2,0)) -> 0 | I57: =(G57*(1+H57)) -> 1 | J57: LS | L57: =K57*I57 -> 0 | M57: =IF(VLOOKUP(E57,'HOURLY RATES'!C$6:D$105,2,0)=0,$E$3,VLOOKUP(E57,'HOURLY RATES'!C$6:D$105,2,0)) -> 55.06 | N57: =M57*L57 -> 0 | Q57: =P57+N57 -> 0 | S57: =((((N57*(1+$D$7))+(P57*(1+$D$5+$D$6)))*(1+$D$8)))/I57 -> 0 | T57: =S57*I57 -> 0
A58: =IF(J58<>"",1+MAX($A$18:A57),"")
A59: =IF(J59<>"",1+MAX($A$18:A58),"") | F59: Bonds, Insurance, Legal
A60: =IF(J60<>"",1+MAX($A$18:A59),"") -> 30 | D60: DIV-01 | E60: General Requirements | F60: Casualty Insurance | G60: 1 | H60: =IF(VLOOKUP(J60,'HOURLY RATES'!B$116:C$124,2,0)=0,$J$3,VLOOKUP(J60,'HOURLY RATES'!B$116:C$124,2,0)) -> 0 | I60: =(G60*(1+H60)) -> 1 | J60: LS | L60: =K60*I60 -> 0 | M60: =IF(VLOOKUP(E60,'HOURLY RATES'!C$6:D$105,2,0)=0,$E$3,VLOOKUP(E60,'HOURLY RATES'!C$6:D$105,2,0)) -> 55.06 | N60: =M60*L60 -> 0 | Q60: =P60+N60 -> 0 | S60: =((((N60*(1+$D$7))+(P60*(1+$D$5+$D$6)))*(1+$D$8)))/I60 -> 0 | T60: =S60*I60 -> 0
A61: =IF(J61<>"",1+MAX($A$18:A60),"") -> 31 | D61: DIV-01 | E61: General Requirements | F61: Medical Insurance | G61: 1 | H61: =IF(VLOOKUP(J61,'HOURLY RATES'!B$116:C$124,2,0)=0,$J$3,VLOOKUP(J61,'HOURLY RATES'!B$116:C$124,2,0)) -> 0 | I61: =(G61*(1+H61)) -> 1 | J61: LS | L61: =K61*I61 -> 0 | M61: =IF(VLOOKUP(E61,'HOURLY RATES'!C$6:D$105,2,0)=0,$E$3,VLOOKUP(E61,'HOURLY RATES'!C$6:D$105,2,0)) -> 55.06 | N61: =M61*L61 -> 0 | Q61: =P61+N61 -> 0 | S61: =((((N61*(1+$D$7))+(P61*(1+$D$5+$D$6)))*(1+$D$8)))/I61 -> 0 | T61: =S61*I61 -> 0
A62: =IF(J62<>"",1+MAX($A$18:A61),"") -> 32 | D62: DIV-01 | E62: General Requirements | F62: General Liability Insurance | G62: 1 | H62: =IF(VLOOKUP(J62,'HOURLY RATES'!B$116:C$124,2,0)=0,$J$3,VLOOKUP(J62,'HOURLY RATES'!B$116:C$124,2,0)) -> 0 | I62: =(G62*(1+H62)) -> 1 | J62: LS | L62: =K62*I62 -> 0 | M62: =IF(VLOOKUP(E62,'HOURLY RATES'!C$6:D$105,2,0)=0,$E$3,VLOOKUP(E62,'HOURLY RATES'!C$6:D$105,2,0)) -> 55.06 | N62: =M62*L62 -> 0 | Q62: =P62+N62 -> 0 | S62: =((((N62*(1+$D$7))+(P62*(1+$D$5+$D$6)))*(1+$D$8)))/I62 -> 0 | T62: =S62*I62 -> 0
A63: =IF(J63<>"",1+MAX($A$18:A62),"")
A64: =IF(J64<>"",1+MAX($A$18:A63),"") | F64: Project Management & Supervision
A65: =IF(J65<>"",1+MAX($A$18:A64),"") -> 33 | D65: DIV-01 | E65: General Requirements | F65: Project Management & Supervision | G65: 1 | H65: =IF(VLOOKUP(J65,'HOURLY RATES'!B$116:C$124,2,0)=0,$J$3,VLOOKUP(J65,'HOURLY RATES'!B$116:C$124,2,0)) -> 0 | I65: =(G65*(1+H65)) -> 1 | J65: LS | K65: =4%*($U$18)/M65 -> 1133.6648 | L65: =K65*I65 -> 1133.6648 | M65: =IF(VLOOKUP(E65,'HOURLY RATES'!C$6:D$105,2,0)=0,$E$3,VLOOKUP(E65,'HOURLY RATES'!C$6:D$105,2,0)) -> 55.06 | N65: =M65*L65 -> 62419.582 | Q65: =P65+N65 -> 62419.582 | S65: =((((N65*(1+$D$7))+(P65*(1+$D$5+$D$6)))*(1+$D$8)))/I65 -> 79194.844 | T65: =S65*I65 -> 79194.844
A66: =IF(J66<>"",1+MAX($A$18:A65),"")
A67: =IF(J67<>"",1+MAX($A$18:A66),"") | F67: Demolition & Remodeling | R67: =SUM(Q68:Q76) -> 1560489.5
A68: =IF(J68<>"",1+MAX($A$18:A67),"")
A69: =IF(J69<>"",1+MAX($A$18:A68),"") | F69: Demolition
A70: =IF(J70<>"",1+MAX($A$18:A69),"") | F70: Floyd Elementary School (44,800 Sf) + Middle School (48,230 Sf)
A71: =IF(J71<>"",1+MAX($A$18:A70),"") -> 34 | B71: Master Plan | E71: Demo - Building | F71: Hazardous Materials Abatement: (93030 Sf) Removal Of Asbestos/Lead Materials With Containment, Handling, And Certified Disposal. | G71: 1 | H71: =IF(VLOOKUP(J71,'HOURLY RATES'!B$116:C$124,2,0)=0,$J$3,VLOOKUP(J71,'HOURLY RATES'!B$116:C$124,2,0)) -> 0 | I71: =(G71*(1+H71)) -> 1 | J71: LS | K71: 2511.36 | L71: =K71*I71 -> 2511.36 | M71: =IF(VLOOKUP(E71,'HOURLY RATES'!C$6:D$105,2,0)=0,$E$3,VLOOKUP(E71,'HOURLY RATES'!C$6:D$105,2,0)) -> 37.29 | N71: =M71*L71 -> 93648.614 | P71: =O71*I71 -> 0 | Q71: =P71+N71 -> 93648.614 | S71: =((((N71*(1+$D$7))+(P71*(1+$D$5+$D$6)))*(1+$D$8)))/I71 -> 118816.68 | T71: =S71*I71 -> 118816.68
A72: =IF(J72<>"",1+MAX($A$18:A71),"") -> 35 | B72: Master Plan | E72: Demo - Building | F72: Roof Removal: (93030 Sf) Removal Of Existing Roofing System Including Membrane, Underlayment, Flashing, And Sheet Metal Components. | G72: 1 | H72: =IF(VLOOKUP(J72,'HOURLY RATES'!B$116:C$124,2,0)=0,$J$3,VLOOKUP(J72,'HOURLY RATES'!B$116:C$124,2,0)) -> 0 | I72: =(G72*(1+H72)) -> 1 | J72: LS | K72: 7666 | L72: =K72*I72 -> 7666 | M72: =IF(VLOOKUP(E72,'HOURLY RATES'!C$6:D$105,2,0)=0,$E$3,VLOOKUP(E72,'HOURLY RATES'!C$6:D$105,2,0)) -> 37.29 | N72: =M72*L72 -> 285865.14 | P72: =O72*I72 -> 0 | Q72: =P72+N72 -> 285865.14 | S72: =((((N72*(1+$D$7))+(P72*(1+$D$5+$D$6)))*(1+$D$8)))/I72 -> 362691.4 | T72: =S72*I72 -> 362691.4
A73: =IF(J73<>"",1+MAX($A$18:A72),"") -> 36 | B73: Master Plan | E73: Demo - Building | F73: Structural Demolition: (93030 Sf) Demolition Of Reinforced Concrete Block Walls, Bar Joists, And Structural Framing Elements. | G73: 1 | H73: =IF(VLOOKUP(J73,'HOURLY RATES'!B$116:C$124,2,0)=0,$J$3,VLOOKUP(J73,'HOURLY RATES'!B$116:C$124,2,0)) -> 0 | I73: =(G73*(1+H73)) -> 1 | J73: LS | K73: 25448 | L73: =K73*I73 -> 25448 | M73: =IF(VLOOKUP(E73,'HOURLY RATES'!C$6:D$105,2,0)=0,$E$3,VLOOKUP(E73,'HOURLY RATES'!C$6:D$105,2,0)) -> 37.29 | N73: =M73*L73 -> 948955.92 | P73: =O73*I73 -> 0 | Q73: =P73+N73 -> 948955.92 | S73: =((((N73*(1+$D$7))+(P73*(1+$D$5+$D$6)))*(1+$D$8)))/I73 -> 1203987.8 | T73: =S73*I73 -> 1203987.8
A74: =IF(J74<>"",1+MAX($A$18:A73),"") -> 37 | B74: Master Plan | E74: Demo - Building | F74: Hauling & Disposal: (93030 Sf) Collection, Loading, Transportation Of Debris To Approved Facilities, Including Landfill Fees. | G74: 1 | H74: =IF(VLOOKUP(J74,'HOURLY RATES'!B$116:C$124,2,0)=0,$J$3,VLOOKUP(J74,'HOURLY RATES'!B$116:C$124,2,0)) -> 0 | I74: =(G74*(1+H74)) -> 1 | J74: LS | K74: 1255.68 | L74: =K74*I74 -> 1255.68 | M74: =IF(VLOOKUP(E74,'HOURLY RATES'!C$6:D$105,2,0)=0,$E$3,VLOOKUP(E74,'HOURLY RATES'!C$6:D$105,2,0)) -> 37.29 | N74: =M74*L74 -> 46824.307 | P74: =O74*I74 -> 0 | Q74: =P74+N74 -> 46824.307 | S74: =((((N74*(1+$D$7))+(P74*(1+$D$5+$D$6)))*(1+$D$8)))/I74 -> 59408.34 | T74: =S74*I74 -> 59408.34
A75: =IF(J75<>"",1+MAX($A$18:A74),"") -> 38 | B75: Master Plan | E75: Demo - Building | F75: Site Grading & Restoration: (93030 Sf) Grading, Leveling, Compaction, And Preparation Of Ground For Memorial Walking Trail Construction. | G75: 1 | H75: =IF(VLOOKUP(J75,'HOURLY RATES'!B$116:C$124,2,0)=0,$J$3,VLOOKUP(J75,'HOURLY RATES'!B$116:C$124,2,0)) -> 0 | I75: =(G75*(1+H75)) -> 1 | J75: LS | K75: 2455 | L75: =K75*I75 -> 2455 | M75: =IF(VLOOKUP(E75,'HOURLY RATES'!C$6:D$105,2,0)=0,$E$3,VLOOKUP(E75,'HOURLY RATES'!C$6:D$105,2,0)) -> 37.29 | N75: =M75*L75 -> 91546.95 | P75: =O75*I75 -> 0 | Q75: =P75+N75 -> 91546.95 | S75: =((((N75*(1+$D$7))+(P75*(1+$D$5+$D$6)))*(1+$D$8)))/I75 -> 116150.19 | T75: =S75*I75 -> 116150.19
A76: =IF(J76<>"",1+MAX($A$18:A75),"") -> 39 | B76: Master Plan | E76: Demo - Building | F76: Abatement: (93030 Sf) Removal Of Hazardous Building Materials With Proper Containment And Disposal. | G76: 1 | H76: =IF(VLOOKUP(J76,'HOURLY RATES'!B$116:C$124,2,0)=0,$J$3,VLOOKUP(J76,'HOURLY RATES'!B$116:C$124,2,0)) -> 0 | I76: =(G76*(1+H76)) -> 1 | J76: LS | K76: 2511.36 | L76: =K76*I76 -> 2511.36 | M76: =IF(VLOOKUP(E76,'HOURLY RATES'!C$6:D$105,2,0)=0,$E$3,VLOOKUP(E76,'HOURLY RATES'!C$6:D$105,2,0)) -> 37.29 | N76: =M76*L76 -> 93648.614 | P76: =O76*I76 -> 0 | Q76: =P76+N76 -> 93648.614 | S76: =((((N76*(1+$D$7))+(P76*(1+$D$5+$D$6)))*(1+$D$8)))/I76 -> 118816.68 | T76: =S76*I76 -> 118816.68
A77: =IF(J77<>"",1+MAX($A$18:A76),"")
A78: SUB TOTAL | K78: Total Lab. Hours = | L78: =SUM(L18:L77) -> 44495.924 | M78: Total Lab. Cost = | N78: =SUM(N18:N77) -> 1706317.3 | O78: Total Mat. Cost = | P78: =SUM(P18:P77) -> 0 | Q78: =SUM(Q18:Q77) -> 1706317.3 | R78: =SUM(R18:R77) -> 1706317.3 | T78: =SUM(T18:T77) -> 2164890.1
A79: MATERIAL TAX | M79: =D5 -> 0.09146 | P79: =P78*M79 -> 0 | Q79: =P79+N79 -> 0 | R79: =Q79 -> 0
A80: OVERHEAD & PROFIT / INFLATION (Material) | M80: =D6 -> 0.3 | P80: =P78*M80 -> 0 | Q80: =P80+N80 -> 0 | R80: =Q80 -> 0
A81: OVERHEAD & PROFIT (Labor) | M81: =D7 -> 0.25 | N81: =N78*M81 -> 426579.32 | Q81: =P81+N81 -> 426579.32 | R81: =Q81 -> 426579.32
A82: BOND FEE | M82: =D8 -> 0.015 | N82: =(N78+N79+N80+N81)*M82 -> 31993.449 | P82: =(P78+P79+P80+P81)*M82 -> 0 | Q82: =P82+N82 -> 31993.449 | R82: =Q82 -> 31993.449
A83: TOTAL BASE BID | N83: =SUM(N78:N82) -> 2164890.1 | P83: =SUM(P78:P82) -> 0 | Q83: =SUM(Q78:Q82) -> 2164890.1 | R83: =SUM(R78:R82) -> 2164890.1 | T83: =T78 -> 2164890.1

Sheet Building #1-Educational
A1: ITEM # | B1: REF. SHEET | C1: DETAIL | D1: CSI SECT | E1: Sub Contractor | F1: DESCRIPTION | G1: QTY. | H1: WASTAGE | I1: QTY WITH WASTAGE | J1: UNIT | K1: UNIT LABOR HOURS | L1: TOTAL LABOR HOURS | M1: PER HOUR LABOR RATE | N1: TOTAL LABOR COST | O1: UNIT MATERIAL COST | P1: TOTAL MATERIAL COST | Q1: ITEM COST | R1: TRADE COST | S1: UNIT ITEM COST WITH MARKUPS | T1: TOTAL ITEM COST WITH MARKUPS
A2: Estimate of Materials Quantities and Cost of Construction
B3: CLICK HERE TO GO BACK TO COST SUMMARY
D4: Sub-Total | E4: =Q83 -> 1219597.5 | J4: Date: | K4: 45985
C5: Material Sales Tax | D5: 0.09146 | E5: =P83*D5 -> 76206.846 | F5: (Adjust the percentage for Material tax as required) | J5: Project: | K5: Greater Floyd Campus Master Plan
C6: Overhead & Profit / Inflation (Material) | D6: 0.4 | E6: =P83*D6 -> 333290.38 | F6: (Adjust the percentage for Overhead & Profit as required) | J6: Project Location: | K6: Montgomery, AL
C7: Overhead & Profit (Labor) | D7: 0.25 | E7: =N83*D7 -> 96592.884 | F7: (Adjust the percentage for Overhead & Profit as required) | J7: Project and Wage Type: | K7: Private (Non-Prevailing wage)
C8: Bond Fee | D8: 0.015 | E8: =(E4+E5+E6+E7)*D8 -> 25885.314 | F8: (Adjust the percentage for Bond Fee as required) | K8: Educational Building #1
D9: Total Bid | E9: =E4+E5+E6+E7+E8 -> 1751572.9 | J9: Gross Internal Area of Structure (SF)
J10: Covered Area of Structure (SF) | K10: 13738
C11: Material Wastage 1 | D11: 0 | E11: ( for Quantities in Each & LS) | J11: No. of Units
C12: Material Wastage 2 | D12: 0.05 | E12: ( for Quantities in LF, SF, SY, CY, LBS, TONS) | J12: No. of Floors and Overall Height
B13: (Changing the wastage percentage here will update the wastage for whole tab) | J13: Hardscaping Area (SF) | K13: 0
J14: Soft scaping Area (SF) | K14: 0
B15: To change hourly rates for any trade please go to "Hourly Rates" Tab
A17: ITEM # | B17: REF. SHEET | C17: DETAIL | D17: CSI SECT | E17: Sub Contractor | F17: DESCRIPTION | G17: QTY. | H17: WASTAGE | I17: QTY WITH WASTAGE | J17: UNIT | K17: UNIT LABOR HOURS | L17: TOTAL LABOR HOURS | M17: PER HOUR LABOR RATE | N17: TOTAL LABOR COST | O17: UNIT MATERIAL COST | P17: TOTAL MATERIAL COST | Q17: ITEM COST | R17: TRADE COST | S17: UNIT COST WITH MARKUPS | T17: TOTAL COST WITH MARKUPS
D18: DIV-01 | F18: General | R18: =SUM(Q19:Q65) -> 171338.01 | U18: =SUM(Q68:Q82) -> 1048259.5
F20: Plan Design And Permitting
A21: =IF(J21<>"",1+MAX($A$18:A20),"") -> 1 | D21: DIV-01 | E21: General Requirements | F21: Architecture (Assumed By Owner) | G21: 1 | H21: =IF(VLOOKUP(J21,'HOURLY RATES'!B$116:C$124,2,0)=0,$J$3,VLOOKUP(J21,'HOURLY RATES'!B$116:C$124,2,0)) -> 0 | I21: =(G21*(1+H21)) -> 1 | J21: LS | L21: =K21*I21 -> 0 | M21: =IF(VLOOKUP(E21,'HOURLY RATES'!C$6:D$105,2,0)=0,$E$3,VLOOKUP(E21,'HOURLY RATES'!C$6:D$105,2,0)) -> 55.06 | N21: =M21*L21 -> 0 | Q21: =P21+N21 -> 0 | S21: =((((N21*(1+$D$7))+(P21*(1+$D$5+$D$6)))*(1+$D$8)))/I21 -> 0 | T21: =S21*I21 -> 0
A22: =IF(J22<>"",1+MAX($A$18:A21),"") -> 2 | D22: DIV-01 | E22: General Requirements | F22: Engineering (Assumed By Owner) | G22: 1 | H22: =IF(VLOOKUP(J22,'HOURLY RATES'!B$116:C$124,2,0)=0,$J$3,VLOOKUP(J22,'HOURLY RATES'!B$116:C$124,2,0)) -> 0 | I22: =(G22*(1+H22)) -> 1 | J22: LS | L22: =K22*I22 -> 0 | M22: =IF(VLOOKUP(E22,'HOURLY RATES'!C$6:D$105,2,0)=0,$E$3,VLOOKUP(E22,'HOURLY RATES'!C$6:D$105,2,0)) -> 55.06 | N22: =M22*L22 -> 0 | Q22: =P22+N22 -> 0 | S22: =((((N22*(1+$D$7))+(P22*(1+$D$5+$D$6)))*(1+$D$8)))/I22 -> 0 | T22: =S22*I22 -> 0
A23: =IF(J23<>"",1+MAX($A$18:A22),"") -> 3 | D23: DIV-01 | E23: General Requirements | F23: Surveying | G23: 1 | H23: =IF(VLOOKUP(J23,'HOURLY RATES'!B$116:C$124,2,0)=0,$J$3,VLOOKUP(J23,'HOURLY RATES'!B$116:C$124,2,0)) -> 0 | I23: =(G23*(1+H23)) -> 1 | J23: LS | L23: =K23*I23 -> 0 | M23: =IF(VLOOKUP(E23,'HOURLY RATES'!C$6:D$105,2,0)=0,$E$3,VLOOKUP(E23,'HOURLY RATES'!C$6:D$105,2,0)) -> 55.06 | N23: =M23*L23 -> 0 | Q23: =P23+N23 -> 0 | S23: =((((N23*(1+$D$7))+(P23*(1+$D$5+$D$6)))*(1+$D$8)))/I23 -> 0 | T23: =S23*I23 -> 0
A24: =IF(J24<>"",1+MAX($A$18:A23),"") -> 4 | D24: DIV-01 | E24: General Requirements | F24: Soils Report (Assumed By Owner) | G24: 1 | H24: =IF(VLOOKUP(J24,'HOURLY RATES'!B$116:C$124,2,0)=0,$J$3,VLOOKUP(J24,'HOURLY RATES'!B$116:C$124,2,0)) -> 0 | I24: =(G24*(1+H24)) -> 1 | J24: LS | L24: =K24*I24 -> 0 | M24: =IF(VLOOKUP(E24,'HOURLY RATES'!C$6:D$105,2,0)=0,$E$3,VLOOKUP(E24,'HOURLY RATES'!C$6:D$105,2,0)) -> 55.06 | N24: =M24*L24 -> 0 | Q24: =P24+N24 -> 0 | S24: =((((N24*(1+$D$7))+(P24*(1+$D$5+$D$6)))*(1+$D$8)))/I24 -> 0 | T24: =S24*I24 -> 0
A25: =IF(J25<>"",1+MAX($A$18:A24),"") -> 5 | D25: DIV-01 | E25: General Requirements | F25: Geological Report (Assumed By Owner) | G25: 1 | H25: =IF(VLOOKUP(J25,'HOURLY RATES'!B$116:C$124,2,0)=0,$J$3,VLOOKUP(J25,'HOURLY RATES'!B$116:C$124,2,0)) -> 0 | I25: =(G25*(1+H25)) -> 1 | J25: LS | L25: =K25*I25 -> 0 | M25: =IF(VLOOKUP(E25,'HOURLY RATES'!C$6:D$105,2,0)=0,$E$3,VLOOKUP(E25,'HOURLY RATES'!C$6:D$105,2,0)) -> 55.06 | N25: =M25*L25 -> 0 | Q25: =P25+N25 -> 0 | S25: =((((N25*(1+$D$7))+(P25*(1+$D$5+$D$6)))*(1+$D$8)))/I25 -> 0 | T25: =S25*I25 -> 0
A26: =IF(J26<>"",1+MAX($A$18:A25),"") -> 6 | D26: DIV-01 | E26: General Requirements | F26: Concrete Testing | G26: 1 | H26: =IF(VLOOKUP(J26,'HOURLY RATES'!B$116:C$124,2,0)=0,$J$3,VLOOKUP(J26,'HOURLY RATES'!B$116:C$124,2,0)) -> 0 | I26: =(G26*(1+H26)) -> 1 | J26: LS | L26: =K26*I26 -> 0 | M26: =IF(VLOOKUP(E26,'HOURLY RATES'!C$6:D$105,2,0)=0,$E$3,VLOOKUP(E26,'HOURLY RATES'!C$6:D$105,2,0)) -> 55.06 | N26: =M26*L26 -> 0 | Q26: =P26+N26 -> 0 | S26: =((((N26*(1+$D$7))+(P26*(1+$D$5+$D$6)))*(1+$D$8)))/I26 -> 0 | T26: =S26*I26 -> 0
A27: =IF(J27<>"",1+MAX($A$18:A26),"") -> 7 | D27: DIV-01 | E27: General Requirements | F27: Permit Fee | G27: 1 | H27: =IF(VLOOKUP(J27,'HOURLY RATES'!B$116:C$124,2,0)=0,$J$3,VLOOKUP(J27,'HOURLY RATES'!B$116:C$124,2,0)) -> 0 | I27: =(G27*(1+H27)) -> 1 | J27: LS | K27: =1%*($U$18)/M27 -> 190.38494 | L27: =K27*I27 -> 190.38494 | M27: =IF(VLOOKUP(E27,'HOURLY RATES'!C$6:D$105,2,0)=0,$E$3,VLOOKUP(E27,'HOURLY RATES'!C$6:D$105,2,0)) -> 55.06 | N27: =M27*L27 -> 10482.595 | Q27: =P27+N27 -> 10482.595 | S27: =((((N27*(1+$D$7))+(P27*(1+$D$5+$D$6)))*(1+$D$8)))/I27 -> 13299.792 | T27: =S27*I27 -> 13299.792
A28: =IF(J28<>"",1+MAX($A$18:A27),"") -> 8 | D28: DIV-01 | E28: General Requirements | F28: Permits (Based On Interior Finish Area) | G28: 1 | H28: =IF(VLOOKUP(J28,'HOURLY RATES'!B$116:C$124,2,0)=0,$J$3,VLOOKUP(J28,'HOURLY RATES'!B$116:C$124,2,0)) -> 0 | I28: =(G28*(1+H28)) -> 1 | J28: LS | L28: =K28*I28 -> 0 | M28: =IF(VLOOKUP(E28,'HOURLY RATES'!C$6:D$105,2,0)=0,$E$3,VLOOKUP(E28,'HOURLY RATES'!C$6:D$105,2,0)) -> 55.06 | N28: =M28*L28 -> 0 | Q28: =P28+N28 -> 0 | S28: =((((N28*(1+$D$7))+(P28*(1+$D$5+$D$6)))*(1+$D$8)))/I28 -> 0 | T28: =S28*I28 -> 0
A29: =IF(J29<>"",1+MAX($A$18:A28),"") -> 9 | D29: DIV-01 | E29: General Requirements | F29: Plan Coordination | G29: 1 | H29: =IF(VLOOKUP(J29,'HOURLY RATES'!B$116:C$124,2,0)=0,$J$3,VLOOKUP(J29,'HOURLY RATES'!B$116:C$124,2,0)) -> 0 | I29: =(G29*(1+H29)) -> 1 | J29: LS | L29: =K29*I29 -> 0 | M29: =IF(VLOOKUP(E29,'HOURLY RATES'!C$6:D$105,2,0)=0,$E$3,VLOOKUP(E29,'HOURLY RATES'!C$6:D$105,2,0)) -> 55.06 | N29: =M29*L29 -> 0 | Q29: =P29+N29 -> 0 | S29: =((((N29*(1+$D$7))+(P29*(1+$D$5+$D$6)))*(1+$D$8)))/I29 -> 0 | T29: =S29*I29 -> 0
A30: =IF(J30<>"",1+MAX($A$18:A29),"") -> 10 | D30: DIV-01 | E30: General Requirements | F30: Roof Inspection | G30: 1 | H30: =IF(VLOOKUP(J30,'HOURLY RATES'!B$116:C$124,2,0)=0,$J$3,VLOOKUP(J30,'HOURLY RATES'!B$116:C$124,2,0)) -> 0 | I30: =(G30*(1+H30)) -> 1 | J30: LS | L30: =K30*I30 -> 0 | M30: =IF(VLOOKUP(E30,'HOURLY RATES'!C$6:D$105,2,0)=0,$E$3,VLOOKUP(E30,'HOURLY RATES'!C$6:D$105,2,0)) -> 55.06 | N30: =M30*L30 -> 0 | Q30: =P30+N30 -> 0 | S30: =((((N30*(1+$D$7))+(P30*(1+$D$5+$D$6)))*(1+$D$8)))/I30 -> 0 | T30: =S30*I30 -> 0
A31: =IF(J31<>"",1+MAX($A$18:A30),"") -> 11 | D31: DIV-01 | E31: General Requirements | F31: Blueprints (?? Pages) | G31: 1 | H31: =IF(VLOOKUP(J31,'HOURLY RATES'!B$116:C$124,2,0)=0,$J$3,VLOOKUP(J31,'HOURLY RATES'!B$116:C$124,2,0)) -> 0 | I31: =(G31*(1+H31)) -> 1 | J31: LS | L31: =K31*I31 -> 0 | M31: =IF(VLOOKUP(E31,'HOURLY RATES'!C$6:D$105,2,0)=0,$E$3,VLOOKUP(E31,'HOURLY RATES'!C$6:D$105,2,0)) -> 55.06 | N31: =M31*L31 -> 0 | Q31: =P31+N31 -> 0 | S31: =((((N31*(1+$D$7))+(P31*(1+$D$5+$D$6)))*(1+$D$8)))/I31 -> 0 | T31: =S31*I31 -> 0
A32: =IF(J32<>"",1+MAX($A$18:A31),"")
A33: =IF(J33<>"",1+MAX($A$18:A32),"") | F33: Utilities
A34: =IF(J34<>"",1+MAX($A$18:A33),"") -> 12 | D34: DIV-01 | E34: General Requirements | F34: Utilities During Construction (Based On Interior Finish Area) | G34: 1 | H34: =IF(VLOOKUP(J34,'HOURLY RATES'!B$116:C$124,2,0)=0,$J$3,VLOOKUP(J34,'HOURLY RATES'!B$116:C$124,2,0)) -> 0 | I34: =(G34*(1+H34)) -> 1 | J34: LS | K34: =0.288%*(U18)/M34 -> 54.830863 | L34: =K34*I34 -> 54.830863 | M34: =IF(VLOOKUP(E34,'HOURLY RATES'!C$6:D$105,2,0)=0,$E$3,VLOOKUP(E34,'HOURLY RATES'!C$6:D$105,2,0)) -> 55.06 | N34: =M34*L34 -> 3018.9873 | Q34: =P34+N34 -> 3018.9873 | S34: =((((N34*(1+$D$7))+(P34*(1+$D$5+$D$6)))*(1+$D$8)))/I34 -> 3830.3401 | T34: =S34*I34 -> 3830.3401
A35: =IF(J35<>"",1+MAX($A$18:A34),"") -> 13 | D35: DIV-01 | E35: General Requirements | F35: Port-O-Potty (Based On Interior Finish Area) | G35: 1 | H35: =IF(VLOOKUP(J35,'HOURLY RATES'!B$116:C$124,2,0)=0,$J$3,VLOOKUP(J35,'HOURLY RATES'!B$116:C$124,2,0)) -> 0 | I35: =(G35*(1+H35)) -> 1 | J35: LS | K35: =0.257%*(U18)/M35 -> 48.92893 | L35: =K35*I35 -> 48.92893 | M35: =IF(VLOOKUP(E35,'HOURLY RATES'!C$6:D$105,2,0)=0,$E$3,VLOOKUP(E35,'HOURLY RATES'!C$6:D$105,2,0)) -> 55.06 | N35: =M35*L35 -> 2694.0269 | Q35: =P35+N35 -> 2694.0269 | S35: =((((N35*(1+$D$7))+(P35*(1+$D$5+$D$6)))*(1+$D$8)))/I35 -> 3418.0466 | T35: =S35*I35 -> 3418.0466
A36: =IF(J36<>"",1+MAX($A$18:A35),"") -> 14 | D36: DIV-01 | E36: General Requirements | F36: Temporary Power (Based On Interior Finish Area) | G36: 1 | H36: =IF(VLOOKUP(J36,'HOURLY RATES'!B$116:C$124,2,0)=0,$J$3,VLOOKUP(J36,'HOURLY RATES'!B$116:C$124,2,0)) -> 0 | I36: =(G36*(1+H36)) -> 1 | J36: LS | K36: =0.65%*(U18)/M36 -> 123.75021 | L36: =K36*I36 -> 123.75021 | M36: =IF(VLOOKUP(E36,'HOURLY RATES'!C$6:D$105,2,0)=0,$E$3,VLOOKUP(E36,'HOURLY RATES'!C$6:D$105,2,0)) -> 55.06 | N36: =M36*L36 -> 6813.6866 | Q36: =P36+N36 -> 6813.6866 | S36: =((((N36*(1+$D$7))+(P36*(1+$D$5+$D$6)))*(1+$D$8)))/I36 -> 8644.8649 | T36: =S36*I36 -> 8644.8649
A37: =IF(J37<>"",1+MAX($A$18:A36),"")
A38: =IF(J38<>"",1+MAX($A$18:A37),"") | F38: Equipment And Tools
A39: =IF(J39<>"",1+MAX($A$18:A38),"") -> 15 | D39: DIV-01 | E39: General Requirements | F39: Tool Rentals | G39: 1 | H39: =IF(VLOOKUP(J39,'HOURLY RATES'!B$116:C$124,2,0)=0,$J$3,VLOOKUP(J39,'HOURLY RATES'!B$116:C$124,2,0)) -> 0 | I39: =(G39*(1+H39)) -> 1 | J39: LS | L39: =K39*I39 -> 0 | M39: =IF(VLOOKUP(E39,'HOURLY RATES'!C$6:D$105,2,0)=0,$E$3,VLOOKUP(E39,'HOURLY RATES'!C$6:D$105,2,0)) -> 55.06 | N39: =M39*L39 -> 0 | Q39: =P39+N39 -> 0 | S39: =((((N39*(1+$D$7))+(P39*(1+$D$5+$D$6)))*(1+$D$8)))/I39 -> 0 | T39: =S39*I39 -> 0
A40: =IF(J40<>"",1+MAX($A$18:A39),"") -> 16 | D40: DIV-01 | E40: General Requirements | F40: Tool Shed | G40: 1 | H40: =IF(VLOOKUP(J40,'HOURLY RATES'!B$116:C$124,2,0)=0,$J$3,VLOOKUP(J40,'HOURLY RATES'!B$116:C$124,2,0)) -> 0 | I40: =(G40*(1+H40)) -> 1 | J40: LS | L40: =K40*I40 -> 0 | M40: =IF(VLOOKUP(E40,'HOURLY RATES'!C$6:D$105,2,0)=0,$E$3,VLOOKUP(E40,'HOURLY RATES'!C$6:D$105,2,0)) -> 55.06 | N40: =M40*L40 -> 0 | Q40: =P40+N40 -> 0 | S40: =((((N40*(1+$D$7))+(P40*(1+$D$5+$D$6)))*(1+$D$8)))/I40 -> 0 | T40: =S40*I40 -> 0
A41: =IF(J41<>"",1+MAX($A$18:A40),"") -> 17 | D41: DIV-01 | E41: General Requirements | F41: Dust Control | G41: 1 | H41: =IF(VLOOKUP(J41,'HOURLY RATES'!B$116:C$124,2,0)=0,$J$3,VLOOKUP(J41,'HOURLY RATES'!B$116:C$124,2,0)) -> 0 | I41: =(G41*(1+H41)) -> 1 | J41: LS | L41: =K41*I41 -> 0 | M41: =IF(VLOOKUP(E41,'HOURLY RATES'!C$6:D$105,2,0)=0,$E$3,VLOOKUP(E41,'HOURLY RATES'!C$6:D$105,2,0)) -> 55.06 | N41: =M41*L41 -> 0 | Q41: =P41+N41 -> 0 | S41: =((((N41*(1+$D$7))+(P41*(1+$D$5+$D$6)))*(1+$D$8)))/I41 -> 0 | T41: =S41*I41 -> 0
A42: =IF(J42<>"",1+MAX($A$18:A41),"") -> 18 | D42: DIV-01 | E42: General Requirements | F42: Ice, Water, Beverages | G42: 1 | H42: =IF(VLOOKUP(J42,'HOURLY RATES'!B$116:C$124,2,0)=0,$J$3,VLOOKUP(J42,'HOURLY RATES'!B$116:C$124,2,0)) -> 0 | I42: =(G42*(1+H42)) -> 1 | J42: LS | L42: =K42*I42 -> 0 | M42: =IF(VLOOKUP(E42,'HOURLY RATES'!C$6:D$105,2,0)=0,$E$3,VLOOKUP(E42,'HOURLY RATES'!C$6:D$105,2,0)) -> 55.06 | N42: =M42*L42 -> 0 | Q42: =P42+N42 -> 0 | S42: =((((N42*(1+$D$7))+(P42*(1+$D$5+$D$6)))*(1+$D$8)))/I42 -> 0 | T42: =S42*I42 -> 0
A43: =IF(J43<>"",1+MAX($A$18:A42),"") -> 19 | D43: DIV-01 | E43: General Requirements | F43: Garbage Dumpster / Trash Containers | G43: 1 | H43: =IF(VLOOKUP(J43,'HOURLY RATES'!B$116:C$124,2,0)=0,$J$3,VLOOKUP(J43,'HOURLY RATES'!B$116:C$124,2,0)) -> 0 | I43: =(G43*(1+H43)) -> 1 | J43: LS | L43: =K43*I43 -> 0 | M43: =IF(VLOOKUP(E43,'HOURLY RATES'!C$6:D$105,2,0)=0,$E$3,VLOOKUP(E43,'HOURLY RATES'!C$6:D$105,2,0)) -> 55.06 | N43: =M43*L43 -> 0 | Q43: =P43+N43 -> 0 | S43: =((((N43*(1+$D$7))+(P43*(1+$D$5+$D$6)))*(1+$D$8)))/I43 -> 0 | T43: =S43*I43 -> 0
A44: =IF(J44<>"",1+MAX($A$18:A43),"") -> 20 | D44: DIV-01 | E44: General Requirements | F44: Mobilization/Demobilization (Temporary Control & Facilities) | G44: 1 | H44: =IF(VLOOKUP(J44,'HOURLY RATES'!B$116:C$124,2,0)=0,$J$3,VLOOKUP(J44,'HOURLY RATES'!B$116:C$124,2,0)) -> 0 | I44: =(G44*(1+H44)) -> 1 | J44: LS | K44: =4.5%*($U$18)/M44 -> 856.73223 | L44: =K44*I44 -> 856.73223 | M44: =IF(VLOOKUP(E44,'HOURLY RATES'!C$6:D$105,2,0)=0,$E$3,VLOOKUP(E44,'HOURLY RATES'!C$6:D$105,2,0)) -> 55.06 | N44: =M44*L44 -> 47171.677 | Q44: =P44+N44 -> 47171.677 | S44: =((((N44*(1+$D$7))+(P44*(1+$D$5+$D$6)))*(1+$D$8)))/I44 -> 59849.065 | T44: =S44*I44 -> 59849.065
A45: =IF(J45<>"",1+MAX($A$18:A44),"")
A46: =IF(J46<>"",1+MAX($A$18:A45),"") | F46: Signage And Promotion
A47: =IF(J47<>"",1+MAX($A$18:A46),"") -> 21 | D47: DIV-01 | E47: General Requirements | F47: Job Signs | G47: 1 | H47: =IF(VLOOKUP(J47,'HOURLY RATES'!B$116:C$124,2,0)=0,$J$3,VLOOKUP(J47,'HOURLY RATES'!B$116:C$124,2,0)) -> 0 | I47: =(G47*(1+H47)) -> 1 | J47: LS | L47: =K47*I47 -> 0 | M47: =IF(VLOOKUP(E47,'HOURLY RATES'!C$6:D$105,2,0)=0,$E$3,VLOOKUP(E47,'HOURLY RATES'!C$6:D$105,2,0)) -> 55.06 | N47: =M47*L47 -> 0 | Q47: =P47+N47 -> 0 | S47: =((((N47*(1+$D$7))+(P47*(1+$D$5+$D$6)))*(1+$D$8)))/I47 -> 0 | T47: =S47*I47 -> 0
A48: =IF(J48<>"",1+MAX($A$18:A47),"") -> 22 | D48: DIV-01 | E48: General Requirements | F48: Job Photos | G48: 1 | H48: =IF(VLOOKUP(J48,'HOURLY RATES'!B$116:C$124,2,0)=0,$J$3,VLOOKUP(J48,'HOURLY RATES'!B$116:C$124,2,0)) -> 0 | I48: =(G48*(1+H48)) -> 1 | J48: LS | L48: =K48*I48 -> 0 | M48: =IF(VLOOKUP(E48,'HOURLY RATES'!C$6:D$105,2,0)=0,$E$3,VLOOKUP(E48,'HOURLY RATES'!C$6:D$105,2,0)) -> 55.06 | N48: =M48*L48 -> 0 | Q48: =P48+N48 -> 0 | S48: =((((N48*(1+$D$7))+(P48*(1+$D$5+$D$6)))*(1+$D$8)))/I48 -> 0 | T48: =S48*I48 -> 0
A49: =IF(J49<>"",1+MAX($A$18:A48),"") -> 23 | D49: DIV-01 | E49: General Requirements | F49: Signage | G49: 1 | H49: =IF(VLOOKUP(J49,'HOURLY RATES'!B$116:C$124,2,0)=0,$J$3,VLOOKUP(J49,'HOURLY RATES'!B$116:C$124,2,0)) -> 0 | I49: =(G49*(1+H49)) -> 1 | J49: LS | L49: =K49*I49 -> 0 | M49: =IF(VLOOKUP(E49,'HOURLY RATES'!C$6:D$105,2,0)=0,$E$3,VLOOKUP(E49,'HOURLY RATES'!C$6:D$105,2,0)) -> 55.06 | N49: =M49*L49 -> 0 | Q49: =P49+N49 -> 0 | S49: =((((N49*(1+$D$7))+(P49*(1+$D$5+$D$6)))*(1+$D$8)))/I49 -> 0 | T49: =S49*I49 -> 0
A50: =IF(J50<>"",1+MAX($A$18:A49),"") -> 24 | D50: DIV-01 | E50: General Requirements | F50: Promotion/Entertainment | G50: 1 | H50: =IF(VLOOKUP(J50,'HOURLY RATES'!B$116:C$124,2,0)=0,$J$3,VLOOKUP(J50,'HOURLY RATES'!B$116:C$124,2,0)) -> 0 | I50: =(G50*(1+H50)) -> 1 | J50: LS | L50: =K50*I50 -> 0 | M50: =IF(VLOOKUP(E50,'HOURLY RATES'!C$6:D$105,2,0)=0,$E$3,VLOOKUP(E50,'HOURLY RATES'!C$6:D$105,2,0)) -> 55.06 | N50: =M50*L50 -> 0 | Q50: =P50+N50 -> 0 | S50: =((((N50*(1+$D$7))+(P50*(1+$D$5+$D$6)))*(1+$D$8)))/I50 -> 0 | T50: =S50*I50 -> 0
A51: =IF(J51<>"",1+MAX($A$18:A50),"") -> 25 | D51: DIV-01 | E51: General Requirements | F51: Misc. | G51: 1 | H51: =IF(VLOOKUP(J51,'HOURLY RATES'!B$116:C$124,2,0)=0,$J$3,VLOOKUP(J51,'HOURLY RATES'!B$116:C$124,2,0)) -> 0 | I51: =(G51*(1+H51)) -> 1 | J51: LS | L51: =K51*I51 -> 0 | M51: =IF(VLOOKUP(E51,'HOURLY RATES'!C$6:D$105,2,0)=0,$E$3,VLOOKUP(E51,'HOURLY RATES'!C$6:D$105,2,0)) -> 55.06 | N51: =M51*L51 -> 0 | Q51: =P51+N51 -> 0 | S51: =((((N51*(1+$D$7))+(P51*(1+$D$5+$D$6)))*(1+$D$8)))/I51 -> 0 | T51: =S51*I51 -> 0
A52: =IF(J52<>"",1+MAX($A$18:A51),"")
A53: =IF(J53<>"",1+MAX($A$18:A52),"") | F53: Cleaning And Final
A54: =IF(J54<>"",1+MAX($A$18:A53),"") -> 26 | D54: DIV-01 | E54: General Requirements | F54: Trash | G54: 1 | H54: =IF(VLOOKUP(J54,'HOURLY RATES'!B$116:C$124,2,0)=0,$J$3,VLOOKUP(J54,'HOURLY RATES'!B$116:C$124,2,0)) -> 0 | I54: =(G54*(1+H54)) -> 1 | J54: LS | L54: =K54*I54 -> 0 | M54: =IF(VLOOKUP(E54,'HOURLY RATES'!C$6:D$105,2,0)=0,$E$3,VLOOKUP(E54,'HOURLY RATES'!C$6:D$105,2,0)) -> 55.06 | N54: =M54*L54 -> 0 | Q54: =P54+N54 -> 0 | S54: =((((N54*(1+$D$7))+(P54*(1+$D$5+$D$6)))*(1+$D$8)))/I54 -> 0 | T54: =S54*I54 -> 0
A55: =IF(J55<>"",1+MAX($A$18:A54),"") -> 27 | D55: DIV-01 | E55: General Requirements | F55: Final Cleaning | G55: 1 | H55: =IF(VLOOKUP(J55,'HOURLY RATES'!B$116:C$124,2,0)=0,$J$3,VLOOKUP(J55,'HOURLY RATES'!B$116:C$124,2,0)) -> 0 | I55: =(G55*(1+H55)) -> 1 | J55: LS | K55: =0.65%*(U18)/M55 -> 123.75021 | L55: =K55*I55 -> 123.75021 | M55: =IF(VLOOKUP(E55,'HOURLY RATES'!C$6:D$105,2,0)=0,$E$3,VLOOKUP(E55,'HOURLY RATES'!C$6:D$105,2,0)) -> 55.06 | N55: =M55*L55 -> 6813.6866 | Q55: =P55+N55 -> 6813.6866 | S55: =((((N55*(1+$D$7))+(P55*(1+$D$5+$D$6)))*(1+$D$8)))/I55 -> 8644.8649 | T55: =S55*I55 -> 8644.8649
A56: =IF(J56<>"",1+MAX($A$18:A55),"") -> 28 | D56: DIV-01 | E56: General Requirements | F56: Window Washing (Rough # Of Windows ) | G56: 1 | H56: =IF(VLOOKUP(J56,'HOURLY RATES'!B$116:C$124,2,0)=0,$J$3,VLOOKUP(J56,'HOURLY RATES'!B$116:C$124,2,0)) -> 0 | I56: =(G56*(1+H56)) -> 1 | J56: LS | L56: =K56*I56 -> 0 | M56: =IF(VLOOKUP(E56,'HOURLY RATES'!C$6:D$105,2,0)=0,$E$3,VLOOKUP(E56,'HOURLY RATES'!C$6:D$105,2,0)) -> 55.06 | N56: =M56*L56 -> 0 | Q56: =P56+N56 -> 0 | S56: =((((N56*(1+$D$7))+(P56*(1+$D$5+$D$6)))*(1+$D$8)))/I56 -> 0 | T56: =S56*I56 -> 0
A57: =IF(J57<>"",1+MAX($A$18:A56),"") -> 29 | D57: DIV-01 | E57: General Requirements | F57: Punch List Items | G57: 1 | H57: =IF(VLOOKUP(J57,'HOURLY RATES'!B$116:C$124,2,0)=0,$J$3,VLOOKUP(J57,'HOURLY RATES'!B$116:C$124,2,0)) -> 0 | I57: =(G57*(1+H57)) -> 1 | J57: LS | L57: =K57*I57 -> 0 | M57: =IF(VLOOKUP(E57,'HOURLY RATES'!C$6:D$105,2,0)=0,$E$3,VLOOKUP(E57,'HOURLY RATES'!C$6:D$105,2,0)) -> 55.06 | N57: =M57*L57 -> 0 | Q57: =P57+N57 -> 0 | S57: =((((N57*(1+$D$7))+(P57*(1+$D$5+$D$6)))*(1+$D$8)))/I57 -> 0 | T57: =S57*I57 -> 0
A58: =IF(J58<>"",1+MAX($A$18:A57),"")
A59: =IF(J59<>"",1+MAX($A$18:A58),"") | F59: Bonds, Insurance, Legal
A60: =IF(J60<>"",1+MAX($A$18:A59),"") -> 30 | D60: DIV-01 | E60: General Requirements | F60: Casualty Insurance | G60: 1 | H60: =IF(VLOOKUP(J60,'HOURLY RATES'!B$116:C$124,2,0)=0,$J$3,VLOOKUP(J60,'HOURLY RATES'!B$116:C$124,2,0)) -> 0 | I60: =(G60*(1+H60)) -> 1 | J60: LS | L60: =K60*I60 -> 0 | M60: =IF(VLOOKUP(E60,'HOURLY RATES'!C$6:D$105,2,0)=0,$E$3,VLOOKUP(E60,'HOURLY RATES'!C$6:D$105,2,0)) -> 55.06 | N60: =M60*L60 -> 0 | Q60: =P60+N60 -> 0 | S60: =((((N60*(1+$D$7))+(P60*(1+$D$5+$D$6)))*(1+$D$8)))/I60 -> 0 | T60: =S60*I60 -> 0
A61: =IF(J61<>"",1+MAX($A$18:A60),"") -> 31 | D61: DIV-01 | E61: General Requirements | F61: Medical Insurance | G61: 1 | H61: =IF(VLOOKUP(J61,'HOURLY RATES'!B$116:C$124,2,0)=0,$J$3,VLOOKUP(J61,'HOURLY RATES'!B$116:C$124,2,0)) -> 0 | I61: =(G61*(1+H61)) -> 1 | J61: LS | L61: =K61*I61 -> 0 | M61: =IF(VLOOKUP(E61,'HOURLY RATES'!C$6:D$105,2,0)=0,$E$3,VLOOKUP(E61,'HOURLY RATES'!C$6:D$105,2,0)) -> 55.06 | N61: =M61*L61 -> 0 | Q61: =P61+N61 -> 0 | S61: =((((N61*(1+$D$7))+(P61*(1+$D$5+$D$6)))*(1+$D$8)))/I61 -> 0 | T61: =S61*I61 -> 0
A62: =IF(J62<>"",1+MAX($A$18:A61),"") -> 32 | D62: DIV-01 | E62: General Requirements | F62: General Liability Insurance | G62: 1 | H62: =IF(VLOOKUP(J62,'HOURLY RATES'!B$116:C$124,2,0)=0,$J$3,VLOOKUP(J62,'HOURLY RATES'!B$116:C$124,2,0)) -> 0 | I62: =(G62*(1+H62)) -> 1 | J62: LS | L62: =K62*I62 -> 0 | M62: =IF(VLOOKUP(E62,'HOURLY RATES'!C$6:D$105,2,0)=0,$E$3,VLOOKUP(E62,'HOURLY RATES'!C$6:D$105,2,0)) -> 55.06 | N62: =M62*L62 -> 0 | Q62: =P62+N62 -> 0 | S62: =((((N62*(1+$D$7))+(P62*(1+$D$5+$D$6)))*(1+$D$8)))/I62 -> 0 | T62: =S62*I62 -> 0
A63: =IF(J63<>"",1+MAX($A$18:A62),"")
A64: =IF(J64<>"",1+MAX($A$18:A63),"") | F64: Project Management & Supervision
A65: =IF(J65<>"",1+MAX($A$18:A64),"") -> 33 | D65: DIV-01 | E65: General Requirements | F65: Project Management & Supervision | G65: 1 | H65: =IF(VLOOKUP(J65,'HOURLY RATES'!B$116:C$124,2,0)=0,$J$3,VLOOKUP(J65,'HOURLY RATES'!B$116:C$124,2,0)) -> 0 | I65: =(G65*(1+H65)) -> 1 | J65: LS | K65: =9%*($U$18)/M65 -> 1713.4645 | L65: =K65*I65 -> 1713.4645 | M65: =IF(VLOOKUP(E65,'HOURLY RATES'!C$6:D$105,2,0)=0,$E$3,VLOOKUP(E65,'HOURLY RATES'!C$6:D$105,2,0)) -> 55.06 | N65: =M65*L65 -> 94343.353 | Q65: =P65+N65 -> 94343.353 | S65: =((((N65*(1+$D$7))+(P65*(1+$D$5+$D$6)))*(1+$D$8)))/I65 -> 119698.13 | T65: =S65*I65 -> 119698.13
A66: =IF(J66<>"",1+MAX($A$18:A65),"")
A67: =IF(J67<>"",1+MAX($A$18:A66),"") | F67: Demolition & Remodeling | R67: =SUM(Q68:Q81) -> 1048259.5
A68: =IF(J68<>"",1+MAX($A$18:A67),"")
A69: =IF(J69<>"",1+MAX($A$18:A68),"") | F69: Demolition
A70: =IF(J70<>"",1+MAX($A$18:A69),"") | F70: Building #1 (13,738 Sf) – Educational
A71: =IF(J71<>"",1+MAX($A$18:A70),"") -> 34 | B71: Master Plan | E71: Roofer | F71: Abatement: (13738 Sf) Removal Of Hazardous Materials Such As Asbestos And Lead With Proper Containment And Disposal. | G71: 1 | H71: =IF(VLOOKUP(J71,'HOURLY RATES'!B$116:C$124,2,0)=0,$J$3,VLOOKUP(J71,'HOURLY RATES'!B$116:C$124,2,0)) -> 0 | I71: =(G71*(1+H71)) -> 1 | J71: LS | K71: 604.8192 | L71: =K71*I71 -> 604.8192 | M71: =IF(VLOOKUP(E71,'HOURLY RATES'!C$6:D$105,2,0)=0,$E$3,VLOOKUP(E71,'HOURLY RATES'!C$6:D$105,2,0)) -> 47.24 | N71: =M71*L71 -> 28571.659 | P71: =O71*I71 -> 0 | Q71: =P71+N71 -> 28571.659 | S71: =((((N71*(1+$D$7))+(P71*(1+$D$5+$D$6)))*(1+$D$8)))/I71 -> 36250.292 | T71: =S71*I71 -> 36250.292
A72: =IF(J72<>"",1+MAX($A$18:A71),"")
A73: =IF(J73<>"",1+MAX($A$18:A72),"") | F73: Renovation
A74: =IF(J74<>"",1+MAX($A$18:A73),"") | F74: Building #1 (13,738 Sf) – Educational
A75: =IF(J75<>"",1+MAX($A$18:A74),"") -> 35 | B75: Master Plan | E75: Roofer | F75: Roof Replacement (Asphalt Shingles): (13738 Sf) Removal Of Existing Roofing And Installation Of New Asphalt Shingle Roof System Including Underlayment | G75: 1 | H75: =IF(VLOOKUP(J75,'HOURLY RATES'!B$116:C$124,2,0)=0,$J$3,VLOOKUP(J75,'HOURLY RATES'!B$116:C$124,2,0)) -> 0 | I75: =(G75*(1+H75)) -> 1 | J75: LS | K75: 1663.2528 | L75: =K75*I75 -> 1663.2528 | M75: =IF(VLOOKUP(E75,'HOURLY RATES'!C$6:D$105,2,0)=0,$E$3,VLOOKUP(E75,'HOURLY RATES'!C$6:D$105,2,0)) -> 47.24 | N75: =M75*L75 -> 78572.062 | O75: 134077.25 | P75: =O75*I75 -> 134077.25 | Q75: =P75+N75 -> 212649.31 | S75: =((((N75*(1+$D$7))+(P75*(1+$D$5+$D$6)))*(1+$D$8)))/I75 -> 302658.72 | T75: =S75*I75 -> 302658.72
A76: =IF(J76<>"",1+MAX($A$18:A75),"") -> 36 | B76: Master Plan | E76: Doors & Hardware | F76: Doors & Windows: (13738 Sf) Replacement Of Exterior And Interior Doors, Windows, Frames, And Associated Hardware. | G76: 1 | H76: =IF(VLOOKUP(J76,'HOURLY RATES'!B$116:C$124,2,0)=0,$J$3,VLOOKUP(J76,'HOURLY RATES'!B$116:C$124,2,0)) -> 0 | I76: =(G76*(1+H76)) -> 1 | J76: LS | K76: 332.65056 | L76: =K76*I76 -> 332.65056 | M76: =IF(VLOOKUP(E76,'HOURLY RATES'!C$6:D$105,2,0)=0,$E$3,VLOOKUP(E76,'HOURLY RATES'!C$6:D$105,2,0)) -> 43.3 | N76: =M76*L76 -> 14403.769 | O76: 132749.75 | P76: =O76*I76 -> 132749.75 | Q76: =P76+N76 -> 147153.52 | S76: =((((N76*(1+$D$7))+(P76*(1+$D$5+$D$6)))*(1+$D$8)))/I76 -> 219235.59 | T76: =S76*I76 -> 219235.59
A77: =IF(J77<>"",1+MAX($A$18:A76),"") -> 37 | B77: Master Plan | E77: Interior Painter | F77: Interior Finishes: (13738 Sf) New Flooring, Painting, Wall Finishes, And Ceiling Systems. | G77: 1 | H77: =IF(VLOOKUP(J77,'HOURLY RATES'!B$116:C$124,2,0)=0,$J$3,VLOOKUP(J77,'HOURLY RATES'!B$116:C$124,2,0)) -> 0 | I77: =(G77*(1+H77)) -> 1 | J77: LS | K77: 415.8132 | L77: =K77*I77 -> 415.8132 | M77: =IF(VLOOKUP(E77,'HOURLY RATES'!C$6:D$105,2,0)=0,$E$3,VLOOKUP(E77,'HOURLY RATES'!C$6:D$105,2,0)) -> 46.9 | N77: =M77*L77 -> 19501.639 | O77: 66374.877 | P77: =O77*I77 -> 66374.877 | Q77: =P77+N77 -> 85876.516 | S77: =((((N77*(1+$D$7))+(P77*(1+$D$5+$D$6)))*(1+$D$8)))/I77 -> 125223.11 | T77: =S77*I77 -> 125223.11
A78: =IF(J78<>"",1+MAX($A$18:A77),"") -> 38 | B78: Master Plan | E78: Mechanical | F78: Hvac Replacement: (13738 Sf) New Hvac Equipment, Ductwork, Controls, And Air Distribution Systems. | G78: 1 | H78: =IF(VLOOKUP(J78,'HOURLY RATES'!B$116:C$124,2,0)=0,$J$3,VLOOKUP(J78,'HOURLY RATES'!B$116:C$124,2,0)) -> 0 | I78: =(G78*(1+H78)) -> 1 | J78: LS | K78: 374.23188 | L78: =K78*I78 -> 374.23188 | M78: =IF(VLOOKUP(E78,'HOURLY RATES'!C$6:D$105,2,0)=0,$E$3,VLOOKUP(E78,'HOURLY RATES'!C$6:D$105,2,0)) -> 56.24 | N78: =M78*L78 -> 21046.801 | O78: 123899.77 | P78: =O78*I78 -> 123899.77 | Q78: =P78+N78 -> 144946.57 | S78: =((((N78*(1+$D$7))+(P78*(1+$D$5+$D$6)))*(1+$D$8)))/I78 -> 214266.55 | T78: =S78*I78 -> 214266.55
A79: =IF(J79<>"",1+MAX($A$18:A78),"") -> 39 | B79: Master Plan | E79: Plumber | F79: Plumbing Replacement: (13738 Sf) New Domestic Supply And Waste Lines, Valves, And Plumbing Fixtures. | G79: 1 | H79: =IF(VLOOKUP(J79,'HOURLY RATES'!B$116:C$124,2,0)=0,$J$3,VLOOKUP(J79,'HOURLY RATES'!B$116:C$124,2,0)) -> 0 | I79: =(G79*(1+H79)) -> 1 | J79: LS | K79: 395.02254 | L79: =K79*I79 -> 395.02254 | M79: =IF(VLOOKUP(E79,'HOURLY RATES'!C$6:D$105,2,0)=0,$E$3,VLOOKUP(E79,'HOURLY RATES'!C$6:D$105,2,0)) -> 52.58 | N79: =M79*L79 -> 20770.285 | O79: 132749.75 | P79: =O79*I79 -> 132749.75 | Q79: =P79+N79 -> 153520.04 | S79: =((((N79*(1+$D$7))+(P79*(1+$D$5+$D$6)))*(1+$D$8)))/I79 -> 227313.11 | T79: =S79*I79 -> 227313.11
A80: =IF(J80<>"",1+MAX($A$18:A79),"") -> 40 | B80: Master Plan | E80: Electrician | F80: Electrical Replacement: (13738 Sf) New Wiring Circuits, Panels, Lighting Fixtures, Switches, And Power Devices. | G80: 1 | H80: =IF(VLOOKUP(J80,'HOURLY RATES'!B$116:C$124,2,0)=0,$J$3,VLOOKUP(J80,'HOURLY RATES'!B$116:C$124,2,0)) -> 0 | I80: =(G80*(1+H80)) -> 1 | J80: LS | K80: 415.8132 | L80: =K80*I80 -> 415.8132 | M80: =IF(VLOOKUP(E80,'HOURLY RATES'!C$6:D$105,2,0)=0,$E$3,VLOOKUP(E80,'HOURLY RATES'!C$6:D$105,2,0)) -> 60.92 | N80: =M80*L80 -> 25331.34 | O80: 154874.71 | P80: =O80*I80 -> 154874.71 | Q80: =P80+N80 -> 180206.05 | S80: =((((N80*(1+$D$7))+(P80*(1+$D$5+$D$6)))*(1+$D$8)))/I80 -> 266593.42 | T80: =S80*I80 -> 266593.42
A81: =IF(J81<>"",1+MAX($A$18:A80),"") -> 41 | B81: Master Plan | E81: Finish Carpenter | F81: Ada Restroom Upgrades: (13738 Sf) Accessible Restroom Modifications Including Clearances, Fixtures, Partitions, And Ada-Compliant Accessories. | G81: 1 | H81: =IF(VLOOKUP(J81,'HOURLY RATES'!B$116:C$124,2,0)=0,$J$3,VLOOKUP(J81,'HOURLY RATES'!B$116:C$124,2,0)) -> 0 | I81: =(G81*(1+H81)) -> 1 | J81: LS | K81: 166.32528 | L81: =K81*I81 -> 166.32528 | M81: =IF(VLOOKUP(E81,'HOURLY RATES'!C$6:D$105,2,0)=0,$E$3,VLOOKUP(E81,'HOURLY RATES'!C$6:D$105,2,0)) -> 41.1 | N81: =M81*L81 -> 6835.969 | O81: 88499.836 | P81: =O81*I81 -> 88499.836 | Q81: =P81+N81 -> 95335.805 | S81: =((((N81*(1+$D$7))+(P81*(1+$D$5+$D$6)))*(1+$D$8)))/I81 -> 142647.01 | T81: =S81*I81 -> 142647.01
A82: =IF(J82<>"",1+MAX($A$18:A81),"")
A83: SUB TOTAL | K83: Total Lab. Hours = | L83: =SUM(L18:L82) -> 7479.7705 | M83: Total Lab. Cost = | N83: =SUM(N18:N82) -> 386371.54 | O83: Total Mat. Cost = | P83: =SUM(P18:P82) -> 833225.95 | Q83: =SUM(Q18:Q82) -> 1219597.5 | R83: =SUM(R18:R82) -> 1219597.5 | T83: =SUM(T18:T82) -> 1751572.9
A84: MATERIAL TAX | M84: =D5 -> 0.09146 | P84: =P83*M84 -> 76206.846 | Q84: =P84+N84 -> 76206.846 | R84: =Q84 -> 76206.846
A85: OVERHEAD & PROFIT / INFLATION (Material) | M85: =D6 -> 0.4 | P85: =P83*M85 -> 333290.38 | Q85: =P85+N85 -> 333290.38 | R85: =Q85 -> 333290.38
A86: OVERHEAD & PROFIT (Labor) | M86: =D7 -> 0.25 | N86: =N83*M86 -> 96592.884 | Q86: =P86+N86 -> 96592.884 | R86: =Q86 -> 96592.884
A87: BOND FEE | M87: =D8 -> 0.015 | N87: =(N83+N84+N85+N86)*M87 -> 7244.4663 | P87: =(P83+P84+P85+P86)*M87 -> 18640.848 | Q87: =P87+N87 -> 25885.314 | R87: =Q87 -> 25885.314
A88: TOTAL BASE BID | N88: =SUM(N83:N87) -> 490208.89 | P88: =SUM(P83:P87) -> 1261364 | Q88: =SUM(Q83:Q87) -> 1751572.9 | R88: =SUM(R83:R87) -> 1751572.9 | T88: =T83 -> 1751572.9

Sheet Building #2-Educational
A1: ITEM # | B1: REF. SHEET | C1: DETAIL | D1: CSI SECT | E1: Sub Contractor | F1: DESCRIPTION | G1: QTY. | H1: WASTAGE | I1: QTY WITH WASTAGE | J1: UNIT | K1: UNIT LABOR HOURS | L1: TOTAL LABOR HOURS | M1: PER HOUR LABOR RATE | N1: TOTAL LABOR COST | O1: UNIT MATERIAL COST | P1: TOTAL MATERIAL COST | Q1: ITEM COST | R1: TRADE COST | S1: UNIT ITEM COST WITH MARKUPS | T1: TOTAL ITEM COST WITH MARKUPS
A2: Estimate of Materials Quantities and Cost of Construction
B3: CLICK HERE TO GO BACK TO COST SUMMARY
D4: Sub-Total | E4: =Q83 -> 863790.38 | J4: Date: | K4: 45985
C5: Material Sales Tax | D5: 0.09146 | E5: =P83*D5 -> 56840.781 | F5: (Adjust the percentage for Material tax as required) | J5: Project: | K5: Greater Floyd Campus Master Plan
C6: Overhead & Profit / Inflation (Material) | D6: 0.4 | E6: =P83*D6 -> 248592.96 | F6: (Adjust the percentage for Overhead & Profit as required) | J6: Project Location: | K6: Montgomery, AL
C7: Overhead & Profit (Labor) | D7: 0.25 | E7: =N83*D7 -> 60576.994 | F7: (Adjust the percentage for Overhead & Profit as required) | J7: Project and Wage Type: | K7: Private (Non-Prevailing wage)
C8: Bond Fee | D8: 0.015 | E8: =(E4+E5+E6+E7)*D8 -> 18447.017 | F8: (Adjust the percentage for Bond Fee as required) | K8: Educational Building #2
D9: Total Bid | E9: =E4+E5+E6+E7+E8 -> 1248248.1 | J9: Gross Internal Area of Structure (SF)
J10: Covered Area of Structure (SF) | K10: 8964
C11: Material Wastage 1 | D11: 0 | E11: ( for Quantities in Each & LS) | J11: No. of Units
C12: Material Wastage 2 | D12: 0.05 | E12: ( for Quantities in LF, SF, SY, CY, LBS, TONS) | J12: No. of Floors and Overall Height
B13: (Changing the wastage percentage here will update the wastage for whole tab) | J13: Hardscaping Area (SF) | K13: 0
J14: Soft scaping Area (SF) | K14: 0
B15: To change hourly rates for any trade please go to "Hourly Rates" Tab
A17: ITEM # | B17: REF. SHEET | C17: DETAIL | D17: CSI SECT | E17: Sub Contractor | F17: DESCRIPTION | G17: QTY. | H17: WASTAGE | I17: QTY WITH WASTAGE | J17: UNIT | K17: UNIT LABOR HOURS | L17: TOTAL LABOR HOURS | M17: PER HOUR LABOR RATE | N17: TOTAL LABOR COST | O17: UNIT MATERIAL COST | P17: TOTAL MATERIAL COST | Q17: ITEM COST | R17: TRADE COST | S17: UNIT COST WITH MARKUPS | T17: TOTAL COST WITH MARKUPS
D18: DIV-01 | F18: General | R18: =SUM(Q19:Q65) -> 121351.62 | U18: =SUM(Q68:Q82) -> 742438.77
F20: Plan Design And Permitting
A21: =IF(J21<>"",1+MAX($A$18:A20),"") -> 1 | D21: DIV-01 | E21: General Requirements | F21: Architecture (Assumed By Owner) | G21: 1 | H21: =IF(VLOOKUP(J21,'HOURLY RATES'!B$116:C$124,2,0)=0,$J$3,VLOOKUP(J21,'HOURLY RATES'!B$116:C$124,2,0)) -> 0 | I21: =(G21*(1+H21)) -> 1 | J21: LS | L21: =K21*I21 -> 0 | M21: =IF(VLOOKUP(E21,'HOURLY RATES'!C$6:D$105,2,0)=0,$E$3,VLOOKUP(E21,'HOURLY RATES'!C$6:D$105,2,0)) -> 55.06 | N21: =M21*L21 -> 0 | Q21: =P21+N21 -> 0 | S21: =((((N21*(1+$D$7))+(P21*(1+$D$5+$D$6)))*(1+$D$8)))/I21 -> 0 | T21: =S21*I21 -> 0
A22: =IF(J22<>"",1+MAX($A$18:A21),"") -> 2 | D22: DIV-01 | E22: General Requirements | F22: Engineering (Assumed By Owner) | G22: 1 | H22: =IF(VLOOKUP(J22,'HOURLY RATES'!B$116:C$124,2,0)=0,$J$3,VLOOKUP(J22,'HOURLY RATES'!B$116:C$124,2,0)) -> 0 | I22: =(G22*(1+H22)) -> 1 | J22: LS | L22: =K22*I22 -> 0 | M22: =IF(VLOOKUP(E22,'HOURLY RATES'!C$6:D$105,2,0)=0,$E$3,VLOOKUP(E22,'HOURLY RATES'!C$6:D$105,2,0)) -> 55.06 | N22: =M22*L22 -> 0 | Q22: =P22+N22 -> 0 | S22: =((((N22*(1+$D$7))+(P22*(1+$D$5+$D$6)))*(1+$D$8)))/I22 -> 0 | T22: =S22*I22 -> 0
A23: =IF(J23<>"",1+MAX($A$18:A22),"") -> 3 | D23: DIV-01 | E23: General Requirements | F23: Surveying | G23: 1 | H23: =IF(VLOOKUP(J23,'HOURLY RATES'!B$116:C$124,2,0)=0,$J$3,VLOOKUP(J23,'HOURLY RATES'!B$116:C$124,2,0)) -> 0 | I23: =(G23*(1+H23)) -> 1 | J23: LS | L23: =K23*I23 -> 0 | M23: =IF(VLOOKUP(E23,'HOURLY RATES'!C$6:D$105,2,0)=0,$E$3,VLOOKUP(E23,'HOURLY RATES'!C$6:D$105,2,0)) -> 55.06 | N23: =M23*L23 -> 0 | Q23: =P23+N23 -> 0 | S23: =((((N23*(1+$D$7))+(P23*(1+$D$5+$D$6)))*(1+$D$8)))/I23 -> 0 | T23: =S23*I23 -> 0
A24: =IF(J24<>"",1+MAX($A$18:A23),"") -> 4 | D24: DIV-01 | E24: General Requirements | F24: Soils Report (Assumed By Owner) | G24: 1 | H24: =IF(VLOOKUP(J24,'HOURLY RATES'!B$116:C$124,2,0)=0,$J$3,VLOOKUP(J24,'HOURLY RATES'!B$116:C$124,2,0)) -> 0 | I24: =(G24*(1+H24)) -> 1 | J24: LS | L24: =K24*I24 -> 0 | M24: =IF(VLOOKUP(E24,'HOURLY RATES'!C$6:D$105,2,0)=0,$E$3,VLOOKUP(E24,'HOURLY RATES'!C$6:D$105,2,0)) -> 55.06 | N24: =M24*L24 -> 0 | Q24: =P24+N24 -> 0 | S24: =((((N24*(1+$D$7))+(P24*(1+$D$5+$D$6)))*(1+$D$8)))/I24 -> 0 | T24: =S24*I24 -> 0
A25: =IF(J25<>"",1+MAX($A$18:A24),"") -> 5 | D25: DIV-01 | E25: General Requirements | F25: Geological Report (Assumed By Owner) | G25: 1 | H25: =IF(VLOOKUP(J25,'HOURLY RATES'!B$116:C$124,2,0)=0,$J$3,VLOOKUP(J25,'HOURLY RATES'!B$116:C$124,2,0)) -> 0 | I25: =(G25*(1+H25)) -> 1 | J25: LS | L25: =K25*I25 -> 0 | M25: =IF(VLOOKUP(E25,'HOURLY RATES'!C$6:D$105,2,0)=0,$E$3,VLOOKUP(E25,'HOURLY RATES'!C$6:D$105,2,0)) -> 55.06 | N25: =M25*L25 -> 0 | Q25: =P25+N25 -> 0 | S25: =((((N25*(1+$D$7))+(P25*(1+$D$5+$D$6)))*(1+$D$8)))/I25 -> 0 | T25: =S25*I25 -> 0
A26: =IF(J26<>"",1+MAX($A$18:A25),"") -> 6 | D26: DIV-01 | E26: General Requirements | F26: Concrete Testing | G26: 1 | H26: =IF(VLOOKUP(J26,'HOURLY RATES'!B$116:C$124,2,0)=0,$J$3,VLOOKUP(J26,'HOURLY RATES'!B$116:C$124,2,0)) -> 0 | I26: =(G26*(1+H26)) -> 1 | J26: LS | L26: =K26*I26 -> 0 | M26: =IF(VLOOKUP(E26,'HOURLY RATES'!C$6:D$105,2,0)=0,$E$3,VLOOKUP(E26,'HOURLY RATES'!C$6:D$105,2,0)) -> 55.06 | N26: =M26*L26 -> 0 | Q26: =P26+N26 -> 0 | S26: =((((N26*(1+$D$7))+(P26*(1+$D$5+$D$6)))*(1+$D$8)))/I26 -> 0 | T26: =S26*I26 -> 0
A27: =IF(J27<>"",1+MAX($A$18:A26),"") -> 7 | D27: DIV-01 | E27: General Requirements | F27: Permit Fee | G27: 1 | H27: =IF(VLOOKUP(J27,'HOURLY RATES'!B$116:C$124,2,0)=0,$J$3,VLOOKUP(J27,'HOURLY RATES'!B$116:C$124,2,0)) -> 0 | I27: =(G27*(1+H27)) -> 1 | J27: LS | K27: =1%*($U$18)/M27 -> 134.84177 | L27: =K27*I27 -> 134.84177 | M27: =IF(VLOOKUP(E27,'HOURLY RATES'!C$6:D$105,2,0)=0,$E$3,VLOOKUP(E27,'HOURLY RATES'!C$6:D$105,2,0)) -> 55.06 | N27: =M27*L27 -> 7424.3877 | Q27: =P27+N27 -> 7424.3877 | S27: =((((N27*(1+$D$7))+(P27*(1+$D$5+$D$6)))*(1+$D$8)))/I27 -> 9419.6919 | T27: =S27*I27 -> 9419.6919
A28: =IF(J28<>"",1+MAX($A$18:A27),"") -> 8 | D28: DIV-01 | E28: General Requirements | F28: Permits (Based On Interior Finish Area) | G28: 1 | H28: =IF(VLOOKUP(J28,'HOURLY RATES'!B$116:C$124,2,0)=0,$J$3,VLOOKUP(J28,'HOURLY RATES'!B$116:C$124,2,0)) -> 0 | I28: =(G28*(1+H28)) -> 1 | J28: LS | L28: =K28*I28 -> 0 | M28: =IF(VLOOKUP(E28,'HOURLY RATES'!C$6:D$105,2,0)=0,$E$3,VLOOKUP(E28,'HOURLY RATES'!C$6:D$105,2,0)) -> 55.06 | N28: =M28*L28 -> 0 | Q28: =P28+N28 -> 0 | S28: =((((N28*(1+$D$7))+(P28*(1+$D$5+$D$6)))*(1+$D$8)))/I28 -> 0 | T28: =S28*I28 -> 0
A29: =IF(J29<>"",1+MAX($A$18:A28),"") -> 9 | D29: DIV-01 | E29: General Requirements | F29: Plan Coordination | G29: 1 | H29: =IF(VLOOKUP(J29,'HOURLY RATES'!B$116:C$124,2,0)=0,$J$3,VLOOKUP(J29,'HOURLY RATES'!B$116:C$124,2,0)) -> 0 | I29: =(G29*(1+H29)) -> 1 | J29: LS | L29: =K29*I29 -> 0 | M29: =IF(VLOOKUP(E29,'HOURLY RATES'!C$6:D$105,2,0)=0,$E$3,VLOOKUP(E29,'HOURLY RATES'!C$6:D$105,2,0)) -> 55.06 | N29: =M29*L29 -> 0 | Q29: =P29+N29 -> 0 | S29: =((((N29*(1+$D$7))+(P29*(1+$D$5+$D$6)))*(1+$D$8)))/I29 -> 0 | T29: =S29*I29 -> 0
A30: =IF(J30<>"",1+MAX($A$18:A29),"") -> 10 | D30: DIV-01 | E30: General Requirements | F30: Roof Inspection | G30: 1 | H30: =IF(VLOOKUP(J30,'HOURLY RATES'!B$116:C$124,2,0)=0,$J$3,VLOOKUP(J30,'HOURLY RATES'!B$116:C$124,2,0)) -> 0 | I30: =(G30*(1+H30)) -> 1 | J30: LS | L30: =K30*I30 -> 0 | M30: =IF(VLOOKUP(E30,'HOURLY RATES'!C$6:D$105,2,0)=0,$E$3,VLOOKUP(E30,'HOURLY RATES'!C$6:D$105,2,0)) -> 55.06 | N30: =M30*L30 -> 0 | Q30: =P30+N30 -> 0 | S30: =((((N30*(1+$D$7))+(P30*(1+$D$5+$D$6)))*(1+$D$8)))/I30 -> 0 | T30: =S30*I30 -> 0
A31: =IF(J31<>"",1+MAX($A$18:A30),"") -> 11 | D31: DIV-01 | E31: General Requirements | F31: Blueprints (?? Pages) | G31: 1 | H31: =IF(VLOOKUP(J31,'HOURLY RATES'!B$116:C$124,2,0)=0,$J$3,VLOOKUP(J31,'HOURLY RATES'!B$116:C$124,2,0)) -> 0 | I31: =(G31*(1+H31)) -> 1 | J31: LS | L31: =K31*I31 -> 0 | M31: =IF(VLOOKUP(E31,'HOURLY RATES'!C$6:D$105,2,0)=0,$E$3,VLOOKUP(E31,'HOURLY RATES'!C$6:D$105,2,0)) -> 55.06 | N31: =M31*L31 -> 0 | Q31: =P31+N31 -> 0 | S31: =((((N31*(1+$D$7))+(P31*(1+$D$5+$D$6)))*(1+$D$8)))/I31 -> 0 | T31: =S31*I31 -> 0
A32: =IF(J32<>"",1+MAX($A$18:A31),"")
A33: =IF(J33<>"",1+MAX($A$18:A32),"") | F33: Utilities
A34: =IF(J34<>"",1+MAX($A$18:A33),"") -> 12 | D34: DIV-01 | E34: General Requirements | F34: Utilities During Construction (Based On Interior Finish Area) | G34: 1 | H34: =IF(VLOOKUP(J34,'HOURLY RATES'!B$116:C$124,2,0)=0,$J$3,VLOOKUP(J34,'HOURLY RATES'!B$116:C$124,2,0)) -> 0 | I34: =(G34*(1+H34)) -> 1 | J34: LS | K34: =0.288%*(U18)/M34 -> 38.834429 | L34: =K34*I34 -> 38.834429 | M34: =IF(VLOOKUP(E34,'HOURLY RATES'!C$6:D$105,2,0)=0,$E$3,VLOOKUP(E34,'HOURLY RATES'!C$6:D$105,2,0)) -> 55.06 | N34: =M34*L34 -> 2138.2236 | Q34: =P34+N34 -> 2138.2236 | S34: =((((N34*(1+$D$7))+(P34*(1+$D$5+$D$6)))*(1+$D$8)))/I34 -> 2712.8713 | T34: =S34*I34 -> 2712.8713
A35: =IF(J35<>"",1+MAX($A$18:A34),"") -> 13 | D35: DIV-01 | E35: General Requirements | F35: Port-O-Potty (Based On Interior Finish Area) | G35: 1 | H35: =IF(VLOOKUP(J35,'HOURLY RATES'!B$116:C$124,2,0)=0,$J$3,VLOOKUP(J35,'HOURLY RATES'!B$116:C$124,2,0)) -> 0 | I35: =(G35*(1+H35)) -> 1 | J35: LS | K35: =0.257%*(U18)/M35 -> 34.654334 | L35: =K35*I35 -> 34.654334 | M35: =IF(VLOOKUP(E35,'HOURLY RATES'!C$6:D$105,2,0)=0,$E$3,VLOOKUP(E35,'HOURLY RATES'!C$6:D$105,2,0)) -> 55.06 | N35: =M35*L35 -> 1908.0676 | Q35: =P35+N35 -> 1908.0676 | S35: =((((N35*(1+$D$7))+(P35*(1+$D$5+$D$6)))*(1+$D$8)))/I35 -> 2420.8608 | T35: =S35*I35 -> 2420.8608
A36: =IF(J36<>"",1+MAX($A$18:A35),"") -> 14 | D36: DIV-01 | E36: General Requirements | F36: Temporary Power (Based On Interior Finish Area) | G36: 1 | H36: =IF(VLOOKUP(J36,'HOURLY RATES'!B$116:C$124,2,0)=0,$J$3,VLOOKUP(J36,'HOURLY RATES'!B$116:C$124,2,0)) -> 0 | I36: =(G36*(1+H36)) -> 1 | J36: LS | K36: =0.65%*(U18)/M36 -> 87.647148 | L36: =K36*I36 -> 87.647148 | M36: =IF(VLOOKUP(E36,'HOURLY RATES'!C$6:D$105,2,0)=0,$E$3,VLOOKUP(E36,'HOURLY RATES'!C$6:D$105,2,0)) -> 55.06 | N36: =M36*L36 -> 4825.852 | Q36: =P36+N36 -> 4825.852 | S36: =((((N36*(1+$D$7))+(P36*(1+$D$5+$D$6)))*(1+$D$8)))/I36 -> 6122.7997 | T36: =S36*I36 -> 6122.7997
A37: =IF(J37<>"",1+MAX($A$18:A36),"")
A38: =IF(J38<>"",1+MAX($A$18:A37),"") | F38: Equipment And Tools
A39: =IF(J39<>"",1+MAX($A$18:A38),"") -> 15 | D39: DIV-01 | E39: General Requirements | F39: Tool Rentals | G39: 1 | H39: =IF(VLOOKUP(J39,'HOURLY RATES'!B$116:C$124,2,0)=0,$J$3,VLOOKUP(J39,'HOURLY RATES'!B$116:C$124,2,0)) -> 0 | I39: =(G39*(1+H39)) -> 1 | J39: LS | L39: =K39*I39 -> 0 | M39: =IF(VLOOKUP(E39,'HOURLY RATES'!C$6:D$105,2,0)=0,$E$3,VLOOKUP(E39,'HOURLY RATES'!C$6:D$105,2,0)) -> 55.06 | N39: =M39*L39 -> 0 | Q39: =P39+N39 -> 0 | S39: =((((N39*(1+$D$7))+(P39*(1+$D$5+$D$6)))*(1+$D$8)))/I39 -> 0 | T39: =S39*I39 -> 0
A40: =IF(J40<>"",1+MAX($A$18:A39),"") -> 16 | D40: DIV-01 | E40: General Requirements | F40: Tool Shed | G40: 1 | H40: =IF(VLOOKUP(J40,'HOURLY RATES'!B$116:C$124,2,0)=0,$J$3,VLOOKUP(J40,'HOURLY RATES'!B$116:C$124,2,0)) -> 0 | I40: =(G40*(1+H40)) -> 1 | J40: LS | L40: =K40*I40 -> 0 | M40: =IF(VLOOKUP(E40,'HOURLY RATES'!C$6:D$105,2,0)=0,$E$3,VLOOKUP(E40,'HOURLY RATES'!C$6:D$105,2,0)) -> 55.06 | N40: =M40*L40 -> 0 | Q40: =P40+N40 -> 0 | S40: =((((N40*(1+$D$7))+(P40*(1+$D$5+$D$6)))*(1+$D$8)))/I40 -> 0 | T40: =S40*I40 -> 0
A41: =IF(J41<>"",1+MAX($A$18:A40),"") -> 17 | D41: DIV-01 | E41: General Requirements | F41: Dust Control | G41: 1 | H41: =IF(VLOOKUP(J41,'HOURLY RATES'!B$116:C$124,2,0)=0,$J$3,VLOOKUP(J41,'HOURLY RATES'!B$116:C$124,2,0)) -> 0 | I41: =(G41*(1+H41)) -> 1 | J41: LS | L41: =K41*I41 -> 0 | M41: =IF(VLOOKUP(E41,'HOURLY RATES'!C$6:D$105,2,0)=0,$E$3,VLOOKUP(E41,'HOURLY RATES'!C$6:D$105,2,0)) -> 55.06 | N41: =M41*L41 -> 0 | Q41: =P41+N41 -> 0 | S41: =((((N41*(1+$D$7))+(P41*(1+$D$5+$D$6)))*(1+$D$8)))/I41 -> 0 | T41: =S41*I41 -> 0
A42: =IF(J42<>"",1+MAX($A$18:A41),"") -> 18 | D42: DIV-01 | E42: General Requirements | F42: Ice, Water, Beverages | G42: 1 | H42: =IF(VLOOKUP(J42,'HOURLY RATES'!B$116:C$124,2,0)=0,$J$3,VLOOKUP(J42,'HOURLY RATES'!B$116:C$124,2,0)) -> 0 | I42: =(G42*(1+H42)) -> 1 | J42: LS | L42: =K42*I42 -> 0 | M42: =IF(VLOOKUP(E42,'HOURLY RATES'!C$6:D$105,2,0)=0,$E$3,VLOOKUP(E42,'HOURLY RATES'!C$6:D$105,2,0)) -> 55.06 | N42: =M42*L42 -> 0 | Q42: =P42+N42 -> 0 | S42: =((((N42*(1+$D$7))+(P42*(1+$D$5+$D$6)))*(1+$D$8)))/I42 -> 0 | T42: =S42*I42 -> 0
A43: =IF(J43<>"",1+MAX($A$18:A42),"") -> 19 | D43: DIV-01 | E43: General Requirements | F43: Garbage Dumpster / Trash Containers | G43: 1 | H43: =IF(VLOOKUP(J43,'HOURLY RATES'!B$116:C$124,2,0)=0,$J$3,VLOOKUP(J43,'HOURLY RATES'!B$116:C$124,2,0)) -> 0 | I43: =(G43*(1+H43)) -> 1 | J43: LS | L43: =K43*I43 -> 0 | M43: =IF(VLOOKUP(E43,'HOURLY RATES'!C$6:D$105,2,0)=0,$E$3,VLOOKUP(E43,'HOURLY RATES'!C$6:D$105,2,0)) -> 55.06 | N43: =M43*L43 -> 0 | Q43: =P43+N43 -> 0 | S43: =((((N43*(1+$D$7))+(P43*(1+$D$5+$D$6)))*(1+$D$8)))/I43 -> 0 | T43: =S43*I43 -> 0
A44: =IF(J44<>"",1+MAX($A$18:A43),"") -> 20 | D44: DIV-01 | E44: General Requirements | F44: Mobilization/Demobilization (Temporary Control & Facilities) | G44: 1 | H44: =IF(VLOOKUP(J44,'HOURLY RATES'!B$116:C$124,2,0)=0,$J$3,VLOOKUP(J44,'HOURLY RATES'!B$116:C$124,2,0)) -> 0 | I44: =(G44*(1+H44)) -> 1 | J44: LS | K44: =4.5%*($U$18)/M44 -> 606.78795 | L44: =K44*I44 -> 606.78795 | M44: =IF(VLOOKUP(E44,'HOURLY RATES'!C$6:D$105,2,0)=0,$E$3,VLOOKUP(E44,'HOURLY RATES'!C$6:D$105,2,0)) -> 55.06 | N44: =M44*L44 -> 33409.745 | Q44: =P44+N44 -> 33409.745 | S44: =((((N44*(1+$D$7))+(P44*(1+$D$5+$D$6)))*(1+$D$8)))/I44 -> 42388.613 | T44: =S44*I44 -> 42388.613
A45: =IF(J45<>"",1+MAX($A$18:A44),"")
A46: =IF(J46<>"",1+MAX($A$18:A45),"") | F46: Signage And Promotion
A47: =IF(J47<>"",1+MAX($A$18:A46),"") -> 21 | D47: DIV-01 | E47: General Requirements | F47: Job Signs | G47: 1 | H47: =IF(VLOOKUP(J47,'HOURLY RATES'!B$116:C$124,2,0)=0,$J$3,VLOOKUP(J47,'HOURLY RATES'!B$116:C$124,2,0)) -> 0 | I47: =(G47*(1+H47)) -> 1 | J47: LS | L47: =K47*I47 -> 0 | M47: =IF(VLOOKUP(E47,'HOURLY RATES'!C$6:D$105,2,0)=0,$E$3,VLOOKUP(E47,'HOURLY RATES'!C$6:D$105,2,0)) -> 55.06 | N47: =M47*L47 -> 0 | Q47: =P47+N47 -> 0 | S47: =((((N47*(1+$D$7))+(P47*(1+$D$5+$D$6)))*(1+$D$8)))/I47 -> 0 | T47: =S47*I47 -> 0
A48: =IF(J48<>"",1+MAX($A$18:A47),"") -> 22 | D48: DIV-01 | E48: General Requirements | F48: Job Photos | G48: 1 | H48: =IF(VLOOKUP(J48,'HOURLY RATES'!B$116:C$124,2,0)=0,$J$3,VLOOKUP(J48,'HOURLY RATES'!B$116:C$124,2,0)) -> 0 | I48: =(G48*(1+H48)) -> 1 | J48: LS | L48: =K48*I48 -> 0 | M48: =IF(VLOOKUP(E48,'HOURLY RATES'!C$6:D$105,2,0)=0,$E$3,VLOOKUP(E48,'HOURLY RATES'!C$6:D$105,2,0)) -> 55.06 | N48: =M48*L48 -> 0 | Q48: =P48+N48 -> 0 | S48: =((((N48*(1+$D$7))+(P48*(1+$D$5+$D$6)))*(1+$D$8)))/I48 -> 0 | T48: =S48*I48 -> 0
A49: =IF(J49<>"",1+MAX($A$18:A48),"") -> 23 | D49: DIV-01 | E49: General Requirements | F49: Signage | G49: 1 | H49: =IF(VLOOKUP(J49,'HOURLY RATES'!B$116:C$124,2,0)=0,$J$3,VLOOKUP(J49,'HOURLY RATES'!B$116:C$124,2,0)) -> 0 | I49: =(G49*(1+H49)) -> 1 | J49: LS | L49: =K49*I49 -> 0 | M49: =IF(VLOOKUP(E49,'HOURLY RATES'!C$6:D$105,2,0)=0,$E$3,VLOOKUP(E49,'HOURLY RATES'!C$6:D$105,2,0)) -> 55.06 | N49: =M49*L49 -> 0 | Q49: =P49+N49 -> 0 | S49: =((((N49*(1+$D$7))+(P49*(1+$D$5+$D$6)))*(1+$D$8)))/I49 -> 0 | T49: =S49*I49 -> 0
A50: =IF(J50<>"",1+MAX($A$18:A49),"") -> 24 | D50: DIV-01 | E50: General Requirements | F50: Promotion/Entertainment | G50: 1 | H50: =IF(VLOOKUP(J50,'HOURLY RATES'!B$116:C$124,2,0)=0,$J$3,VLOOKUP(J50,'HOURLY RATES'!B$116:C$124,2,0)) -> 0 | I50: =(G50*(1+H50)) -> 1 | J50: LS | L50: =K50*I50 -> 0 | M50: =IF(VLOOKUP(E50,'HOURLY RATES'!C$6:D$105,2,0)=0,$E$3,VLOOKUP(E50,'HOURLY RATES'!C$6:D$105,2,0)) -> 55.06 | N50: =M50*L50 -> 0 | Q50: =P50+N50 -> 0 | S50: =((((N50*(1+$D$7))+(P50*(1+$D$5+$D$6)))*(1+$D$8)))/I50 -> 0 | T50: =S50*I50 -> 0
A51: =IF(J51<>"",1+MAX($A$18:A50),"") -> 25 | D51: DIV-01 | E51: General Requirements | F51: Misc. | G51: 1 | H51: =IF(VLOOKUP(J51,'HOURLY RATES'!B$116:C$124,2,0)=0,$J$3,VLOOKUP(J51,'HOURLY RATES'!B$116:C$124,2,0)) -> 0 | I51: =(G51*(1+H51)) -> 1 | J51: LS | L51: =K51*I51 -> 0 | M51: =IF(VLOOKUP(E51,'HOURLY RATES'!C$6:D$105,2,0)=0,$E$3,VLOOKUP(E51,'HOURLY RATES'!C$6:D$105,2,0)) -> 55.06 | N51: =M51*L51 -> 0 | Q51: =P51+N51 -> 0 | S51: =((((N51*(1+$D$7))+(P51*(1+$D$5+$D$6)))*(1+$D$8)))/I51 -> 0 | T51: =S51*I51 -> 0
A52: =IF(J52<>"",1+MAX($A$18:A51),"")
A53: =IF(J53<>"",1+MAX($A$18:A52),"") | F53: Cleaning And Final
A54: =IF(J54<>"",1+MAX($A$18:A53),"") -> 26 | D54: DIV-01 | E54: General Requirements | F54: Trash | G54: 1 | H54: =IF(VLOOKUP(J54,'HOURLY RATES'!B$116:C$124,2,0)=0,$J$3,VLOOKUP(J54,'HOURLY RATES'!B$116:C$124,2,0)) -> 0 | I54: =(G54*(1+H54)) -> 1 | J54: LS | L54: =K54*I54 -> 0 | M54: =IF(VLOOKUP(E54,'HOURLY RATES'!C$6:D$105,2,0)=0,$E$3,VLOOKUP(E54,'HOURLY RATES'!C$6:D$105,2,0)) -> 55.06 | N54: =M54*L54 -> 0 | Q54: =P54+N54 -> 0 | S54: =((((N54*(1+$D$7))+(P54*(1+$D$5+$D$6)))*(1+$D$8)))/I54 -> 0 | T54: =S54*I54 -> 0
A55: =IF(J55<>"",1+MAX($A$18:A54),"") -> 27 | D55: DIV-01 | E55: General Requirements | F55: Final Cleaning | G55: 1 | H55: =IF(VLOOKUP(J55,'HOURLY RATES'!B$116:C$124,2,0)=0,$J$3,VLOOKUP(J55,'HOURLY RATES'!B$116:C$124,2,0)) -> 0 | I55: =(G55*(1+H55)) -> 1 | J55: LS | K55: =0.65%*(U18)/M55 -> 87.647148 | L55: =K55*I55 -> 87.647148 | M55: =IF(VLOOKUP(E55,'HOURLY RATES'!C$6:D$105,2,0)=0,$E$3,VLOOKUP(E55,'HOURLY RATES'!C$6:D$105,2,0)) -> 55.06 | N55: =M55*L55 -> 4825.852 | Q55: =P55+N55 -> 4825.852 | S55: =((((N55*(1+$D$7))+(P55*(1+$D$5+$D$6)))*(1+$D$8)))/I55 -> 6122.7997 | T55: =S55*I55 -> 6122.7997
A56: =IF(J56<>"",1+MAX($A$18:A55),"") -> 28 | D56: DIV-01 | E56: General Requirements | F56: Window Washing (Rough # Of Windows ) | G56: 1 | H56: =IF(VLOOKUP(J56,'HOURLY RATES'!B$116:C$124,2,0)=0,$J$3,VLOOKUP(J56,'HOURLY RATES'!B$116:C$124,2,0)) -> 0 | I56: =(G56*(1+H56)) -> 1 | J56: LS | L56: =K56*I56 -> 0 | M56: =IF(VLOOKUP(E56,'HOURLY RATES'!C$6:D$105,2,0)=0,$E$3,VLOOKUP(E56,'HOURLY RATES'!C$6:D$105,2,0)) -> 55.06 | N56: =M56*L56 -> 0 | Q56: =P56+N56 -> 0 | S56: =((((N56*(1+$D$7))+(P56*(1+$D$5+$D$6)))*(1+$D$8)))/I56 -> 0 | T56: =S56*I56 -> 0
A57: =IF(J57<>"",1+MAX($A$18:A56),"") -> 29 | D57: DIV-01 | E57: General Requirements | F57: Punch List Items | G57: 1 | H57: =IF(VLOOKUP(J57,'HOURLY RATES'!B$116:C$124,2,0)=0,$J$3,VLOOKUP(J57,'HOURLY RATES'!B$116:C$124,2,0)) -> 0 | I57: =(G57*(1+H57)) -> 1 | J57: LS | L57: =K57*I57 -> 0 | M57: =IF(VLOOKUP(E57,'HOURLY RATES'!C$6:D$105,2,0)=0,$E$3,VLOOKUP(E57,'HOURLY RATES'!C$6:D$105,2,0)) -> 55.06 | N57: =M57*L57 -> 0 | Q57: =P57+N57 -> 0 | S57: =((((N57*(1+$D$7))+(P57*(1+$D$5+$D$6)))*(1+$D$8)))/I57 -> 0 | T57: =S57*I57 -> 0
A58: =IF(J58<>"",1+MAX($A$18:A57),"")
A59: =IF(J59<>"",1+MAX($A$18:A58),"") | F59: Bonds, Insurance, Legal
A60: =IF(J60<>"",1+MAX($A$18:A59),"") -> 30 | D60: DIV-01 | E60: General Requirements | F60: Casualty Insurance | G60: 1 | H60: =IF(VLOOKUP(J60,'HOURLY RATES'!B$116:C$124,2,0)=0,$J$3,VLOOKUP(J60,'HOURLY RATES'!B$116:C$124,2,0)) -> 0 | I60: =(G60*(1+H60)) -> 1 | J60: LS | L60: =K60*I60 -> 0 | M60: =IF(VLOOKUP(E60,'HOURLY RATES'!C$6:D$105,2,0)=0,$E$3,VLOOKUP(E60,'HOURLY RATES'!C$6:D$105,2,0)) -> 55.06 | N60: =M60*L60 -> 0 | Q60: =P60+N60 -> 0 | S60: =((((N60*(1+$D$7))+(P60*(1+$D$5+$D$6)))*(1+$D$8)))/I60 -> 0 | T60: =S60*I60 -> 0
A61: =IF(J61<>"",1+MAX($A$18:A60),"") -> 31 | D61: DIV-01 | E61: General Requirements | F61: Medical Insurance | G61: 1 | H61: =IF(VLOOKUP(J61,'HOURLY RATES'!B$116:C$124,2,0)=0,$J$3,VLOOKUP(J61,'HOURLY RATES'!B$116:C$124,2,0)) -> 0 | I61: =(G61*(1+H61)) -> 1 | J61: LS | L61: =K61*I61 -> 0 | M61: =IF(VLOOKUP(E61,'HOURLY RATES'!C$6:D$105,2,0)=0,$E$3,VLOOKUP(E61,'HOURLY RATES'!C$6:D$105,2,0)) -> 55.06 | N61: =M61*L61 -> 0 | Q61: =P61+N61 -> 0 | S61: =((((N61*(1+$D$7))+(P61*(1+$D$5+$D$6)))*(1+$D$8)))/I61 -> 0 | T61: =S61*I61 -> 0
A62: =IF(J62<>"",1+MAX($A$18:A61),"") -> 32 | D62: DIV-01 | E62: General Requirements | F62: General Liability Insurance | G62: 1 | H62: =IF(VLOOKUP(J62,'HOURLY RATES'!B$116:C$124,2,0)=0,$J$3,VLOOKUP(J62,'HOURLY RATES'!B$116:C$124,2,0)) -> 0 | I62: =(G62*(1+H62)) -> 1 | J62: LS | L62: =K62*I62 -> 0 | M62: =IF(VLOOKUP(E62,'HOURLY RATES'!C$6:D$105,2,0)=0,$E$3,VLOOKUP(E62,'HOURLY RATES'!C$6:D$105,2,0)) -> 55.06 | N62: =M62*L62 -> 0 | Q62: =P62+N62 -> 0 | S62: =((((N62*(1+$D$7))+(P62*(1+$D$5+$D$6)))*(1+$D$8)))/I62 -> 0 | T62: =S62*I62 -> 0
A63: =IF(J63<>"",1+MAX($A$18:A62),"")
A64: =IF(J64<>"",1+MAX($A$18:A63),"") | F64: Project Management & Supervision
A65: =IF(J65<>"",1+MAX($A$18:A64),"") -> 33 | D65: DIV-01 | E65: General Requirements | F65: Project Management & Supervision | G65: 1 | H65: =IF(VLOOKUP(J65,'HOURLY RATES'!B$116:C$124,2,0)=0,$J$3,VLOOKUP(J65,'HOURLY RATES'!B$116:C$124,2,0)) -> 0 | I65: =(G65*(1+H65)) -> 1 | J65: LS | K65: =9%*($U$18)/M65 -> 1213.5759 | L65: =K65*I65 -> 1213.5759 | M65: =IF(VLOOKUP(E65,'HOURLY RATES'!C$6:D$105,2,0)=0,$E$3,VLOOKUP(E65,'HOURLY RATES'!C$6:D$105,2,0)) -> 55.06 | N65: =M65*L65 -> 66819.489 | Q65: =P65+N65 -> 66819.489 | S65: =((((N65*(1+$D$7))+(P65*(1+$D$5+$D$6)))*(1+$D$8)))/I65 -> 84777.227 | T65: =S65*I65 -> 84777.227
A66: =IF(J66<>"",1+MAX($A$18:A65),"")
A67: =IF(J67<>"",1+MAX($A$18:A66),"") | F67: Renovation And Demolition | R67: =SUM(Q68:Q81) -> 742438.77
A68: =IF(J68<>"",1+MAX($A$18:A67),"")
A69: =IF(J69<>"",1+MAX($A$18:A68),"") | F69: Demolition
A70: =IF(J70<>"",1+MAX($A$18:A69),"") | F70: Building #2 (8,964 Sf) – Educational
A71: =IF(J71<>"",1+MAX($A$18:A70),"") -> 34 | B71: Master Plan | E71: Roofer | F71: Abatement: (8964 Sf) Removal Of Hazardous Materials Such As Asbestos And Lead With Proper Containment And Disposal. | G71: 1 | H71: =IF(VLOOKUP(J71,'HOURLY RATES'!B$116:C$124,2,0)=0,$J$3,VLOOKUP(J71,'HOURLY RATES'!B$116:C$124,2,0)) -> 0 | I71: =(G71*(1+H71)) -> 1 | J71: LS | K71: 340.2108 | L71: =K71*I71 -> 340.2108 | M71: =IF(VLOOKUP(E71,'HOURLY RATES'!C$6:D$105,2,0)=0,$E$3,VLOOKUP(E71,'HOURLY RATES'!C$6:D$105,2,0)) -> 47.24 | N71: =M71*L71 -> 16071.558 | P71: =O71*I71 -> 0 | Q71: =P71+N71 -> 16071.558 | S71: =((((N71*(1+$D$7))+(P71*(1+$D$5+$D$6)))*(1+$D$8)))/I71 -> 20390.789 | T71: =S71*I71 -> 20390.789
A72: =IF(J72<>"",1+MAX($A$18:A71),"")
A73: =IF(J73<>"",1+MAX($A$18:A72),"") | F73: Renovation
A74: =IF(J74<>"",1+MAX($A$18:A73),"") | F74: Building #2 (8,964 Sf) – Educational
A75: =IF(J75<>"",1+MAX($A$18:A74),"") -> 35 | B75: Master Plan | E75: Roofer | F75: Roof Replacement (Asphalt Shingles): (8964 Sf) Removal Of Existing Roofing And Installation Of New Asphalt Shingle Roof System Including Underlayment | G75: 1 | H75: =IF(VLOOKUP(J75,'HOURLY RATES'!B$116:C$124,2,0)=0,$J$3,VLOOKUP(J75,'HOURLY RATES'!B$116:C$124,2,0)) -> 0 | I75: =(G75*(1+H75)) -> 1 | J75: LS | K75: 935.5797 | L75: =K75*I75 -> 935.5797 | M75: =IF(VLOOKUP(E75,'HOURLY RATES'!C$6:D$105,2,0)=0,$E$3,VLOOKUP(E75,'HOURLY RATES'!C$6:D$105,2,0)) -> 47.24 | N75: =M75*L75 -> 44196.785 | O75: 100004.87 | P75: =O75*I75 -> 100004.87 | Q75: =P75+N75 -> 144201.65 | S75: =((((N75*(1+$D$7))+(P75*(1+$D$5+$D$6)))*(1+$D$8)))/I75 -> 207465.23 | T75: =S75*I75 -> 207465.23
A76: =IF(J76<>"",1+MAX($A$18:A75),"") -> 36 | B76: Master Plan | E76: Doors & Hardware | F76: Doors & Windows: (8964 Sf) Replacement Of Exterior And Interior Doors, Windows, Frames, And Associated Hardware. | G76: 1 | H76: =IF(VLOOKUP(J76,'HOURLY RATES'!B$116:C$124,2,0)=0,$J$3,VLOOKUP(J76,'HOURLY RATES'!B$116:C$124,2,0)) -> 0 | I76: =(G76*(1+H76)) -> 1 | J76: LS | K76: 187.11594 | L76: =K76*I76 -> 187.11594 | M76: =IF(VLOOKUP(E76,'HOURLY RATES'!C$6:D$105,2,0)=0,$E$3,VLOOKUP(E76,'HOURLY RATES'!C$6:D$105,2,0)) -> 43.3 | N76: =M76*L76 -> 8102.1202 | O76: 99014.723 | P76: =O76*I76 -> 99014.723 | Q76: =P76+N76 -> 107116.84 | S76: =((((N76*(1+$D$7))+(P76*(1+$D$5+$D$6)))*(1+$D$8)))/I76 -> 160171.21 | T76: =S76*I76 -> 160171.21
A77: =IF(J77<>"",1+MAX($A$18:A76),"") -> 37 | B77: Master Plan | E77: Interior Painter | F77: Interior Finishes: (8964 Sf) New Flooring, Painting, Wall Finishes, And Ceiling Systems. | G77: 1 | H77: =IF(VLOOKUP(J77,'HOURLY RATES'!B$116:C$124,2,0)=0,$J$3,VLOOKUP(J77,'HOURLY RATES'!B$116:C$124,2,0)) -> 0 | I77: =(G77*(1+H77)) -> 1 | J77: LS | K77: 233.89493 | L77: =K77*I77 -> 233.89493 | M77: =IF(VLOOKUP(E77,'HOURLY RATES'!C$6:D$105,2,0)=0,$E$3,VLOOKUP(E77,'HOURLY RATES'!C$6:D$105,2,0)) -> 46.9 | N77: =M77*L77 -> 10969.672 | O77: 49507.361 | P77: =O77*I77 -> 49507.361 | Q77: =P77+N77 -> 60477.033 | S77: =((((N77*(1+$D$7))+(P77*(1+$D$5+$D$6)))*(1+$D$8)))/I77 -> 88863.594 | T77: =S77*I77 -> 88863.594
A78: =IF(J78<>"",1+MAX($A$18:A77),"") -> 38 | B78: Master Plan | E78: Mechanical | F78: Hvac Replacement:(8964 Sf) New Hvac Equipment, Ductwork, Controls, And Air Distribution Systems. | G78: 1 | H78: =IF(VLOOKUP(J78,'HOURLY RATES'!B$116:C$124,2,0)=0,$J$3,VLOOKUP(J78,'HOURLY RATES'!B$116:C$124,2,0)) -> 0 | I78: =(G78*(1+H78)) -> 1 | J78: LS | K78: 210.50543 | L78: =K78*I78 -> 210.50543 | M78: =IF(VLOOKUP(E78,'HOURLY RATES'!C$6:D$105,2,0)=0,$E$3,VLOOKUP(E78,'HOURLY RATES'!C$6:D$105,2,0)) -> 56.24 | N78: =M78*L78 -> 11838.826 | O78: 92413.741 | P78: =O78*I78 -> 92413.741 | Q78: =P78+N78 -> 104252.57 | S78: =((((N78*(1+$D$7))+(P78*(1+$D$5+$D$6)))*(1+$D$8)))/I78 -> 154919.38 | T78: =S78*I78 -> 154919.38
A79: =IF(J79<>"",1+MAX($A$18:A78),"") -> 39 | B79: Master Plan | E79: Plumber | F79: Plumbing Replacement:(8964 Sf) New Domestic Supply And Waste Lines, Valves, And Plumbing Fixtures. | G79: 1 | H79: =IF(VLOOKUP(J79,'HOURLY RATES'!B$116:C$124,2,0)=0,$J$3,VLOOKUP(J79,'HOURLY RATES'!B$116:C$124,2,0)) -> 0 | I79: =(G79*(1+H79)) -> 1 | J79: LS | K79: 222.20018 | L79: =K79*I79 -> 222.20018 | M79: =IF(VLOOKUP(E79,'HOURLY RATES'!C$6:D$105,2,0)=0,$E$3,VLOOKUP(E79,'HOURLY RATES'!C$6:D$105,2,0)) -> 52.58 | N79: =M79*L79 -> 11683.285 | O79: 99014.723 | P79: =O79*I79 -> 99014.723 | Q79: =P79+N79 -> 110698.01 | S79: =((((N79*(1+$D$7))+(P79*(1+$D$5+$D$6)))*(1+$D$8)))/I79 -> 164714.81 | T79: =S79*I79 -> 164714.81
A80: =IF(J80<>"",1+MAX($A$18:A79),"") -> 40 | B80: Master Plan | E80: Electrician | F80: Electrical Replacement:(8964 Sf) New Wiring Circuits, Panels, Lighting Fixtures, Switches, And Power Devices. | G80: 1 | H80: =IF(VLOOKUP(J80,'HOURLY RATES'!B$116:C$124,2,0)=0,$J$3,VLOOKUP(J80,'HOURLY RATES'!B$116:C$124,2,0)) -> 0 | I80: =(G80*(1+H80)) -> 1 | J80: LS | K80: 233.89493 | L80: =K80*I80 -> 233.89493 | M80: =IF(VLOOKUP(E80,'HOURLY RATES'!C$6:D$105,2,0)=0,$E$3,VLOOKUP(E80,'HOURLY RATES'!C$6:D$105,2,0)) -> 60.92 | N80: =M80*L80 -> 14248.879 | O80: 115517.18 | P80: =O80*I80 -> 115517.18 | Q80: =P80+N80 -> 129766.06 | S80: =((((N80*(1+$D$7))+(P80*(1+$D$5+$D$6)))*(1+$D$8)))/I80 -> 192951.85 | T80: =S80*I80 -> 192951.85
A81: =IF(J81<>"",1+MAX($A$18:A80),"") -> 41 | B81: Master Plan | E81: Finish Carpenter | F81: Ada Restroom Upgrades: (8964 Sf) Accessible Restroom Modifications Including Clearances, Fixtures, Partitions, And Ada-Compliant Accessories. | G81: 1 | H81: =IF(VLOOKUP(J81,'HOURLY RATES'!B$116:C$124,2,0)=0,$J$3,VLOOKUP(J81,'HOURLY RATES'!B$116:C$124,2,0)) -> 0 | I81: =(G81*(1+H81)) -> 1 | J81: LS | K81: 93.55797 | L81: =K81*I81 -> 93.55797 | M81: =IF(VLOOKUP(E81,'HOURLY RATES'!C$6:D$105,2,0)=0,$E$3,VLOOKUP(E81,'HOURLY RATES'!C$6:D$105,2,0)) -> 41.1 | N81: =M81*L81 -> 3845.2326 | O81: 66009.815 | P81: =O81*I81 -> 66009.815 | Q81: =P81+N81 -> 69855.048 | S81: =((((N81*(1+$D$7))+(P81*(1+$D$5+$D$6)))*(1+$D$8)))/I81 -> 104806.4 | T81: =S81*I81 -> 104806.4
A82: =IF(J82<>"",1+MAX($A$18:A81),"")
A83: SUB TOTAL | K83: Total Lab. Hours = | L83: =SUM(L18:L82) -> 4660.9485 | M83: Total Lab. Cost = | N83: =SUM(N18:N82) -> 242307.97 | O83: Total Mat. Cost = | P83: =SUM(P18:P82) -> 621482.41 | Q83: =SUM(Q18:Q82) -> 863790.38 | R83: =SUM(R18:R82) -> 863790.38 | T83: =SUM(T18:T82) -> 1248248.1
A84: MATERIAL TAX | M84: =D5 -> 0.09146 | P84: =P83*M84 -> 56840.781 | Q84: =P84+N84 -> 56840.781 | R84: =Q84 -> 56840.781
A85: OVERHEAD & PROFIT / INFLATION (Material) | M85: =D6 -> 0.4 | P85: =P83*M85 -> 248592.96 | Q85: =P85+N85 -> 248592.96 | R85: =Q85 -> 248592.96
A86: OVERHEAD & PROFIT (Labor) | M86: =D7 -> 0.25 | N86: =N83*M86 -> 60576.994 | Q86: =P86+N86 -> 60576.994 | R86: =Q86 -> 60576.994
A87: BOND FEE | M87: =D8 -> 0.015 | N87: =(N83+N84+N85+N86)*M87 -> 4543.2745 | P87: =(P83+P84+P85+P86)*M87 -> 13903.742 | Q87: =P87+N87 -> 18447.017 | R87: =Q87 -> 18447.017
A88: TOTAL BASE BID | N88: =SUM(N83:N87) -> 307428.24 | P88: =SUM(P83:P87) -> 940819.9 | Q88: =SUM(Q83:Q87) -> 1248248.1 | R88: =SUM(R83:R87) -> 1248248.1 | T88: =T83 -> 1248248.1

Sheet Floyd Community Center 
A1: ITEM # | B1: REF. SHEET | C1: DETAIL | D1: CSI SECT | E1: Sub Contractor | F1: DESCRIPTION | G1: QTY. | H1: WASTAGE | I1: QTY WITH WASTAGE | J1: UNIT | K1: UNIT LABOR HOURS | L1: TOTAL LABOR HOURS | M1: PER HOUR LABOR RATE | N1: TOTAL LABOR COST | O1: UNIT MATERIAL COST | P1: TOTAL MATERIAL COST | Q1: ITEM COST | R1: TRADE COST | S1: UNIT ITEM COST WITH MARKUPS | T1: TOTAL ITEM COST WITH MARKUPS
A2: Estimate of Materials Quantities and Cost of Construction
B3: CLICK HERE TO GO BACK TO COST SUMMARY
D4: Sub-Total | E4: =Q84 -> 4066203.8 | J4: Date: | K4: 45985
C5: Material Sales Tax | D5: 0.09146 | E5: =P84*D5 -> 262060.78 | F5: (Adjust the percentage for Material tax as required) | J5: Project: | K5: Greater Floyd Campus Master Plan
C6: Overhead & Profit / Inflation (Material) | D6: 0.3 | E6: =P84*D6 -> 859591.44 | F6: (Adjust the percentage for Overhead & Profit as required) | J6: Project Location: | K6: Montgomery, AL
C7: Overhead & Profit (Labor) | D7: 0.25 | E7: =N84*D7 -> 300224.74 | F7: (Adjust the percentage for Overhead & Profit as required) | J7: Project and Wage Type: | K7: Private (Non-Prevailing wage)
C8: Bond Fee | D8: 0.015 | E8: =(E4+E5+E6+E7)*D8 -> 82321.211 | F8: (Adjust the percentage for Bond Fee as required) | K8: Floyd Community Center
D9: Total Bid | E9: =E4+E5+E6+E7+E8 -> 5570401.9 | J9: Gross Internal Area of Structure (SF)
J10: Covered Area of Structure (SF) | K10: 23112
C11: Material Wastage 1 | D11: 0 | E11: ( for Quantities in Each & LS) | J11: No. of Units
C12: Material Wastage 2 | D12: 0.05 | E12: ( for Quantities in LF, SF, SY, CY, LBS, TONS) | J12: No. of Floors and Overall Height
B13: (Changing the wastage percentage here will update the wastage for whole tab) | J13: Hardscaping Area (SF) | K13: 0
J14: Soft scaping Area (SF) | K14: 0
B15: To change hourly rates for any trade please go to "Hourly Rates" Tab
A17: ITEM # | B17: REF. SHEET | C17: DETAIL | D17: CSI SECT | E17: Sub Contractor | F17: DESCRIPTION | G17: QTY. | H17: WASTAGE | I17: QTY WITH WASTAGE | J17: UNIT | K17: UNIT LABOR HOURS | L17: TOTAL LABOR HOURS | M17: PER HOUR LABOR RATE | N17: TOTAL LABOR COST | O17: UNIT MATERIAL COST | P17: TOTAL MATERIAL COST | Q17: ITEM COST | R17: TRADE COST | S17: UNIT COST WITH MARKUPS | T17: TOTAL COST WITH MARKUPS
D18: DIV-01 | F18: General | R18: =SUM(Q19:Q65) -> 571250.17 | U18: =SUM(Q68:Q83) -> 3494953.6
F20: Plan Design And Permitting
A21: =IF(J21<>"",1+MAX($A$18:A20),"") -> 1 | D21: DIV-01 | E21: General Requirements | F21: Architecture (Assumed By Owner) | G21: 1 | H21: =IF(VLOOKUP(J21,'HOURLY RATES'!B$116:C$124,2,0)=0,$J$3,VLOOKUP(J21,'HOURLY RATES'!B$116:C$124,2,0)) -> 0 | I21: =(G21*(1+H21)) -> 1 | J21: LS | L21: =K21*I21 -> 0 | M21: =IF(VLOOKUP(E21,'HOURLY RATES'!C$6:D$105,2,0)=0,$E$3,VLOOKUP(E21,'HOURLY RATES'!C$6:D$105,2,0)) -> 55.06 | N21: =M21*L21 -> 0 | Q21: =P21+N21 -> 0 | S21: =((((N21*(1+$D$7))+(P21*(1+$D$5+$D$6)))*(1+$D$8)))/I21 -> 0 | T21: =S21*I21 -> 0
A22: =IF(J22<>"",1+MAX($A$18:A21),"") -> 2 | D22: DIV-01 | E22: General Requirements | F22: Engineering (Assumed By Owner) | G22: 1 | H22: =IF(VLOOKUP(J22,'HOURLY RATES'!B$116:C$124,2,0)=0,$J$3,VLOOKUP(J22,'HOURLY RATES'!B$116:C$124,2,0)) -> 0 | I22: =(G22*(1+H22)) -> 1 | J22: LS | L22: =K22*I22 -> 0 | M22: =IF(VLOOKUP(E22,'HOURLY RATES'!C$6:D$105,2,0)=0,$E$3,VLOOKUP(E22,'HOURLY RATES'!C$6:D$105,2,0)) -> 55.06 | N22: =M22*L22 -> 0 | Q22: =P22+N22 -> 0 | S22: =((((N22*(1+$D$7))+(P22*(1+$D$5+$D$6)))*(1+$D$8)))/I22 -> 0 | T22: =S22*I22 -> 0
A23: =IF(J23<>"",1+MAX($A$18:A22),"") -> 3 | D23: DIV-01 | E23: General Requirements | F23: Surveying | G23: 1 | H23: =IF(VLOOKUP(J23,'HOURLY RATES'!B$116:C$124,2,0)=0,$J$3,VLOOKUP(J23,'HOURLY RATES'!B$116:C$124,2,0)) -> 0 | I23: =(G23*(1+H23)) -> 1 | J23: LS | L23: =K23*I23 -> 0 | M23: =IF(VLOOKUP(E23,'HOURLY RATES'!C$6:D$105,2,0)=0,$E$3,VLOOKUP(E23,'HOURLY RATES'!C$6:D$105,2,0)) -> 55.06 | N23: =M23*L23 -> 0 | Q23: =P23+N23 -> 0 | S23: =((((N23*(1+$D$7))+(P23*(1+$D$5+$D$6)))*(1+$D$8)))/I23 -> 0 | T23: =S23*I23 -> 0
A24: =IF(J24<>"",1+MAX($A$18:A23),"") -> 4 | D24: DIV-01 | E24: General Requirements | F24: Soils Report (Assumed By Owner) | G24: 1 | H24: =IF(VLOOKUP(J24,'HOURLY RATES'!B$116:C$124,2,0)=0,$J$3,VLOOKUP(J24,'HOURLY RATES'!B$116:C$124,2,0)) -> 0 | I24: =(G24*(1+H24)) -> 1 | J24: LS | L24: =K24*I24 -> 0 | M24: =IF(VLOOKUP(E24,'HOURLY RATES'!C$6:D$105,2,0)=0,$E$3,VLOOKUP(E24,'HOURLY RATES'!C$6:D$105,2,0)) -> 55.06 | N24: =M24*L24 -> 0 | Q24: =P24+N24 -> 0 | S24: =((((N24*(1+$D$7))+(P24*(1+$D$5+$D$6)))*(1+$D$8)))/I24 -> 0 | T24: =S24*I24 -> 0
A25: =IF(J25<>"",1+MAX($A$18:A24),"") -> 5 | D25: DIV-01 | E25: General Requirements | F25: Geological Report (Assumed By Owner) | G25: 1 | H25: =IF(VLOOKUP(J25,'HOURLY RATES'!B$116:C$124,2,0)=0,$J$3,VLOOKUP(J25,'HOURLY RATES'!B$116:C$124,2,0)) -> 0 | I25: =(G25*(1+H25)) -> 1 | J25: LS | L25: =K25*I25 -> 0 | M25: =IF(VLOOKUP(E25,'HOURLY RATES'!C$6:D$105,2,0)=0,$E$3,VLOOKUP(E25,'HOURLY RATES'!C$6:D$105,2,0)) -> 55.06 | N25: =M25*L25 -> 0 | Q25: =P25+N25 -> 0 | S25: =((((N25*(1+$D$7))+(P25*(1+$D$5+$D$6)))*(1+$D$8)))/I25 -> 0 | T25: =S25*I25 -> 0
A26: =IF(J26<>"",1+MAX($A$18:A25),"") -> 6 | D26: DIV-01 | E26: General Requirements | F26: Concrete Testing | G26: 1 | H26: =IF(VLOOKUP(J26,'HOURLY RATES'!B$116:C$124,2,0)=0,$J$3,VLOOKUP(J26,'HOURLY RATES'!B$116:C$124,2,0)) -> 0 | I26: =(G26*(1+H26)) -> 1 | J26: LS | L26: =K26*I26 -> 0 | M26: =IF(VLOOKUP(E26,'HOURLY RATES'!C$6:D$105,2,0)=0,$E$3,VLOOKUP(E26,'HOURLY RATES'!C$6:D$105,2,0)) -> 55.06 | N26: =M26*L26 -> 0 | Q26: =P26+N26 -> 0 | S26: =((((N26*(1+$D$7))+(P26*(1+$D$5+$D$6)))*(1+$D$8)))/I26 -> 0 | T26: =S26*I26 -> 0
A27: =IF(J27<>"",1+MAX($A$18:A26),"") -> 7 | D27: DIV-01 | E27: General Requirements | F27: Permit Fee | G27: 1 | H27: =IF(VLOOKUP(J27,'HOURLY RATES'!B$116:C$124,2,0)=0,$J$3,VLOOKUP(J27,'HOURLY RATES'!B$116:C$124,2,0)) -> 0 | I27: =(G27*(1+H27)) -> 1 | J27: LS | K27: =1%*($U$18)/M27 -> 634.75365 | L27: =K27*I27 -> 634.75365 | M27: =IF(VLOOKUP(E27,'HOURLY RATES'!C$6:D$105,2,0)=0,$E$3,VLOOKUP(E27,'HOURLY RATES'!C$6:D$105,2,0)) -> 55.06 | N27: =M27*L27 -> 34949.536 | Q27: =P27+N27 -> 34949.536 | S27: =((((N27*(1+$D$7))+(P27*(1+$D$5+$D$6)))*(1+$D$8)))/I27 -> 44342.224 | T27: =S27*I27 -> 44342.224
A28: =IF(J28<>"",1+MAX($A$18:A27),"") -> 8 | D28: DIV-01 | E28: General Requirements | F28: Permits (Based On Interior Finish Area) | G28: 1 | H28: =IF(VLOOKUP(J28,'HOURLY RATES'!B$116:C$124,2,0)=0,$J$3,VLOOKUP(J28,'HOURLY RATES'!B$116:C$124,2,0)) -> 0 | I28: =(G28*(1+H28)) -> 1 | J28: LS | L28: =K28*I28 -> 0 | M28: =IF(VLOOKUP(E28,'HOURLY RATES'!C$6:D$105,2,0)=0,$E$3,VLOOKUP(E28,'HOURLY RATES'!C$6:D$105,2,0)) -> 55.06 | N28: =M28*L28 -> 0 | Q28: =P28+N28 -> 0 | S28: =((((N28*(1+$D$7))+(P28*(1+$D$5+$D$6)))*(1+$D$8)))/I28 -> 0 | T28: =S28*I28 -> 0
A29: =IF(J29<>"",1+MAX($A$18:A28),"") -> 9 | D29: DIV-01 | E29: General Requirements | F29: Plan Coordination | G29: 1 | H29: =IF(VLOOKUP(J29,'HOURLY RATES'!B$116:C$124,2,0)=0,$J$3,VLOOKUP(J29,'HOURLY RATES'!B$116:C$124,2,0)) -> 0 | I29: =(G29*(1+H29)) -> 1 | J29: LS | L29: =K29*I29 -> 0 | M29: =IF(VLOOKUP(E29,'HOURLY RATES'!C$6:D$105,2,0)=0,$E$3,VLOOKUP(E29,'HOURLY RATES'!C$6:D$105,2,0)) -> 55.06 | N29: =M29*L29 -> 0 | Q29: =P29+N29 -> 0 | S29: =((((N29*(1+$D$7))+(P29*(1+$D$5+$D$6)))*(1+$D$8)))/I29 -> 0 | T29: =S29*I29 -> 0
A30: =IF(J30<>"",1+MAX($A$18:A29),"") -> 10 | D30: DIV-01 | E30: General Requirements | F30: Roof Inspection | G30: 1 | H30: =IF(VLOOKUP(J30,'HOURLY RATES'!B$116:C$124,2,0)=0,$J$3,VLOOKUP(J30,'HOURLY RATES'!B$116:C$124,2,0)) -> 0 | I30: =(G30*(1+H30)) -> 1 | J30: LS | L30: =K30*I30 -> 0 | M30: =IF(VLOOKUP(E30,'HOURLY RATES'!C$6:D$105,2,0)=0,$E$3,VLOOKUP(E30,'HOURLY RATES'!C$6:D$105,2,0)) -> 55.06 | N30: =M30*L30 -> 0 | Q30: =P30+N30 -> 0 | S30: =((((N30*(1+$D$7))+(P30*(1+$D$5+$D$6)))*(1+$D$8)))/I30 -> 0 | T30: =S30*I30 -> 0
A31: =IF(J31<>"",1+MAX($A$18:A30),"") -> 11 | D31: DIV-01 | E31: General Requirements | F31: Blueprints (?? Pages) | G31: 1 | H31: =IF(VLOOKUP(J31,'HOURLY RATES'!B$116:C$124,2,0)=0,$J$3,VLOOKUP(J31,'HOURLY RATES'!B$116:C$124,2,0)) -> 0 | I31: =(G31*(1+H31)) -> 1 | J31: LS | L31: =K31*I31 -> 0 | M31: =IF(VLOOKUP(E31,'HOURLY RATES'!C$6:D$105,2,0)=0,$E$3,VLOOKUP(E31,'HOURLY RATES'!C$6:D$105,2,0)) -> 55.06 | N31: =M31*L31 -> 0 | Q31: =P31+N31 -> 0 | S31: =((((N31*(1+$D$7))+(P31*(1+$D$5+$D$6)))*(1+$D$8)))/I31 -> 0 | T31: =S31*I31 -> 0
A32: =IF(J32<>"",1+MAX($A$18:A31),"")
A33: =IF(J33<>"",1+MAX($A$18:A32),"") | F33: Utilities
A34: =IF(J34<>"",1+MAX($A$18:A33),"") -> 12 | D34: DIV-01 | E34: General Requirements | F34: Utilities During Construction (Based On Interior Finish Area) | G34: 1 | H34: =IF(VLOOKUP(J34,'HOURLY RATES'!B$116:C$124,2,0)=0,$J$3,VLOOKUP(J34,'HOURLY RATES'!B$116:C$124,2,0)) -> 0 | I34: =(G34*(1+H34)) -> 1 | J34: LS | K34: =0.288%*(U18)/M34 -> 182.80905 | L34: =K34*I34 -> 182.80905 | M34: =IF(VLOOKUP(E34,'HOURLY RATES'!C$6:D$105,2,0)=0,$E$3,VLOOKUP(E34,'HOURLY RATES'!C$6:D$105,2,0)) -> 55.06 | N34: =M34*L34 -> 10065.466 | Q34: =P34+N34 -> 10065.466 | S34: =((((N34*(1+$D$7))+(P34*(1+$D$5+$D$6)))*(1+$D$8)))/I34 -> 12770.56 | T34: =S34*I34 -> 12770.56
A35: =IF(J35<>"",1+MAX($A$18:A34),"") -> 13 | D35: DIV-01 | E35: General Requirements | F35: Port-O-Potty (Based On Interior Finish Area) | G35: 1 | H35: =IF(VLOOKUP(J35,'HOURLY RATES'!B$116:C$124,2,0)=0,$J$3,VLOOKUP(J35,'HOURLY RATES'!B$116:C$124,2,0)) -> 0 | I35: =(G35*(1+H35)) -> 1 | J35: LS | K35: =0.257%*(U18)/M35 -> 163.13169 | L35: =K35*I35 -> 163.13169 | M35: =IF(VLOOKUP(E35,'HOURLY RATES'!C$6:D$105,2,0)=0,$E$3,VLOOKUP(E35,'HOURLY RATES'!C$6:D$105,2,0)) -> 55.06 | N35: =M35*L35 -> 8982.0308 | Q35: =P35+N35 -> 8982.0308 | S35: =((((N35*(1+$D$7))+(P35*(1+$D$5+$D$6)))*(1+$D$8)))/I35 -> 11395.952 | T35: =S35*I35 -> 11395.952
A36: =IF(J36<>"",1+MAX($A$18:A35),"") -> 14 | D36: DIV-01 | E36: General Requirements | F36: Temporary Power (Based On Interior Finish Area) | G36: 1 | H36: =IF(VLOOKUP(J36,'HOURLY RATES'!B$116:C$124,2,0)=0,$J$3,VLOOKUP(J36,'HOURLY RATES'!B$116:C$124,2,0)) -> 0 | I36: =(G36*(1+H36)) -> 1 | J36: LS | K36: =0.65%*(U18)/M36 -> 412.58987 | L36: =K36*I36 -> 412.58987 | M36: =IF(VLOOKUP(E36,'HOURLY RATES'!C$6:D$105,2,0)=0,$E$3,VLOOKUP(E36,'HOURLY RATES'!C$6:D$105,2,0)) -> 55.06 | N36: =M36*L36 -> 22717.198 | Q36: =P36+N36 -> 22717.198 | S36: =((((N36*(1+$D$7))+(P36*(1+$D$5+$D$6)))*(1+$D$8)))/I36 -> 28822.446 | T36: =S36*I36 -> 28822.446
A37: =IF(J37<>"",1+MAX($A$18:A36),"")
A38: =IF(J38<>"",1+MAX($A$18:A37),"") | F38: Equipment And Tools
A39: =IF(J39<>"",1+MAX($A$18:A38),"") -> 15 | D39: DIV-01 | E39: General Requirements | F39: Tool Rentals | G39: 1 | H39: =IF(VLOOKUP(J39,'HOURLY RATES'!B$116:C$124,2,0)=0,$J$3,VLOOKUP(J39,'HOURLY RATES'!B$116:C$124,2,0)) -> 0 | I39: =(G39*(1+H39)) -> 1 | J39: LS | L39: =K39*I39 -> 0 | M39: =IF(VLOOKUP(E39,'HOURLY RATES'!C$6:D$105,2,0)=0,$E$3,VLOOKUP(E39,'HOURLY RATES'!C$6:D$105,2,0)) -> 55.06 | N39: =M39*L39 -> 0 | Q39: =P39+N39 -> 0 | S39: =((((N39*(1+$D$7))+(P39*(1+$D$5+$D$6)))*(1+$D$8)))/I39 -> 0 | T39: =S39*I39 -> 0
A40: =IF(J40<>"",1+MAX($A$18:A39),"") -> 16 | D40: DIV-01 | E40: General Requirements | F40: Tool Shed | G40: 1 | H40: =IF(VLOOKUP(J40,'HOURLY RATES'!B$116:C$124,2,0)=0,$J$3,VLOOKUP(J40,'HOURLY RATES'!B$116:C$124,2,0)) -> 0 | I40: =(G40*(1+H40)) -> 1 | J40: LS | L40: =K40*I40 -> 0 | M40: =IF(VLOOKUP(E40,'HOURLY RATES'!C$6:D$105,2,0)=0,$E$3,VLOOKUP(E40,'HOURLY RATES'!C$6:D$105,2,0)) -> 55.06 | N40: =M40*L40 -> 0 | Q40: =P40+N40 -> 0 | S40: =((((N40*(1+$D$7))+(P40*(1+$D$5+$D$6)))*(1+$D$8)))/I40 -> 0 | T40: =S40*I40 -> 0
A41: =IF(J41<>"",1+MAX($A$18:A40),"") -> 17 | D41: DIV-01 | E41: General Requirements | F41: Dust Control | G41: 1 | H41: =IF(VLOOKUP(J41,'HOURLY RATES'!B$116:C$124,2,0)=0,$J$3,VLOOKUP(J41,'HOURLY RATES'!B$116:C$124,2,0)) -> 0 | I41: =(G41*(1+H41)) -> 1 | J41: LS | L41: =K41*I41 -> 0 | M41: =IF(VLOOKUP(E41,'HOURLY RATES'!C$6:D$105,2,0)=0,$E$3,VLOOKUP(E41,'HOURLY RATES'!C$6:D$105,2,0)) -> 55.06 | N41: =M41*L41 -> 0 | Q41: =P41+N41 -> 0 | S41: =((((N41*(1+$D$7))+(P41*(1+$D$5+$D$6)))*(1+$D$8)))/I41 -> 0 | T41: =S41*I41 -> 0
A42: =IF(J42<>"",1+MAX($A$18:A41),"") -> 18 | D42: DIV-01 | E42: General Requirements | F42: Ice, Water, Beverages | G42: 1 | H42: =IF(VLOOKUP(J42,'HOURLY RATES'!B$116:C$124,2,0)=0,$J$3,VLOOKUP(J42,'HOURLY RATES'!B$116:C$124,2,0)) -> 0 | I42: =(G42*(1+H42)) -> 1 | J42: LS | L42: =K42*I42 -> 0 | M42: =IF(VLOOKUP(E42,'HOURLY RATES'!C$6:D$105,2,0)=0,$E$3,VLOOKUP(E42,'HOURLY RATES'!C$6:D$105,2,0)) -> 55.06 | N42: =M42*L42 -> 0 | Q42: =P42+N42 -> 0 | S42: =((((N42*(1+$D$7))+(P42*(1+$D$5+$D$6)))*(1+$D$8)))/I42 -> 0 | T42: =S42*I42 -> 0
A43: =IF(J43<>"",1+MAX($A$18:A42),"") -> 19 | D43: DIV-01 | E43: General Requirements | F43: Garbage Dumpster / Trash Containers | G43: 1 | H43: =IF(VLOOKUP(J43,'HOURLY RATES'!B$116:C$124,2,0)=0,$J$3,VLOOKUP(J43,'HOURLY RATES'!B$116:C$124,2,0)) -> 0 | I43: =(G43*(1+H43)) -> 1 | J43: LS | L43: =K43*I43 -> 0 | M43: =IF(VLOOKUP(E43,'HOURLY RATES'!C$6:D$105,2,0)=0,$E$3,VLOOKUP(E43,'HOURLY RATES'!C$6:D$105,2,0)) -> 55.06 | N43: =M43*L43 -> 0 | Q43: =P43+N43 -> 0 | S43: =((((N43*(1+$D$7))+(P43*(1+$D$5+$D$6)))*(1+$D$8)))/I43 -> 0 | T43: =S43*I43 -> 0
A44: =IF(J44<>"",1+MAX($A$18:A43),"") -> 20 | D44: DIV-01 | E44: General Requirements | F44: Mobilization/Demobilization (Temporary Control & Facilities) | G44: 1 | H44: =IF(VLOOKUP(J44,'HOURLY RATES'!B$116:C$124,2,0)=0,$J$3,VLOOKUP(J44,'HOURLY RATES'!B$116:C$124,2,0)) -> 0 | I44: =(G44*(1+H44)) -> 1 | J44: LS | K44: =4.5%*($U$18)/M44 -> 2856.3914 | L44: =K44*I44 -> 2856.3914 | M44: =IF(VLOOKUP(E44,'HOURLY RATES'!C$6:D$105,2,0)=0,$E$3,VLOOKUP(E44,'HOURLY RATES'!C$6:D$105,2,0)) -> 55.06 | N44: =M44*L44 -> 157272.91 | Q44: =P44+N44 -> 157272.91 | S44: =((((N44*(1+$D$7))+(P44*(1+$D$5+$D$6)))*(1+$D$8)))/I44 -> 199540.01 | T44: =S44*I44 -> 199540.01
A45: =IF(J45<>"",1+MAX($A$18:A44),"")
A46: =IF(J46<>"",1+MAX($A$18:A45),"") | F46: Signage And Promotion
A47: =IF(J47<>"",1+MAX($A$18:A46),"") -> 21 | D47: DIV-01 | E47: General Requirements | F47: Job Signs | G47: 1 | H47: =IF(VLOOKUP(J47,'HOURLY RATES'!B$116:C$124,2,0)=0,$J$3,VLOOKUP(J47,'HOURLY RATES'!B$116:C$124,2,0)) -> 0 | I47: =(G47*(1+H47)) -> 1 | J47: LS | L47: =K47*I47 -> 0 | M47: =IF(VLOOKUP(E47,'HOURLY RATES'!C$6:D$105,2,0)=0,$E$3,VLOOKUP(E47,'HOURLY RATES'!C$6:D$105,2,0)) -> 55.06 | N47: =M47*L47 -> 0 | Q47: =P47+N47 -> 0 | S47: =((((N47*(1+$D$7))+(P47*(1+$D$5+$D$6)))*(1+$D$8)))/I47 -> 0 | T47: =S47*I47 -> 0
A48: =IF(J48<>"",1+MAX($A$18:A47),"") -> 22 | D48: DIV-01 | E48: General Requirements | F48: Job Photos | G48: 1 | H48: =IF(VLOOKUP(J48,'HOURLY RATES'!B$116:C$124,2,0)=0,$J$3,VLOOKUP(J48,'HOURLY RATES'!B$116:C$124,2,0)) -> 0 | I48: =(G48*(1+H48)) -> 1 | J48: LS | L48: =K48*I48 -> 0 | M48: =IF(VLOOKUP(E48,'HOURLY RATES'!C$6:D$105,2,0)=0,$E$3,VLOOKUP(E48,'HOURLY RATES'!C$6:D$105,2,0)) -> 55.06 | N48: =M48*L48 -> 0 | Q48: =P48+N48 -> 0 | S48: =((((N48*(1+$D$7))+(P48*(1+$D$5+$D$6)))*(1+$D$8)))/I48 -> 0 | T48: =S48*I48 -> 0
A49: =IF(J49<>"",1+MAX($A$18:A48),"") -> 23 | D49: DIV-01 | E49: General Requirements | F49: Signage | G49: 1 | H49: =IF(VLOOKUP(J49,'HOURLY RATES'!B$116:C$124,2,0)=0,$J$3,VLOOKUP(J49,'HOURLY RATES'!B$116:C$124,2,0)) -> 0 | I49: =(G49*(1+H49)) -> 1 | J49: LS | L49: =K49*I49 -> 0 | M49: =IF(VLOOKUP(E49,'HOURLY RATES'!C$6:D$105,2,0)=0,$E$3,VLOOKUP(E49,'HOURLY RATES'!C$6:D$105,2,0)) -> 55.06 | N49: =M49*L49 -> 0 | Q49: =P49+N49 -> 0 | S49: =((((N49*(1+$D$7))+(P49*(1+$D$5+$D$6)))*(1+$D$8)))/I49 -> 0 | T49: =S49*I49 -> 0
A50: =IF(J50<>"",1+MAX($A$18:A49),"") -> 24 | D50: DIV-01 | E50: General Requirements | F50: Promotion/Entertainment | G50: 1 | H50: =IF(VLOOKUP(J50,'HOURLY RATES'!B$116:C$124,2,0)=0,$J$3,VLOOKUP(J50,'HOURLY RATES'!B$116:C$124,2,0)) -> 0 | I50: =(G50*(1+H50)) -> 1 | J50: LS | L50: =K50*I50 -> 0 | M50: =IF(VLOOKUP(E50,'HOURLY RATES'!C$6:D$105,2,0)=0,$E$3,VLOOKUP(E50,'HOURLY RATES'!C$6:D$105,2,0)) -> 55.06 | N50: =M50*L50 -> 0 | Q50: =P50+N50 -> 0 | S50: =((((N50*(1+$D$7))+(P50*(1+$D$5+$D$6)))*(1+$D$8)))/I50 -> 0 | T50: =S50*I50 -> 0
A51: =IF(J51<>"",1+MAX($A$18:A50),"") -> 25 | D51: DIV-01 | E51: General Requirements | F51: Misc. | G51: 1 | H51: =IF(VLOOKUP(J51,'HOURLY RATES'!B$116:C$124,2,0)=0,$J$3,VLOOKUP(J51,'HOURLY RATES'!B$116:C$124,2,0)) -> 0 | I51: =(G51*(1+H51)) -> 1 | J51: LS | L51: =K51*I51 -> 0 | M51: =IF(VLOOKUP(E51,'HOURLY RATES'!C$6:D$105,2,0)=0,$E$3,VLOOKUP(E51,'HOURLY RATES'!C$6:D$105,2,0)) -> 55.06 | N51: =M51*L51 -> 0 | Q51: =P51+N51 -> 0 | S51: =((((N51*(1+$D$7))+(P51*(1+$D$5+$D$6)))*(1+$D$8)))/I51 -> 0 | T51: =S51*I51 -> 0
A52: =IF(J52<>"",1+MAX($A$18:A51),"")
A53: =IF(J53<>"",1+MAX($A$18:A52),"") | F53: Cleaning And Final
A54: =IF(J54<>"",1+MAX($A$18:A53),"") -> 26 | D54: DIV-01 | E54: General Requirements | F54: Trash | G54: 1 | H54: =IF(VLOOKUP(J54,'HOURLY RATES'!B$116:C$124,2,0)=0,$J$3,VLOOKUP(J54,'HOURLY RATES'!B$116:C$124,2,0)) -> 0 | I54: =(G54*(1+H54)) -> 1 | J54: LS | L54: =K54*I54 -> 0 | M54: =IF(VLOOKUP(E54,'HOURLY RATES'!C$6:D$105,2,0)=0,$E$3,VLOOKUP(E54,'HOURLY RATES'!C$6:D$105,2,0)) -> 55.06 | N54: =M54*L54 -> 0 | Q54: =P54+N54 -> 0 | S54: =((((N54*(1+$D$7))+(P54*(1+$D$5+$D$6)))*(1+$D$8)))/I54 -> 0 | T54: =S54*I54 -> 0
A55: =IF(J55<>"",1+MAX($A$18:A54),"") -> 27 | D55: DIV-01 | E55: General Requirements | F55: Final Cleaning | G55: 1 | H55: =IF(VLOOKUP(J55,'HOURLY RATES'!B$116:C$124,2,0)=0,$J$3,VLOOKUP(J55,'HOURLY RATES'!B$116:C$124,2,0)) -> 0 | I55: =(G55*(1+H55)) -> 1 | J55: LS | K55: =0.65%*(U18)/M55 -> 412.58987 | L55: =K55*I55 -> 412.58987 | M55: =IF(VLOOKUP(E55,'HOURLY RATES'!C$6:D$105,2,0)=0,$E$3,VLOOKUP(E55,'HOURLY RATES'!C$6:D$105,2,0)) -> 55.06 | N55: =M55*L55 -> 22717.198 | Q55: =P55+N55 -> 22717.198 | S55: =((((N55*(1+$D$7))+(P55*(1+$D$5+$D$6)))*(1+$D$8)))/I55 -> 28822.446 | T55: =S55*I55 -> 28822.446
A56: =IF(J56<>"",1+MAX($A$18:A55),"") -> 28 | D56: DIV-01 | E56: General Requirements | F56: Window Washing (Rough # Of Windows ) | G56: 1 | H56: =IF(VLOOKUP(J56,'HOURLY RATES'!B$116:C$124,2,0)=0,$J$3,VLOOKUP(J56,'HOURLY RATES'!B$116:C$124,2,0)) -> 0 | I56: =(G56*(1+H56)) -> 1 | J56: LS | L56: =K56*I56 -> 0 | M56: =IF(VLOOKUP(E56,'HOURLY RATES'!C$6:D$105,2,0)=0,$E$3,VLOOKUP(E56,'HOURLY RATES'!C$6:D$105,2,0)) -> 55.06 | N56: =M56*L56 -> 0 | Q56: =P56+N56 -> 0 | S56: =((((N56*(1+$D$7))+(P56*(1+$D$5+$D$6)))*(1+$D$8)))/I56 -> 0 | T56: =S56*I56 -> 0
A57: =IF(J57<>"",1+MAX($A$18:A56),"") -> 29 | D57: DIV-01 | E57: General Requirements | F57: Punch List Items | G57: 1 | H57: =IF(VLOOKUP(J57,'HOURLY RATES'!B$116:C$124,2,0)=0,$J$3,VLOOKUP(J57,'HOURLY RATES'!B$116:C$124,2,0)) -> 0 | I57: =(G57*(1+H57)) -> 1 | J57: LS | L57: =K57*I57 -> 0 | M57: =IF(VLOOKUP(E57,'HOURLY RATES'!C$6:D$105,2,0)=0,$E$3,VLOOKUP(E57,'HOURLY RATES'!C$6:D$105,2,0)) -> 55.06 | N57: =M57*L57 -> 0 | Q57: =P57+N57 -> 0 | S57: =((((N57*(1+$D$7))+(P57*(1+$D$5+$D$6)))*(1+$D$8)))/I57 -> 0 | T57: =S57*I57 -> 0
A58: =IF(J58<>"",1+MAX($A$18:A57),"")
A59: =IF(J59<>"",1+MAX($A$18:A58),"") | F59: Bonds, Insurance, Legal
A60: =IF(J60<>"",1+MAX($A$18:A59),"") -> 30 | D60: DIV-01 | E60: General Requirements | F60: Casualty Insurance | G60: 1 | H60: =IF(VLOOKUP(J60,'HOURLY RATES'!B$116:C$124,2,0)=0,$J$3,VLOOKUP(J60,'HOURLY RATES'!B$116:C$124,2,0)) -> 0 | I60: =(G60*(1+H60)) -> 1 | J60: LS | L60: =K60*I60 -> 0 | M60: =IF(VLOOKUP(E60,'HOURLY RATES'!C$6:D$105,2,0)=0,$E$3,VLOOKUP(E60,'HOURLY RATES'!C$6:D$105,2,0)) -> 55.06 | N60: =M60*L60 -> 0 | Q60: =P60+N60 -> 0 | S60: =((((N60*(1+$D$7))+(P60*(1+$D$5+$D$6)))*(1+$D$8)))/I60 -> 0 | T60: =S60*I60 -> 0
A61: =IF(J61<>"",1+MAX($A$18:A60),"") -> 31 | D61: DIV-01 | E61: General Requirements | F61: Medical Insurance | G61: 1 | H61: =IF(VLOOKUP(J61,'HOURLY RATES'!B$116:C$124,2,0)=0,$J$3,VLOOKUP(J61,'HOURLY RATES'!B$116:C$124,2,0)) -> 0 | I61: =(G61*(1+H61)) -> 1 | J61: LS | L61: =K61*I61 -> 0 | M61: =IF(VLOOKUP(E61,'HOURLY RATES'!C$6:D$105,2,0)=0,$E$3,VLOOKUP(E61,'HOURLY RATES'!C$6:D$105,2,0)) -> 55.06 | N61: =M61*L61 -> 0 | Q61: =P61+N61 -> 0 | S61: =((((N61*(1+$D$7))+(P61*(1+$D$5+$D$6)))*(1+$D$8)))/I61 -> 0 | T61: =S61*I61 -> 0
A62: =IF(J62<>"",1+MAX($A$18:A61),"") -> 32 | D62: DIV-01 | E62: General Requirements | F62: General Liability Insurance | G62: 1 | H62: =IF(VLOOKUP(J62,'HOURLY RATES'!B$116:C$124,2,0)=0,$J$3,VLOOKUP(J62,'HOURLY RATES'!B$116:C$124,2,0)) -> 0 | I62: =(G62*(1+H62)) -> 1 | J62: LS | L62: =K62*I62 -> 0 | M62: =IF(VLOOKUP(E62,'HOURLY RATES'!C$6:D$105,2,0)=0,$E$3,VLOOKUP(E62,'HOURLY RATES'!C$6:D$105,2,0)) -> 55.06 | N62: =M62*L62 -> 0 | Q62: =P62+N62 -> 0 | S62: =((((N62*(1+$D$7))+(P62*(1+$D$5+$D$6)))*(1+$D$8)))/I62 -> 0 | T62: =S62*I62 -> 0
A63: =IF(J63<>"",1+MAX($A$18:A62),"")
A64: =IF(J64<>"",1+MAX($A$18:A63),"") | F64: Project Management & Supervision
A65: =IF(J65<>"",1+MAX($A$18:A64),"") -> 33 | D65: DIV-01 | E65: General Requirements | F65: Project Management & Supervision | G65: 1 | H65: =IF(VLOOKUP(J65,'HOURLY RATES'!B$116:C$124,2,0)=0,$J$3,VLOOKUP(J65,'HOURLY RATES'!B$116:C$124,2,0)) -> 0 | I65: =(G65*(1+H65)) -> 1 | J65: LS | K65: =9%*($U$18)/M65 -> 5712.7829 | L65: =K65*I65 -> 5712.7829 | M65: =IF(VLOOKUP(E65,'HOURLY RATES'!C$6:D$105,2,0)=0,$E$3,VLOOKUP(E65,'HOURLY RATES'!C$6:D$105,2,0)) -> 55.06 | N65: =M65*L65 -> 314545.82 | Q65: =P65+N65 -> 314545.82 | S65: =((((N65*(1+$D$7))+(P65*(1+$D$5+$D$6)))*(1+$D$8)))/I65 -> 399080.02 | T65: =S65*I65 -> 399080.02
A66: =IF(J66<>"",1+MAX($A$18:A65),"")
A67: =IF(J67<>"",1+MAX($A$18:A66),"") | F67: Renovation, New Construction And Demolition | R67: =SUM(Q68:Q82) -> 3494953.6
A68: =IF(J68<>"",1+MAX($A$18:A67),"")
A69: =IF(J69<>"",1+MAX($A$18:A68),"") | F69: Demolition
A70: =IF(J70<>"",1+MAX($A$18:A69),"") | F70: Floyd Community Center (23112 Sf)
A71: =IF(J71<>"",1+MAX($A$18:A70),"") -> 34 | B71: Master Plan | E71: Demo - Building | F71: Abatement (23112 Sf) Removal Of Hazardous Materials With Proper Containment And Disposal. | G71: 1 | H71: =IF(VLOOKUP(J71,'HOURLY RATES'!B$116:C$124,2,0)=0,$J$3,VLOOKUP(J71,'HOURLY RATES'!B$116:C$124,2,0)) -> 0 | I71: =(G71*(1+H71)) -> 1 | J71: LS | K71: 1674.24 | L71: =K71*I71 -> 1674.24 | M71: =IF(VLOOKUP(E71,'HOURLY RATES'!C$6:D$105,2,0)=0,$E$3,VLOOKUP(E71,'HOURLY RATES'!C$6:D$105,2,0)) -> 37.29 | N71: =M71*L71 -> 62432.41 | P71: =O71*I71 -> 0 | Q71: =P71+N71 -> 62432.41 | S71: =((((N71*(1+$D$7))+(P71*(1+$D$5+$D$6)))*(1+$D$8)))/I71 -> 79211.12 | T71: =S71*I71 -> 79211.12
A72: =IF(J72<>"",1+MAX($A$18:A71),"")
A73: =IF(J73<>"",1+MAX($A$18:A72),"") | F73: Renovation
A74: =IF(J74<>"",1+MAX($A$18:A73),"") | F74: Floyd Community Center (23112 Sf)
A75: =IF(J75<>"",1+MAX($A$18:A74),"") -> 35 | B75: Master Plan | E75: Roofer | F75: Roof Replacement (Main + Fieldhouse) (23112 Sf) Replacement Of Roofing System Including Underlayment, Flashing, And Roof Components. | G75: 1 | H75: =IF(VLOOKUP(J75,'HOURLY RATES'!B$116:C$124,2,0)=0,$J$3,VLOOKUP(J75,'HOURLY RATES'!B$116:C$124,2,0)) -> 0 | I75: =(G75*(1+H75)) -> 1 | J75: LS | K75: 4604.16 | L75: =K75*I75 -> 4604.16 | M75: =IF(VLOOKUP(E75,'HOURLY RATES'!C$6:D$105,2,0)=0,$E$3,VLOOKUP(E75,'HOURLY RATES'!C$6:D$105,2,0)) -> 47.24 | N75: =M75*L75 -> 217500.52 | O75: 475588.8 | P75: =O75*I75 -> 475588.8 | Q75: =P75+N75 -> 693089.32 | S75: =((((N75*(1+$D$7))+(P75*(1+$D$5+$D$6)))*(1+$D$8)))/I75 -> 947643.02 | T75: =S75*I75 -> 947643.02
A76: =IF(J76<>"",1+MAX($A$18:A75),"") -> 36 | B76: Master Plan | E76: Doors & Hardware | F76: Doors & Windows (23112 Sf) Replacement Of Interior And Exterior Doors, Windows, Frames, And Hardware. | G76: 1 | H76: =IF(VLOOKUP(J76,'HOURLY RATES'!B$116:C$124,2,0)=0,$J$3,VLOOKUP(J76,'HOURLY RATES'!B$116:C$124,2,0)) -> 0 | I76: =(G76*(1+H76)) -> 1 | J76: LS | K76: 920.832 | L76: =K76*I76 -> 920.832 | M76: =IF(VLOOKUP(E76,'HOURLY RATES'!C$6:D$105,2,0)=0,$E$3,VLOOKUP(E76,'HOURLY RATES'!C$6:D$105,2,0)) -> 43.3 | N76: =M76*L76 -> 39872.026 | O76: 470880 | P76: =O76*I76 -> 470880 | Q76: =P76+N76 -> 510752.03 | S76: =((((N76*(1+$D$7))+(P76*(1+$D$5+$D$6)))*(1+$D$8)))/I76 -> 715626.48 | T76: =S76*I76 -> 715626.48
A77: =IF(J77<>"",1+MAX($A$18:A76),"")
A78: =IF(J78<>"",1+MAX($A$18:A77),"") | F78: New Construction
A79: =IF(J79<>"",1+MAX($A$18:A78),"") -> 37 | B79: Master Plan | E79: Interior Painter | F79: Interior Finishes (23112 Sf) New Flooring, Paint, Ceilings, And Finishes In Gym, Multipurpose Rooms, Offices, And Locker Rooms. | G79: 1 | H79: =IF(VLOOKUP(J79,'HOURLY RATES'!B$116:C$124,2,0)=0,$J$3,VLOOKUP(J79,'HOURLY RATES'!B$116:C$124,2,0)) -> 0 | I79: =(G79*(1+H79)) -> 1 | J79: LS | K79: 2302.08 | L79: =K79*I79 -> 2302.08 | M79: =IF(VLOOKUP(E79,'HOURLY RATES'!C$6:D$105,2,0)=0,$E$3,VLOOKUP(E79,'HOURLY RATES'!C$6:D$105,2,0)) -> 46.9 | N79: =M79*L79 -> 107967.55 | O79: 353160 | P79: =O79*I79 -> 353160 | Q79: =P79+N79 -> 461127.55 | S79: =((((N79*(1+$D$7))+(P79*(1+$D$5+$D$6)))*(1+$D$8)))/I79 -> 635762.97 | T79: =S79*I79 -> 635762.97
A80: =IF(J80<>"",1+MAX($A$18:A79),"") -> 38 | B80: Master Plan | E80: Mechanical | F80: Hvac, Plumbing & Electrical Replacement (23112 Sf) Installation Of New Hvac Units And Ductwork, Plumbing Supply/Waste Systems, And Electrical Wiring, Panels, And Fixtures. | G80: 1 | H80: =IF(VLOOKUP(J80,'HOURLY RATES'!B$116:C$124,2,0)=0,$J$3,VLOOKUP(J80,'HOURLY RATES'!B$116:C$124,2,0)) -> 0 | I80: =(G80*(1+H80)) -> 1 | J80: LS | K80: 2071.872 | L80: =K80*I80 -> 2071.872 | M80: =IF(VLOOKUP(E80,'HOURLY RATES'!C$6:D$105,2,0)=0,$E$3,VLOOKUP(E80,'HOURLY RATES'!C$6:D$105,2,0)) -> 56.24 | N80: =M80*L80 -> 116522.08 | O80: 659232 | P80: =O80*I80 -> 659232 | Q80: =P80+N80 -> 775754.08 | S80: =((((N80*(1+$D$7))+(P80*(1+$D$5+$D$6)))*(1+$D$8)))/I80 -> 1078891.8 | T80: =S80*I80 -> 1078891.8
A81: =IF(J81<>"",1+MAX($A$18:A80),"") -> 39 | B81: Master Plan | E81: Fire Suppression | F81: Fire Sprinkler System Installation (23112 Sf) New Sprinkler System Including Piping, Risers, And Heads. | G81: 1 | H81: =IF(VLOOKUP(J81,'HOURLY RATES'!B$116:C$124,2,0)=0,$J$3,VLOOKUP(J81,'HOURLY RATES'!B$116:C$124,2,0)) -> 0 | I81: =(G81*(1+H81)) -> 1 | J81: LS | K81: 690.624 | L81: =K81*I81 -> 690.624 | M81: =IF(VLOOKUP(E81,'HOURLY RATES'!C$6:D$105,2,0)=0,$E$3,VLOOKUP(E81,'HOURLY RATES'!C$6:D$105,2,0)) -> 64.23 | N81: =M81*L81 -> 44358.78 | O81: 435564 | P81: =O81*I81 -> 435564 | Q81: =P81+N81 -> 479922.78 | S81: =((((N81*(1+$D$7))+(P81*(1+$D$5+$D$6)))*(1+$D$8)))/I81 -> 671441.13 | T81: =S81*I81 -> 671441.13
A82: =IF(J82<>"",1+MAX($A$18:A81),"") -> 40 | B82: Master Plan | E82: Exterior improvements | F82: Accessibility Upgrades (Ada) (23112 Sf) Ada-Compliant Restroom Upgrades, Ramps, And Signage. | G82: 1 | H82: =IF(VLOOKUP(J82,'HOURLY RATES'!B$116:C$124,2,0)=0,$J$3,VLOOKUP(J82,'HOURLY RATES'!B$116:C$124,2,0)) -> 0 | I82: =(G82*(1+H82)) -> 1 | J82: LS | K82: 920.832 | L82: =K82*I82 -> 920.832 | M82: =IF(VLOOKUP(E82,'HOURLY RATES'!C$6:D$105,2,0)=0,$E$3,VLOOKUP(E82,'HOURLY RATES'!C$6:D$105,2,0)) -> 44.52 | N82: =M82*L82 -> 40995.441 | O82: 470880 | P82: =O82*I82 -> 470880 | Q82: =P82+N82 -> 511875.44 | S82: =((((N82*(1+$D$7))+(P82*(1+$D$5+$D$6)))*(1+$D$8)))/I82 -> 717051.81 | T82: =S82*I82 -> 717051.81
A83: =IF(J83<>"",1+MAX($A$18:A82),"")
A84: SUB TOTAL | K84: Total Lab. Hours = | L84: =SUM(L18:L83) -> 23559.688 | M84: Total Lab. Cost = | N84: =SUM(N18:N83) -> 1200899 | O84: Total Mat. Cost = | P84: =SUM(P18:P83) -> 2865304.8 | Q84: =SUM(Q18:Q83) -> 4066203.8 | R84: =SUM(R18:R83) -> 4066203.8 | T84: =SUM(T18:T83) -> 5570401.9
A85: MATERIAL TAX | M85: =D5 -> 0.09146 | P85: =P84*M85 -> 262060.78 | Q85: =P85+N85 -> 262060.78 | R85: =Q85 -> 262060.78
A86: OVERHEAD & PROFIT / INFLATION (Material) | M86: =D6 -> 0.3 | P86: =P84*M86 -> 859591.44 | Q86: =P86+N86 -> 859591.44 | R86: =Q86 -> 859591.44
A87: OVERHEAD & PROFIT (Labor) | M87: =D7 -> 0.25 | N87: =N84*M87 -> 300224.74 | Q87: =P87+N87 -> 300224.74 | R87: =Q87 -> 300224.74
A88: BOND FEE | M88: =D8 -> 0.015 | N88: =(N84+N85+N86+N87)*M88 -> 22516.856 | P88: =(P84+P85+P86+P87)*M88 -> 59804.355 | Q88: =P88+N88 -> 82321.211 | R88: =Q88 -> 82321.211
A89: TOTAL BASE BID | N89: =SUM(N84:N88) -> 1523640.6 | P89: =SUM(P84:P88) -> 4046761.4 | Q89: =SUM(Q84:Q88) -> 5570401.9 | R89: =SUM(R84:R88) -> 5570401.9 | T89: =T84 -> 5570401.9

Sheet Mixed Use Development 
A1: ITEM # | B1: REF. SHEET | C1: DETAIL | D1: CSI SECT | E1: Sub Contractor | F1: DESCRIPTION | G1: QTY. | H1: WASTAGE | I1: QTY WITH WASTAGE | J1: UNIT | K1: UNIT LABOR HOURS | L1: TOTAL LABOR HOURS | M1: PER HOUR LABOR RATE | N1: TOTAL LABOR COST | O1: UNIT MATERIAL COST | P1: TOTAL MATERIAL COST | Q1: ITEM COST | R1: TRADE COST | S1: UNIT ITEM COST WITH MARKUPS | T1: TOTAL ITEM COST WITH MARKUPS
A2: Estimate of Materials Quantities and Cost of Construction
B3: CLICK HERE TO GO BACK TO COST SUMMARY
D4: Sub-Total | E4: =Q81 -> 8869031.1 | J4: Date: | K4: 45985
C5: Material Sales Tax | D5: 0.09146 | E5: =P81*D5 -> 482777.54 | F5: (Adjust the percentage for Material tax as required) | J5: Project: | K5: Greater Floyd Campus Master Plan
C6: Overhead & Profit / Inflation (Material) | D6: 0.3 | E6: =P81*D6 -> 1583569.4 | F6: (Adjust the percentage for Overhead & Profit as required) | J6: Project Location: | K6: Montgomery, AL
C7: Overhead & Profit (Labor) | D7: 0.25 | E7: =N81*D7 -> 897616.58 | F7: (Adjust the percentage for Overhead & Profit as required) | J7: Project and Wage Type: | K7: Private (Non-Prevailing wage)
C8: Bond Fee | D8: 0.015 | E8: =(E4+E5+E6+E7)*D8 -> 177494.92 | F8: (Adjust the percentage for Bond Fee as required) | K8: Mixed Use Developments
D9: Total Bid | E9: =E4+E5+E6+E7+E8 -> 12010490 | J9: Gross Internal Area of Structure (SF)
J10: Covered Area of Structure (SF) | K10: 51000
C11: Material Wastage 1 | D11: 0 | E11: ( for Quantities in Each & LS) | J11: No. of Units
C12: Material Wastage 2 | D12: 0.05 | E12: ( for Quantities in LF, SF, SY, CY, LBS, TONS) | J12: No. of Floors and Overall Height
B13: (Changing the wastage percentage here will update the wastage for whole tab) | J13: Hardscaping Area (SF) | K13: 0
J14: Soft scaping Area (SF) | K14: 0
B15: To change hourly rates for any trade please go to "Hourly Rates" Tab
A17: ITEM # | B17: REF. SHEET | C17: DETAIL | D17: CSI SECT | E17: Sub Contractor | F17: DESCRIPTION | G17: QTY. | H17: WASTAGE | I17: QTY WITH WASTAGE | J17: UNIT | K17: UNIT LABOR HOURS | L17: TOTAL LABOR HOURS | M17: PER HOUR LABOR RATE | N17: TOTAL LABOR COST | O17: UNIT MATERIAL COST | P17: TOTAL MATERIAL COST | Q17: ITEM COST | R17: TRADE COST | S17: UNIT COST WITH MARKUPS | T17: TOTAL COST WITH MARKUPS
D18: DIV-01 | F18: General | R18: =SUM(Q19:Q65) -> 1245986.6 | U18: =SUM(Q68:Q80) -> 7623044.5
F20: Plan Design And Permitting
A21: =IF(J21<>"",1+MAX($A$18:A20),"") -> 1 | D21: DIV-01 | E21: General Requirements | F21: Architecture (Assumed By Owner) | G21: 1 | H21: =IF(VLOOKUP(J21,'HOURLY RATES'!B$116:C$124,2,0)=0,$J$3,VLOOKUP(J21,'HOURLY RATES'!B$116:C$124,2,0)) -> 0 | I21: =(G21*(1+H21)) -> 1 | J21: LS | L21: =K21*I21 -> 0 | M21: =IF(VLOOKUP(E21,'HOURLY RATES'!C$6:D$105,2,0)=0,$E$3,VLOOKUP(E21,'HOURLY RATES'!C$6:D$105,2,0)) -> 55.06 | N21: =M21*L21 -> 0 | Q21: =P21+N21 -> 0 | S21: =((((N21*(1+$D$7))+(P21*(1+$D$5+$D$6)))*(1+$D$8)))/I21 -> 0 | T21: =S21*I21 -> 0
A22: =IF(J22<>"",1+MAX($A$18:A21),"") -> 2 | D22: DIV-01 | E22: General Requirements | F22: Engineering (Assumed By Owner) | G22: 1 | H22: =IF(VLOOKUP(J22,'HOURLY RATES'!B$116:C$124,2,0)=0,$J$3,VLOOKUP(J22,'HOURLY RATES'!B$116:C$124,2,0)) -> 0 | I22: =(G22*(1+H22)) -> 1 | J22: LS | L22: =K22*I22 -> 0 | M22: =IF(VLOOKUP(E22,'HOURLY RATES'!C$6:D$105,2,0)=0,$E$3,VLOOKUP(E22,'HOURLY RATES'!C$6:D$105,2,0)) -> 55.06 | N22: =M22*L22 -> 0 | Q22: =P22+N22 -> 0 | S22: =((((N22*(1+$D$7))+(P22*(1+$D$5+$D$6)))*(1+$D$8)))/I22 -> 0 | T22: =S22*I22 -> 0
A23: =IF(J23<>"",1+MAX($A$18:A22),"") -> 3 | D23: DIV-01 | E23: General Requirements | F23: Surveying | G23: 1 | H23: =IF(VLOOKUP(J23,'HOURLY RATES'!B$116:C$124,2,0)=0,$J$3,VLOOKUP(J23,'HOURLY RATES'!B$116:C$124,2,0)) -> 0 | I23: =(G23*(1+H23)) -> 1 | J23: LS | L23: =K23*I23 -> 0 | M23: =IF(VLOOKUP(E23,'HOURLY RATES'!C$6:D$105,2,0)=0,$E$3,VLOOKUP(E23,'HOURLY RATES'!C$6:D$105,2,0)) -> 55.06 | N23: =M23*L23 -> 0 | Q23: =P23+N23 -> 0 | S23: =((((N23*(1+$D$7))+(P23*(1+$D$5+$D$6)))*(1+$D$8)))/I23 -> 0 | T23: =S23*I23 -> 0
A24: =IF(J24<>"",1+MAX($A$18:A23),"") -> 4 | D24: DIV-01 | E24: General Requirements | F24: Soils Report (Assumed By Owner) | G24: 1 | H24: =IF(VLOOKUP(J24,'HOURLY RATES'!B$116:C$124,2,0)=0,$J$3,VLOOKUP(J24,'HOURLY RATES'!B$116:C$124,2,0)) -> 0 | I24: =(G24*(1+H24)) -> 1 | J24: LS | L24: =K24*I24 -> 0 | M24: =IF(VLOOKUP(E24,'HOURLY RATES'!C$6:D$105,2,0)=0,$E$3,VLOOKUP(E24,'HOURLY RATES'!C$6:D$105,2,0)) -> 55.06 | N24: =M24*L24 -> 0 | Q24: =P24+N24 -> 0 | S24: =((((N24*(1+$D$7))+(P24*(1+$D$5+$D$6)))*(1+$D$8)))/I24 -> 0 | T24: =S24*I24 -> 0
A25: =IF(J25<>"",1+MAX($A$18:A24),"") -> 5 | D25: DIV-01 | E25: General Requirements | F25: Geological Report (Assumed By Owner) | G25: 1 | H25: =IF(VLOOKUP(J25,'HOURLY RATES'!B$116:C$124,2,0)=0,$J$3,VLOOKUP(J25,'HOURLY RATES'!B$116:C$124,2,0)) -> 0 | I25: =(G25*(1+H25)) -> 1 | J25: LS | L25: =K25*I25 -> 0 | M25: =IF(VLOOKUP(E25,'HOURLY RATES'!C$6:D$105,2,0)=0,$E$3,VLOOKUP(E25,'HOURLY RATES'!C$6:D$105,2,0)) -> 55.06 | N25: =M25*L25 -> 0 | Q25: =P25+N25 -> 0 | S25: =((((N25*(1+$D$7))+(P25*(1+$D$5+$D$6)))*(1+$D$8)))/I25 -> 0 | T25: =S25*I25 -> 0
A26: =IF(J26<>"",1+MAX($A$18:A25),"") -> 6 | D26: DIV-01 | E26: General Requirements | F26: Concrete Testing | G26: 1 | H26: =IF(VLOOKUP(J26,'HOURLY RATES'!B$116:C$124,2,0)=0,$J$3,VLOOKUP(J26,'HOURLY RATES'!B$116:C$124,2,0)) -> 0 | I26: =(G26*(1+H26)) -> 1 | J26: LS | L26: =K26*I26 -> 0 | M26: =IF(VLOOKUP(E26,'HOURLY RATES'!C$6:D$105,2,0)=0,$E$3,VLOOKUP(E26,'HOURLY RATES'!C$6:D$105,2,0)) -> 55.06 | N26: =M26*L26 -> 0 | Q26: =P26+N26 -> 0 | S26: =((((N26*(1+$D$7))+(P26*(1+$D$5+$D$6)))*(1+$D$8)))/I26 -> 0 | T26: =S26*I26 -> 0
A27: =IF(J27<>"",1+MAX($A$18:A26),"") -> 7 | D27: DIV-01 | E27: General Requirements | F27: Permit Fee | G27: 1 | H27: =IF(VLOOKUP(J27,'HOURLY RATES'!B$116:C$124,2,0)=0,$J$3,VLOOKUP(J27,'HOURLY RATES'!B$116:C$124,2,0)) -> 0 | I27: =(G27*(1+H27)) -> 1 | J27: LS | K27: =1%*($U$18)/M27 -> 1384.4977 | L27: =K27*I27 -> 1384.4977 | M27: =IF(VLOOKUP(E27,'HOURLY RATES'!C$6:D$105,2,0)=0,$E$3,VLOOKUP(E27,'HOURLY RATES'!C$6:D$105,2,0)) -> 55.06 | N27: =M27*L27 -> 76230.445 | Q27: =P27+N27 -> 76230.445 | S27: =((((N27*(1+$D$7))+(P27*(1+$D$5+$D$6)))*(1+$D$8)))/I27 -> 96717.377 | T27: =S27*I27 -> 96717.377
A28: =IF(J28<>"",1+MAX($A$18:A27),"") -> 8 | D28: DIV-01 | E28: General Requirements | F28: Permits (Based On Interior Finish Area) | G28: 1 | H28: =IF(VLOOKUP(J28,'HOURLY RATES'!B$116:C$124,2,0)=0,$J$3,VLOOKUP(J28,'HOURLY RATES'!B$116:C$124,2,0)) -> 0 | I28: =(G28*(1+H28)) -> 1 | J28: LS | L28: =K28*I28 -> 0 | M28: =IF(VLOOKUP(E28,'HOURLY RATES'!C$6:D$105,2,0)=0,$E$3,VLOOKUP(E28,'HOURLY RATES'!C$6:D$105,2,0)) -> 55.06 | N28: =M28*L28 -> 0 | Q28: =P28+N28 -> 0 | S28: =((((N28*(1+$D$7))+(P28*(1+$D$5+$D$6)))*(1+$D$8)))/I28 -> 0 | T28: =S28*I28 -> 0
A29: =IF(J29<>"",1+MAX($A$18:A28),"") -> 9 | D29: DIV-01 | E29: General Requirements | F29: Plan Coordination | G29: 1 | H29: =IF(VLOOKUP(J29,'HOURLY RATES'!B$116:C$124,2,0)=0,$J$3,VLOOKUP(J29,'HOURLY RATES'!B$116:C$124,2,0)) -> 0 | I29: =(G29*(1+H29)) -> 1 | J29: LS | L29: =K29*I29 -> 0 | M29: =IF(VLOOKUP(E29,'HOURLY RATES'!C$6:D$105,2,0)=0,$E$3,VLOOKUP(E29,'HOURLY RATES'!C$6:D$105,2,0)) -> 55.06 | N29: =M29*L29 -> 0 | Q29: =P29+N29 -> 0 | S29: =((((N29*(1+$D$7))+(P29*(1+$D$5+$D$6)))*(1+$D$8)))/I29 -> 0 | T29: =S29*I29 -> 0
A30: =IF(J30<>"",1+MAX($A$18:A29),"") -> 10 | D30: DIV-01 | E30: General Requirements | F30: Roof Inspection | G30: 1 | H30: =IF(VLOOKUP(J30,'HOURLY RATES'!B$116:C$124,2,0)=0,$J$3,VLOOKUP(J30,'HOURLY RATES'!B$116:C$124,2,0)) -> 0 | I30: =(G30*(1+H30)) -> 1 | J30: LS | L30: =K30*I30 -> 0 | M30: =IF(VLOOKUP(E30,'HOURLY RATES'!C$6:D$105,2,0)=0,$E$3,VLOOKUP(E30,'HOURLY RATES'!C$6:D$105,2,0)) -> 55.06 | N30: =M30*L30 -> 0 | Q30: =P30+N30 -> 0 | S30: =((((N30*(1+$D$7))+(P30*(1+$D$5+$D$6)))*(1+$D$8)))/I30 -> 0 | T30: =S30*I30 -> 0
A31: =IF(J31<>"",1+MAX($A$18:A30),"") -> 11 | D31: DIV-01 | E31: General Requirements | F31: Blueprints (?? Pages) | G31: 1 | H31: =IF(VLOOKUP(J31,'HOURLY RATES'!B$116:C$124,2,0)=0,$J$3,VLOOKUP(J31,'HOURLY RATES'!B$116:C$124,2,0)) -> 0 | I31: =(G31*(1+H31)) -> 1 | J31: LS | L31: =K31*I31 -> 0 | M31: =IF(VLOOKUP(E31,'HOURLY RATES'!C$6:D$105,2,0)=0,$E$3,VLOOKUP(E31,'HOURLY RATES'!C$6:D$105,2,0)) -> 55.06 | N31: =M31*L31 -> 0 | Q31: =P31+N31 -> 0 | S31: =((((N31*(1+$D$7))+(P31*(1+$D$5+$D$6)))*(1+$D$8)))/I31 -> 0 | T31: =S31*I31 -> 0
A32: =IF(J32<>"",1+MAX($A$18:A31),"")
A33: =IF(J33<>"",1+MAX($A$18:A32),"") | F33: Utilities
A34: =IF(J34<>"",1+MAX($A$18:A33),"") -> 12 | D34: DIV-01 | E34: General Requirements | F34: Utilities During Construction (Based On Interior Finish Area) | G34: 1 | H34: =IF(VLOOKUP(J34,'HOURLY RATES'!B$116:C$124,2,0)=0,$J$3,VLOOKUP(J34,'HOURLY RATES'!B$116:C$124,2,0)) -> 0 | I34: =(G34*(1+H34)) -> 1 | J34: LS | K34: =0.288%*(U18)/M34 -> 398.73535 | L34: =K34*I34 -> 398.73535 | M34: =IF(VLOOKUP(E34,'HOURLY RATES'!C$6:D$105,2,0)=0,$E$3,VLOOKUP(E34,'HOURLY RATES'!C$6:D$105,2,0)) -> 55.06 | N34: =M34*L34 -> 21954.368 | Q34: =P34+N34 -> 21954.368 | S34: =((((N34*(1+$D$7))+(P34*(1+$D$5+$D$6)))*(1+$D$8)))/I34 -> 27854.605 | T34: =S34*I34 -> 27854.605
A35: =IF(J35<>"",1+MAX($A$18:A34),"") -> 13 | D35: DIV-01 | E35: General Requirements | F35: Port-O-Potty (Based On Interior Finish Area) | G35: 1 | H35: =IF(VLOOKUP(J35,'HOURLY RATES'!B$116:C$124,2,0)=0,$J$3,VLOOKUP(J35,'HOURLY RATES'!B$116:C$124,2,0)) -> 0 | I35: =(G35*(1+H35)) -> 1 | J35: LS | K35: =0.257%*(U18)/M35 -> 355.81592 | L35: =K35*I35 -> 355.81592 | M35: =IF(VLOOKUP(E35,'HOURLY RATES'!C$6:D$105,2,0)=0,$E$3,VLOOKUP(E35,'HOURLY RATES'!C$6:D$105,2,0)) -> 55.06 | N35: =M35*L35 -> 19591.224 | Q35: =P35+N35 -> 19591.224 | S35: =((((N35*(1+$D$7))+(P35*(1+$D$5+$D$6)))*(1+$D$8)))/I35 -> 24856.366 | T35: =S35*I35 -> 24856.366
A36: =IF(J36<>"",1+MAX($A$18:A35),"") -> 14 | D36: DIV-01 | E36: General Requirements | F36: Temporary Power (Based On Interior Finish Area) | G36: 1 | H36: =IF(VLOOKUP(J36,'HOURLY RATES'!B$116:C$124,2,0)=0,$J$3,VLOOKUP(J36,'HOURLY RATES'!B$116:C$124,2,0)) -> 0 | I36: =(G36*(1+H36)) -> 1 | J36: LS | K36: =0.65%*(U18)/M36 -> 899.92353 | L36: =K36*I36 -> 899.92353 | M36: =IF(VLOOKUP(E36,'HOURLY RATES'!C$6:D$105,2,0)=0,$E$3,VLOOKUP(E36,'HOURLY RATES'!C$6:D$105,2,0)) -> 55.06 | N36: =M36*L36 -> 49549.789 | Q36: =P36+N36 -> 49549.789 | S36: =((((N36*(1+$D$7))+(P36*(1+$D$5+$D$6)))*(1+$D$8)))/I36 -> 62866.295 | T36: =S36*I36 -> 62866.295
A37: =IF(J37<>"",1+MAX($A$18:A36),"")
A38: =IF(J38<>"",1+MAX($A$18:A37),"") | F38: Equipment And Tools
A39: =IF(J39<>"",1+MAX($A$18:A38),"") -> 15 | D39: DIV-01 | E39: General Requirements | F39: Tool Rentals | G39: 1 | H39: =IF(VLOOKUP(J39,'HOURLY RATES'!B$116:C$124,2,0)=0,$J$3,VLOOKUP(J39,'HOURLY RATES'!B$116:C$124,2,0)) -> 0 | I39: =(G39*(1+H39)) -> 1 | J39: LS | L39: =K39*I39 -> 0 | M39: =IF(VLOOKUP(E39,'HOURLY RATES'!C$6:D$105,2,0)=0,$E$3,VLOOKUP(E39,'HOURLY RATES'!C$6:D$105,2,0)) -> 55.06 | N39: =M39*L39 -> 0 | Q39: =P39+N39 -> 0 | S39: =((((N39*(1+$D$7))+(P39*(1+$D$5+$D$6)))*(1+$D$8)))/I39 -> 0 | T39: =S39*I39 -> 0
A40: =IF(J40<>"",1+MAX($A$18:A39),"") -> 16 | D40: DIV-01 | E40: General Requirements | F40: Tool Shed | G40: 1 | H40: =IF(VLOOKUP(J40,'HOURLY RATES'!B$116:C$124,2,0)=0,$J$3,VLOOKUP(J40,'HOURLY RATES'!B$116:C$124,2,0)) -> 0 | I40: =(G40*(1+H40)) -> 1 | J40: LS | L40: =K40*I40 -> 0 | M40: =IF(VLOOKUP(E40,'HOURLY RATES'!C$6:D$105,2,0)=0,$E$3,VLOOKUP(E40,'HOURLY RATES'!C$6:D$105,2,0)) -> 55.06 | N40: =M40*L40 -> 0 | Q40: =P40+N40 -> 0 | S40: =((((N40*(1+$D$7))+(P40*(1+$D$5+$D$6)))*(1+$D$8)))/I40 -> 0 | T40: =S40*I40 -> 0
A41: =IF(J41<>"",1+MAX($A$18:A40),"") -> 17 | D41: DIV-01 | E41: General Requirements | F41: Dust Control | G41: 1 | H41: =IF(VLOOKUP(J41,'HOURLY RATES'!B$116:C$124,2,0)=0,$J$3,VLOOKUP(J41,'HOURLY RATES'!B$116:C$124,2,0)) -> 0 | I41: =(G41*(1+H41)) -> 1 | J41: LS | L41: =K41*I41 -> 0 | M41: =IF(VLOOKUP(E41,'HOURLY RATES'!C$6:D$105,2,0)=0,$E$3,VLOOKUP(E41,'HOURLY RATES'!C$6:D$105,2,0)) -> 55.06 | N41: =M41*L41 -> 0 | Q41: =P41+N41 -> 0 | S41: =((((N41*(1+$D$7))+(P41*(1+$D$5+$D$6)))*(1+$D$8)))/I41 -> 0 | T41: =S41*I41 -> 0
A42: =IF(J42<>"",1+MAX($A$18:A41),"") -> 18 | D42: DIV-01 | E42: General Requirements | F42: Ice, Water, Beverages | G42: 1 | H42: =IF(VLOOKUP(J42,'HOURLY RATES'!B$116:C$124,2,0)=0,$J$3,VLOOKUP(J42,'HOURLY RATES'!B$116:C$124,2,0)) -> 0 | I42: =(G42*(1+H42)) -> 1 | J42: LS | L42: =K42*I42 -> 0 | M42: =IF(VLOOKUP(E42,'HOURLY RATES'!C$6:D$105,2,0)=0,$E$3,VLOOKUP(E42,'HOURLY RATES'!C$6:D$105,2,0)) -> 55.06 | N42: =M42*L42 -> 0 | Q42: =P42+N42 -> 0 | S42: =((((N42*(1+$D$7))+(P42*(1+$D$5+$D$6)))*(1+$D$8)))/I42 -> 0 | T42: =S42*I42 -> 0
A43: =IF(J43<>"",1+MAX($A$18:A42),"") -> 19 | D43: DIV-01 | E43: General Requirements | F43: Garbage Dumpster / Trash Containers | G43: 1 | H43: =IF(VLOOKUP(J43,'HOURLY RATES'!B$116:C$124,2,0)=0,$J$3,VLOOKUP(J43,'HOURLY RATES'!B$116:C$124,2,0)) -> 0 | I43: =(G43*(1+H43)) -> 1 | J43: LS | L43: =K43*I43 -> 0 | M43: =IF(VLOOKUP(E43,'HOURLY RATES'!C$6:D$105,2,0)=0,$E$3,VLOOKUP(E43,'HOURLY RATES'!C$6:D$105,2,0)) -> 55.06 | N43: =M43*L43 -> 0 | Q43: =P43+N43 -> 0 | S43: =((((N43*(1+$D$7))+(P43*(1+$D$5+$D$6)))*(1+$D$8)))/I43 -> 0 | T43: =S43*I43 -> 0
A44: =IF(J44<>"",1+MAX($A$18:A43),"") -> 20 | D44: DIV-01 | E44: General Requirements | F44: Mobilization/Demobilization (Temporary Control & Facilities) | G44: 1 | H44: =IF(VLOOKUP(J44,'HOURLY RATES'!B$116:C$124,2,0)=0,$J$3,VLOOKUP(J44,'HOURLY RATES'!B$116:C$124,2,0)) -> 0 | I44: =(G44*(1+H44)) -> 1 | J44: LS | K44: =4.5%*($U$18)/M44 -> 6230.2398 | L44: =K44*I44 -> 6230.2398 | M44: =IF(VLOOKUP(E44,'HOURLY RATES'!C$6:D$105,2,0)=0,$E$3,VLOOKUP(E44,'HOURLY RATES'!C$6:D$105,2,0)) -> 55.06 | N44: =M44*L44 -> 343037 | Q44: =P44+N44 -> 343037 | S44: =((((N44*(1+$D$7))+(P44*(1+$D$5+$D$6)))*(1+$D$8)))/I44 -> 435228.2 | T44: =S44*I44 -> 435228.2
A45: =IF(J45<>"",1+MAX($A$18:A44),"")
A46: =IF(J46<>"",1+MAX($A$18:A45),"") | F46: Signage And Promotion
A47: =IF(J47<>"",1+MAX($A$18:A46),"") -> 21 | D47: DIV-01 | E47: General Requirements | F47: Job Signs | G47: 1 | H47: =IF(VLOOKUP(J47,'HOURLY RATES'!B$116:C$124,2,0)=0,$J$3,VLOOKUP(J47,'HOURLY RATES'!B$116:C$124,2,0)) -> 0 | I47: =(G47*(1+H47)) -> 1 | J47: LS | L47: =K47*I47 -> 0 | M47: =IF(VLOOKUP(E47,'HOURLY RATES'!C$6:D$105,2,0)=0,$E$3,VLOOKUP(E47,'HOURLY RATES'!C$6:D$105,2,0)) -> 55.06 | N47: =M47*L47 -> 0 | Q47: =P47+N47 -> 0 | S47: =((((N47*(1+$D$7))+(P47*(1+$D$5+$D$6)))*(1+$D$8)))/I47 -> 0 | T47: =S47*I47 -> 0
A48: =IF(J48<>"",1+MAX($A$18:A47),"") -> 22 | D48: DIV-01 | E48: General Requirements | F48: Job Photos | G48: 1 | H48: =IF(VLOOKUP(J48,'HOURLY RATES'!B$116:C$124,2,0)=0,$J$3,VLOOKUP(J48,'HOURLY RATES'!B$116:C$124,2,0)) -> 0 | I48: =(G48*(1+H48)) -> 1 | J48: LS | L48: =K48*I48 -> 0 | M48: =IF(VLOOKUP(E48,'HOURLY RATES'!C$6:D$105,2,0)=0,$E$3,VLOOKUP(E48,'HOURLY RATES'!C$6:D$105,2,0)) -> 55.06 | N48: =M48*L48 -> 0 | Q48: =P48+N48 -> 0 | S48: =((((N48*(1+$D$7))+(P48*(1+$D$5+$D$6)))*(1+$D$8)))/I48 -> 0 | T48: =S48*I48 -> 0
A49: =IF(J49<>"",1+MAX($A$18:A48),"") -> 23 | D49: DIV-01 | E49: General Requirements | F49: Signage | G49: 1 | H49: =IF(VLOOKUP(J49,'HOURLY RATES'!B$116:C$124,2,0)=0,$J$3,VLOOKUP(J49,'HOURLY RATES'!B$116:C$124,2,0)) -> 0 | I49: =(G49*(1+H49)) -> 1 | J49: LS | L49: =K49*I49 -> 0 | M49: =IF(VLOOKUP(E49,'HOURLY RATES'!C$6:D$105,2,0)=0,$E$3,VLOOKUP(E49,'HOURLY RATES'!C$6:D$105,2,0)) -> 55.06 | N49: =M49*L49 -> 0 | Q49: =P49+N49 -> 0 | S49: =((((N49*(1+$D$7))+(P49*(1+$D$5+$D$6)))*(1+$D$8)))/I49 -> 0 | T49: =S49*I49 -> 0
A50: =IF(J50<>"",1+MAX($A$18:A49),"") -> 24 | D50: DIV-01 | E50: General Requirements | F50: Promotion/Entertainment | G50: 1 | H50: =IF(VLOOKUP(J50,'HOURLY RATES'!B$116:C$124,2,0)=0,$J$3,VLOOKUP(J50,'HOURLY RATES'!B$116:C$124,2,0)) -> 0 | I50: =(G50*(1+H50)) -> 1 | J50: LS | L50: =K50*I50 -> 0 | M50: =IF(VLOOKUP(E50,'HOURLY RATES'!C$6:D$105,2,0)=0,$E$3,VLOOKUP(E50,'HOURLY RATES'!C$6:D$105,2,0)) -> 55.06 | N50: =M50*L50 -> 0 | Q50: =P50+N50 -> 0 | S50: =((((N50*(1+$D$7))+(P50*(1+$D$5+$D$6)))*(1+$D$8)))/I50 -> 0 | T50: =S50*I50 -> 0
A51: =IF(J51<>"",1+MAX($A$18:A50),"") -> 25 | D51: DIV-01 | E51: General Requirements | F51: Misc. | G51: 1 | H51: =IF(VLOOKUP(J51,'HOURLY RATES'!B$116:C$124,2,0)=0,$J$3,VLOOKUP(J51,'HOURLY RATES'!B$116:C$124,2,0)) -> 0 | I51: =(G51*(1+H51)) -> 1 | J51: LS | L51: =K51*I51 -> 0 | M51: =IF(VLOOKUP(E51,'HOURLY RATES'!C$6:D$105,2,0)=0,$E$3,VLOOKUP(E51,'HOURLY RATES'!C$6:D$105,2,0)) -> 55.06 | N51: =M51*L51 -> 0 | Q51: =P51+N51 -> 0 | S51: =((((N51*(1+$D$7))+(P51*(1+$D$5+$D$6)))*(1+$D$8)))/I51 -> 0 | T51: =S51*I51 -> 0
A52: =IF(J52<>"",1+MAX($A$18:A51),"")
A53: =IF(J53<>"",1+MAX($A$18:A52),"") | F53: Cleaning And Final
A54: =IF(J54<>"",1+MAX($A$18:A53),"") -> 26 | D54: DIV-01 | E54: General Requirements | F54: Trash | G54: 1 | H54: =IF(VLOOKUP(J54,'HOURLY RATES'!B$116:C$124,2,0)=0,$J$3,VLOOKUP(J54,'HOURLY RATES'!B$116:C$124,2,0)) -> 0 | I54: =(G54*(1+H54)) -> 1 | J54: LS | L54: =K54*I54 -> 0 | M54: =IF(VLOOKUP(E54,'HOURLY RATES'!C$6:D$105,2,0)=0,$E$3,VLOOKUP(E54,'HOURLY RATES'!C$6:D$105,2,0)) -> 55.06 | N54: =M54*L54 -> 0 | Q54: =P54+N54 -> 0 | S54: =((((N54*(1+$D$7))+(P54*(1+$D$5+$D$6)))*(1+$D$8)))/I54 -> 0 | T54: =S54*I54 -> 0
A55: =IF(J55<>"",1+MAX($A$18:A54),"") -> 27 | D55: DIV-01 | E55: General Requirements | F55: Final Cleaning | G55: 1 | H55: =IF(VLOOKUP(J55,'HOURLY RATES'!B$116:C$124,2,0)=0,$J$3,VLOOKUP(J55,'HOURLY RATES'!B$116:C$124,2,0)) -> 0 | I55: =(G55*(1+H55)) -> 1 | J55: LS | K55: =0.65%*(U18)/M55 -> 899.92353 | L55: =K55*I55 -> 899.92353 | M55: =IF(VLOOKUP(E55,'HOURLY RATES'!C$6:D$105,2,0)=0,$E$3,VLOOKUP(E55,'HOURLY RATES'!C$6:D$105,2,0)) -> 55.06 | N55: =M55*L55 -> 49549.789 | Q55: =P55+N55 -> 49549.789 | S55: =((((N55*(1+$D$7))+(P55*(1+$D$5+$D$6)))*(1+$D$8)))/I55 -> 62866.295 | T55: =S55*I55 -> 62866.295
A56: =IF(J56<>"",1+MAX($A$18:A55),"") -> 28 | D56: DIV-01 | E56: General Requirements | F56: Window Washing (Rough # Of Windows ) | G56: 1 | H56: =IF(VLOOKUP(J56,'HOURLY RATES'!B$116:C$124,2,0)=0,$J$3,VLOOKUP(J56,'HOURLY RATES'!B$116:C$124,2,0)) -> 0 | I56: =(G56*(1+H56)) -> 1 | J56: LS | L56: =K56*I56 -> 0 | M56: =IF(VLOOKUP(E56,'HOURLY RATES'!C$6:D$105,2,0)=0,$E$3,VLOOKUP(E56,'HOURLY RATES'!C$6:D$105,2,0)) -> 55.06 | N56: =M56*L56 -> 0 | Q56: =P56+N56 -> 0 | S56: =((((N56*(1+$D$7))+(P56*(1+$D$5+$D$6)))*(1+$D$8)))/I56 -> 0 | T56: =S56*I56 -> 0
A57: =IF(J57<>"",1+MAX($A$18:A56),"") -> 29 | D57: DIV-01 | E57: General Requirements | F57: Punch List Items | G57: 1 | H57: =IF(VLOOKUP(J57,'HOURLY RATES'!B$116:C$124,2,0)=0,$J$3,VLOOKUP(J57,'HOURLY RATES'!B$116:C$124,2,0)) -> 0 | I57: =(G57*(1+H57)) -> 1 | J57: LS | L57: =K57*I57 -> 0 | M57: =IF(VLOOKUP(E57,'HOURLY RATES'!C$6:D$105,2,0)=0,$E$3,VLOOKUP(E57,'HOURLY RATES'!C$6:D$105,2,0)) -> 55.06 | N57: =M57*L57 -> 0 | Q57: =P57+N57 -> 0 | S57: =((((N57*(1+$D$7))+(P57*(1+$D$5+$D$6)))*(1+$D$8)))/I57 -> 0 | T57: =S57*I57 -> 0
A58: =IF(J58<>"",1+MAX($A$18:A57),"")
A59: =IF(J59<>"",1+MAX($A$18:A58),"") | F59: Bonds, Insurance, Legal
A60: =IF(J60<>"",1+MAX($A$18:A59),"") -> 30 | D60: DIV-01 | E60: General Requirements | F60: Casualty Insurance | G60: 1 | H60: =IF(VLOOKUP(J60,'HOURLY RATES'!B$116:C$124,2,0)=0,$J$3,VLOOKUP(J60,'HOURLY RATES'!B$116:C$124,2,0)) -> 0 | I60: =(G60*(1+H60)) -> 1 | J60: LS | L60: =K60*I60 -> 0 | M60: =IF(VLOOKUP(E60,'HOURLY RATES'!C$6:D$105,2,0)=0,$E$3,VLOOKUP(E60,'HOURLY RATES'!C$6:D$105,2,0)) -> 55.06 | N60: =M60*L60 -> 0 | Q60: =P60+N60 -> 0 | S60: =((((N60*(1+$D$7))+(P60*(1+$D$5+$D$6)))*(1+$D$8)))/I60 -> 0 | T60: =S60*I60 -> 0
A61: =IF(J61<>"",1+MAX($A$18:A60),"") -> 31 | D61: DIV-01 | E61: General Requirements | F61: Medical Insurance | G61: 1 | H61: =IF(VLOOKUP(J61,'HOURLY RATES'!B$116:C$124,2,0)=0,$J$3,VLOOKUP(J61,'HOURLY RATES'!B$116:C$124,2,0)) -> 0 | I61: =(G61*(1+H61)) -> 1 | J61: LS | L61: =K61*I61 -> 0 | M61: =IF(VLOOKUP(E61,'HOURLY RATES'!C$6:D$105,2,0)=0,$E$3,VLOOKUP(E61,'HOURLY RATES'!C$6:D$105,2,0)) -> 55.06 | N61: =M61*L61 -> 0 | Q61: =P61+N61 -> 0 | S61: =((((N61*(1+$D$7))+(P61*(1+$D$5+$D$6)))*(1+$D$8)))/I61 -> 0 | T61: =S61*I61 -> 0
A62: =IF(J62<>"",1+MAX($A$18:A61),"") -> 32 | D62: DIV-01 | E62: General Requirements | F62: General Liability Insurance | G62: 1 | H62: =IF(VLOOKUP(J62,'HOURLY RATES'!B$116:C$124,2,0)=0,$J$3,VLOOKUP(J62,'HOURLY RATES'!B$116:C$124,2,0)) -> 0 | I62: =(G62*(1+H62)) -> 1 | J62: LS | L62: =K62*I62 -> 0 | M62: =IF(VLOOKUP(E62,'HOURLY RATES'!C$6:D$105,2,0)=0,$E$3,VLOOKUP(E62,'HOURLY RATES'!C$6:D$105,2,0)) -> 55.06 | N62: =M62*L62 -> 0 | Q62: =P62+N62 -> 0 | S62: =((((N62*(1+$D$7))+(P62*(1+$D$5+$D$6)))*(1+$D$8)))/I62 -> 0 | T62: =S62*I62 -> 0
A63: =IF(J63<>"",1+MAX($A$18:A62),"")
A64: =IF(J64<>"",1+MAX($A$18:A63),"") | F64: Project Management & Supervision
A65: =IF(J65<>"",1+MAX($A$18:A64),"") -> 33 | D65: DIV-01 | E65: General Requirements | F65: Project Management & Supervision | G65: 1 | H65: =IF(VLOOKUP(J65,'HOURLY RATES'!B$116:C$124,2,0)=0,$J$3,VLOOKUP(J65,'HOURLY RATES'!B$116:C$124,2,0)) -> 0 | I65: =(G65*(1+H65)) -> 1 | J65: LS | K65: =9%*($U$18)/M65 -> 12460.48 | L65: =K65*I65 -> 12460.48 | M65: =IF(VLOOKUP(E65,'HOURLY RATES'!C$6:D$105,2,0)=0,$E$3,VLOOKUP(E65,'HOURLY RATES'!C$6:D$105,2,0)) -> 55.06 | N65: =M65*L65 -> 686074.01 | Q65: =P65+N65 -> 686074.01 | S65: =((((N65*(1+$D$7))+(P65*(1+$D$5+$D$6)))*(1+$D$8)))/I65 -> 870456.39 | T65: =S65*I65 -> 870456.39
A66: =IF(J66<>"",1+MAX($A$18:A65),"")
A67: =IF(J67<>"",1+MAX($A$18:A66),"") | F67: New Construction And Demolition | R67: =SUM(Q68:Q79) -> 7623044.5
A68: =IF(J68<>"",1+MAX($A$18:A67),"")
A69: =IF(J69<>"",1+MAX($A$18:A68),"") | F69: Demolition
A70: =IF(J70<>"",1+MAX($A$18:A69),"") | F70: Mixed‑Use Development (3‑Story, 51,000 Sf Total)
A71: =IF(J71<>"",1+MAX($A$18:A70),"") -> 34 | B71: Master Plan | E71: Demo - Building | F71: Structural Demolition/Preparation (If Any): Preparation Of Site And Structural Elements For New Construction. | G71: 1 | H71: =IF(VLOOKUP(J71,'HOURLY RATES'!B$116:C$124,2,0)=0,$J$3,VLOOKUP(J71,'HOURLY RATES'!B$116:C$124,2,0)) -> 0 | I71: =(G71*(1+H71)) -> 1 | J71: LS | K71: 41856 | L71: =K71*I71 -> 41856 | M71: =IF(VLOOKUP(E71,'HOURLY RATES'!C$6:D$105,2,0)=0,$E$3,VLOOKUP(E71,'HOURLY RATES'!C$6:D$105,2,0)) -> 37.29 | N71: =M71*L71 -> 1560810.2 | P71: =O71*I71 -> 0 | Q71: =P71+N71 -> 1560810.2 | S71: =((((N71*(1+$D$7))+(P71*(1+$D$5+$D$6)))*(1+$D$8)))/I71 -> 1980278 | T71: =S71*I71 -> 1980278
A72: =IF(J72<>"",1+MAX($A$18:A71),"")
A73: =IF(J73<>"",1+MAX($A$18:A72),"") | F73: New Construction
A74: =IF(J74<>"",1+MAX($A$18:A73),"") | F74: Mixed‑Use Development (3‑Story, 51,000 Sf Total)
A75: =IF(J75<>"",1+MAX($A$18:A74),"") -> 35 | B75: Master Plan | E75: Concrete - Building | F75: Concrete & Masonry (51000 Sf) Reinforced Concrete Masonry Structure For Walls, Floors, And Structural Supports. | G75: 1 | H75: =IF(VLOOKUP(J75,'HOURLY RATES'!B$116:C$124,2,0)=0,$J$3,VLOOKUP(J75,'HOURLY RATES'!B$116:C$124,2,0)) -> 0 | I75: =(G75*(1+H75)) -> 1 | J75: LS | K75: 4604.16 | L75: =K75*I75 -> 4604.16 | M75: =IF(VLOOKUP(E75,'HOURLY RATES'!C$6:D$105,2,0)=0,$E$3,VLOOKUP(E75,'HOURLY RATES'!C$6:D$105,2,0)) -> 44.52 | N75: =M75*L75 -> 204977.2 | O75: 1648080 | P75: =O75*I75 -> 1648080 | Q75: =P75+N75 -> 1853057.2 | S75: =((((N75*(1+$D$7))+(P75*(1+$D$5+$D$6)))*(1+$D$8)))/I75 -> 2587700.8 | T75: =S75*I75 -> 2587700.8
A76: =IF(J76<>"",1+MAX($A$18:A75),"") -> 36 | B76: Master Plan | E76: Mechanical | F76: Hvac Systems (51000 Sf) Installation Of 70-Ton Hvac For Retail And Residential Units, Including Ductwork And Controls. | G76: 1 | H76: =IF(VLOOKUP(J76,'HOURLY RATES'!B$116:C$124,2,0)=0,$J$3,VLOOKUP(J76,'HOURLY RATES'!B$116:C$124,2,0)) -> 0 | I76: =(G76*(1+H76)) -> 1 | J76: LS | K76: 4143.744 | L76: =K76*I76 -> 4143.744 | M76: =IF(VLOOKUP(E76,'HOURLY RATES'!C$6:D$105,2,0)=0,$E$3,VLOOKUP(E76,'HOURLY RATES'!C$6:D$105,2,0)) -> 56.24 | N76: =M76*L76 -> 233044.16 | O76: 1318464 | P76: =O76*I76 -> 1318464 | Q76: =P76+N76 -> 1551508.2 | S76: =((((N76*(1+$D$7))+(P76*(1+$D$5+$D$6)))*(1+$D$8)))/I76 -> 2157783.5 | T76: =S76*I76 -> 2157783.5
A77: =IF(J77<>"",1+MAX($A$18:A76),"") -> 37 | B77: Master Plan | E77: Fire Suppression | F77: Fire Protection System (51000 Sf) Installation Of New Sprinkler System Piping, Risers, And Heads For Entire Building. | G77: 1 | H77: =IF(VLOOKUP(J77,'HOURLY RATES'!B$116:C$124,2,0)=0,$J$3,VLOOKUP(J77,'HOURLY RATES'!B$116:C$124,2,0)) -> 0 | I77: =(G77*(1+H77)) -> 1 | J77: LS | K77: 1381.248 | L77: =K77*I77 -> 1381.248 | M77: =IF(VLOOKUP(E77,'HOURLY RATES'!C$6:D$105,2,0)=0,$E$3,VLOOKUP(E77,'HOURLY RATES'!C$6:D$105,2,0)) -> 64.23 | N77: =M77*L77 -> 88717.559 | O77: 871128 | P77: =O77*I77 -> 871128 | Q77: =P77+N77 -> 959845.56 | S77: =((((N77*(1+$D$7))+(P77*(1+$D$5+$D$6)))*(1+$D$8)))/I77 -> 1342882.3 | T77: =S77*I77 -> 1342882.3
A78: =IF(J78<>"",1+MAX($A$18:A77),"") -> 38 | B78: Master Plan | E78: Exterior improvements | F78: Exterior Envelope & Façade Finishes (51000 Sf) Exterior Wall Finishes, Cladding, Paint, And Architectural Façade Treatments. | G78: 1 | H78: =IF(VLOOKUP(J78,'HOURLY RATES'!B$116:C$124,2,0)=0,$J$3,VLOOKUP(J78,'HOURLY RATES'!B$116:C$124,2,0)) -> 0 | I78: =(G78*(1+H78)) -> 1 | J78: LS | K78: 920.832 | L78: =K78*I78 -> 920.832 | M78: =IF(VLOOKUP(E78,'HOURLY RATES'!C$6:D$105,2,0)=0,$E$3,VLOOKUP(E78,'HOURLY RATES'!C$6:D$105,2,0)) -> 44.52 | N78: =M78*L78 -> 40995.441 | O78: 734572.8 | P78: =O78*I78 -> 734572.8 | Q78: =P78+N78 -> 775568.24 | S78: =((((N78*(1+$D$7))+(P78*(1+$D$5+$D$6)))*(1+$D$8)))/I78 -> 1089473.6 | T78: =S78*I78 -> 1089473.6
A79: =IF(J79<>"",1+MAX($A$18:A78),"") -> 39 | B79: Master Plan | E79: Interior Painter | F79: Interior Finishes (51000 Sf) Flooring, Ceilings, Wall Finishes, And Interior Partitions For Residential And Retail Areas. | G79: 1 | H79: =IF(VLOOKUP(J79,'HOURLY RATES'!B$116:C$124,2,0)=0,$J$3,VLOOKUP(J79,'HOURLY RATES'!B$116:C$124,2,0)) -> 0 | I79: =(G79*(1+H79)) -> 1 | J79: LS | K79: 4604.16 | L79: =K79*I79 -> 4604.16 | M79: =IF(VLOOKUP(E79,'HOURLY RATES'!C$6:D$105,2,0)=0,$E$3,VLOOKUP(E79,'HOURLY RATES'!C$6:D$105,2,0)) -> 46.9 | N79: =M79*L79 -> 215935.1 | O79: 706320 | P79: =O79*I79 -> 706320 | Q79: =P79+N79 -> 922255.1 | S79: =((((N79*(1+$D$7))+(P79*(1+$D$5+$D$6)))*(1+$D$8)))/I79 -> 1271525.9 | T79: =S79*I79 -> 1271525.9
A80: =IF(J80<>"",1+MAX($A$18:A79),"")
A81: SUB TOTAL | K81: Total Lab. Hours = | L81: =SUM(L18:L80) -> 80139.759 | M81: Total Lab. Cost = | N81: =SUM(N18:N80) -> 3590466.3 | O81: Total Mat. Cost = | P81: =SUM(P18:P80) -> 5278564.8 | Q81: =SUM(Q18:Q80) -> 8869031.1 | R81: =SUM(R18:R80) -> 8869031.1 | T81: =SUM(T18:T80) -> 12010490
A82: MATERIAL TAX | M82: =D5 -> 0.09146 | P82: =P81*M82 -> 482777.54 | Q82: =P82+N82 -> 482777.54 | R82: =Q82 -> 482777.54
A83: OVERHEAD & PROFIT / INFLATION (Material) | M83: =D6 -> 0.3 | P83: =P81*M83 -> 1583569.4 | Q83: =P83+N83 -> 1583569.4 | R83: =Q83 -> 1583569.4
A84: OVERHEAD & PROFIT (Labor) | M84: =D7 -> 0.25 | N84: =N81*M84 -> 897616.58 | Q84: =P84+N84 -> 897616.58 | R84: =Q84 -> 897616.58
A85: BOND FEE | M85: =D8 -> 0.015 | N85: =(N81+N82+N83+N84)*M85 -> 67321.244 | P85: =(P81+P82+P83+P84)*M85 -> 110173.68 | Q85: =P85+N85 -> 177494.92 | R85: =Q85 -> 177494.92
A86: TOTAL BASE BID | N86: =SUM(N81:N85) -> 4555404.2 | P86: =SUM(P81:P85) -> 7455085.5 | Q86: =SUM(Q81:Q85) -> 12010490 | R86: =SUM(R81:R85) -> 12010490 | T86: =T81 -> 12010490

Sheet Multi-Family Apartment
A1: ITEM # | B1: REF. SHEET | C1: DETAIL | D1: CSI SECT | E1: Sub Contractor | F1: DESCRIPTION | G1: QTY. | H1: WASTAGE | I1: QTY WITH WASTAGE | J1: UNIT | K1: UNIT LABOR HOURS | L1: TOTAL LABOR HOURS | M1: PER HOUR LABOR RATE | N1: TOTAL LABOR COST | O1: UNIT MATERIAL COST | P1: TOTAL MATERIAL COST | Q1: ITEM COST | R1: TRADE COST | S1: UNIT ITEM COST WITH MARKUPS | T1: TOTAL ITEM COST WITH MARKUPS
A2: Estimate of Materials Quantities and Cost of Construction
B3: CLICK HERE TO GO BACK TO COST SUMMARY
D4: Sub-Total | E4: =Q79 -> 10518571 | J4: Date: | K4: 45985
